Workbook
Name ajuste: #REF!
Name ajuste: #REF!
Name ajustemora: #REF!
Name ajustemora: #REF!
Name AMT.SENIOR: OFFSET([2]Fluxo!$U$5,0,0,[2]Fluxo!$E$21)
Name AMT.SENIOR.CONS: OFFSET([2]Consolidado!$D$4,0,0,COUNTIF([2]Consolidado!$D:$D,">0"))
Name AMT.SUB: OFFSET([3]Fluxo!#REF!,0,0,[3]Fluxo!#REF!)
Name AMT.SUB.CONS: OFFSET([4]Consolidado!$H$4,0,0,COUNTIF([4]Consolidado!$H:$H,">0"))
Name ANO: OFFSET([2]Fluxo!$H$5,0,0,[2]Fluxo!$E$7)
Name ANO.CONS: OFFSET([2]Consolidado!$B$4,0,0,COUNTIF([2]Consolidado!$E:$E,">0"))
Name bbb: OFFSET([3]Fluxo!#REF!,0,0,[3]Fluxo!#REF!)
Name cahng: OFFSET([5]Fluxo!#REF!,0,0,[5]Fluxo!#REF!)
Name cccc: OFFSET([3]Fluxo!#REF!,0,0,[3]Fluxo!#REF!)
Name cccccc: OFFSET([3]Fluxo!#REF!,0,0,[3]Fluxo!#REF!)
Name CUSTO: OFFSET([2]Fluxo!$N$5,0,0,[2]Fluxo!$E$21-1)
Name CUSTO.CONS: OFFSET([2]Consolidado!$J$4,0,0,COUNTIF([2]Consolidado!$J:$J,">0"))
Name danalise: [6]PAINEL!$B$4
Name DATA: OFFSET([2]Fluxo!$I$5,0,0,[2]Fluxo!$E$7)
Name database: Template!$C$5
Name database: #REF!
Name datarecompra: #REF!
Name datarecompra: #REF!
Name datarecompraabril: #REF!
Name datarecompraabril: #REF!
Name dbase: [7]PAINEL!$B$5
Name e: OFFSET([5]Fluxo!#REF!,0,0,[5]Fluxo!#REF!)
Name f: OFFSET([3]Fluxo!#REF!,0,0,[3]Fluxo!#REF!)
Name Feriados: [2]Feriados!$A$2:$A$937
Name JUROS.SENIOR: OFFSET([2]Fluxo!$T$5,0,0,[2]Fluxo!$E$21)
Name JUROS.SENIOR.CONS: OFFSET([2]Consolidado!$C$4,0,0,COUNTIF([2]Consolidado!$C:$C,">0"))
Name JUROS.SUB: OFFSET([3]Fluxo!#REF!,0,0,[3]Fluxo!#REF!)
Name JUROS.SUB.CONS: OFFSET([4]Consolidado!$G$4,0,0,COUNTIF([4]Consolidado!$G:$G,">0"))
Name PERIODO: OFFSET([2]Fluxo!$G$5,0,0,[2]Fluxo!$E$7)
Name PMT.CARTEIRA: OFFSET([2]Fluxo!$K$5,0,0,[2]Fluxo!$E$7)
Name PMT.LIQUIDA: OFFSET([2]Fluxo!$P$5,0,0,[2]Fluxo!$E$7+1)
Name PMT.SENIOR: OFFSET([2]Fluxo!$V$5,0,0,[2]Fluxo!$E$21)
Name PMT.SENIOR.CONS: OFFSET([2]Consolidado!$E$4,0,0,COUNTIF([2]Consolidado!$E:$E,">0"))
Name PMT.SUB: OFFSET([3]Fluxo!#REF!,0,0,[3]Fluxo!#REF!)
Name PMT.SUB.CONS: OFFSET([4]Consolidado!$I$4,0,0,COUNTIF([4]Consolidado!$I:$I,">0"))
Name SD.RECEBIVEIS: OFFSET([2]Fluxo!$J$4,0,0,[2]Fluxo!$E$7+1)
Name SD.RESERVA: OFFSET([2]Fluxo!$O$5,0,0,[2]Fluxo!$E$21-1)
Name SD.SENIOR: OFFSET([2]Fluxo!$S$4,0,0,[2]Fluxo!$E$21)
Name SD.SUB: OFFSET([3]Fluxo!#REF!,0,0,[3]Fluxo!#REF!)
Name xvf: OFFSET(#REF!,0,0,#REF!-1)
Name zxcc: OFFSET(#REF!,0,0,#REF!)
Name zxcxz: OFFSET(#REF!,0,0,COUNTIF(#REF!,">0"))
Name zxcxzc: OFFSET(#REF!,0,0,#REF!+1)

Sheet Template
B2: COMPANHIA PROVÍNCIA DE SECURITIZAÇÃO
B3: Performance Mensal |CRI_94E01S_SWISS PARK
B5: Mês ano referencia | C5: 45777
B6: ID da Carteira | C6: CRI_94E01S_SWISS PARK
B7: Número de contratos ativos | C7: 95
B8: Total Empreendimento | C8: 502
B9: Esperado a receber no Mês de Juros | C9: 139427.24
B10: Esperado de receber no Mês de Amortização | C10: 396214.64
B11: Esperado a receber no Mês de Seguros | C11: 0
B12: Esperado a Receber no Mês Tx Administração | C12: 0
B13: Recebido no Mês de parcelas do Mês - Juros | C13: 127268.83
B14: Recebido no Mês de parcelas do Mês - Amortização | C14: 559526.48
B15: Recebido no Mês de parcelas do Mês - Seguros | C15: 0
B16: Recebido no Mês de parcelas do Mês - Tx Adm | C16: 0
B17: Recebido no Mês de Antecipação - Juros | C17: 14424.82
B18: Recebido no Mês de Antecipação - Amortização | C18: 77926.88
... B24: Recebido no mês de Inadimplência - Tx Adm | C24: 0
B25: Rebebido no mês de Inadimplência - Tx de Cobrança
B26: Recebido no Mês de Juros e Mora | C26: 873.1
B27: Saldo devedor da carteira Adimplente pré evento do mês | C27: 22934366
B28: Saldo devedor da carteira Inadimplente pré evento do mês | C28: 20651.95
B29: Saldo devedor da carteira Adimplente pós evento do mês | C29: 23904483
B30: Saldo devedor da carteira Inadimplente pós evento do mês | C30: 25783.32
B31: Saldo Inadimplência Mês | C31: 25783.32
B32: Saldo Inadimplência Geral | C32: 25783.32
B33: Vencidos E Não Pagos Até 30 Dias | C33: 25783.32
B34: Vencidos E Não Pagos De 31 A 60 Dias | C34: 0
B35: Vencidos E Não Pagos De 61 A 90 Dias | C35: 0
B36: Vencidos E Não Pagos De 91 A 120 Dias | C36: 0
B37: Vencidos E Não Pagos De 121 A 150 Dias | C37: 0
... B53: Créditos Vinculados Acima De 180 Dias | C53: 20851427
B54: Valor das garantias incorporadas ao PL do CRI
B55: Valor total de pré-pagamento no mês(Amort.+ juros)
B56: Saldo devedor Total | C56: 23930267
B57: Devedor (>= 20%) Nome 1
B58: Devedor (>= 20%) CPF/CNPJ 1
B59: Devedor (>= 20%) Saldo 1
B60: Devedor (>= 20%) Nome 2
B61: Devedor (>= 20%) CPF/CNPJ 2
B62: Devedor (>= 20%) Saldo 2
B63: Devedor (>= 20%) Nome 3
B64: Devedor (>= 20%) CPF/CNPJ 3
B65: Devedor (>= 20%) Saldo 3
B66: Devedor (>= 20%) Nome 4
B67: Devedor (>= 20%) CPF/CNPJ 4
B68: Devedor (>= 20%) Saldo 4
... B71: Devedor (>= 20%) Saldo 5
B72: LTV | C72: 0.6877
B73: Duration Carteira (Anos) | C73: =C74/12 -> 14.25
B74: Duration Carteira (Meses) | C74: 171
B75: Taxa Média da Carteira | C75: 0.0591
A77: Saldo Devedor maiores devedores
A78: Cod | B78: Contrato | C78: Nome | D78: Total à Pagar Com/ Encargos | E78: Fluxo Futuro - (Parcelas Vincendas)
A79: 135922 | B79: 6494 | C79: Filipe Junio De Oliveira | D79: 365935.67 | E79: 365935.67
A80: 135688 | B80: 6451 | C80: Thiago Da Costa Moreira | D80: 360759.48 | E80: 360759.48
A81: 135667 | B81: 6402 | C81: Michael Molina | D81: 349726.42 | E81: 349726.42
A82: 136054 | B82: 5412 | C82: João Miguel Ridal Frutuoso | D82: 343733.5 | E82: 341349.56
A83: 136055 | B83: 5413 | C83: João Miguel Ridal Frutuoso | D83: 337724.95 | E83: 335382.67
A84: 135924 | B84: 6498 | C84: Camila Moreira De Queiroz Alencar | D84: 335412.07 | E84: 335412.07
A85: 135654 | B85: 6379 | C85: Jorge Miguel Gonzales Dutra | D85: 335341.21 | E85: 335341.21
A86: 135652 | B86: 6414 | C86: Joao Vitor Florian | D86: 332988.89 | E86: 332988.89
A87: 135923 | B87: 6497 | C87: Moises Elias De Souza Alves | D87: 332426.53 | E87: 332426.53
A88: 136100 | B88: 5420 | C88: Vagner Ricardo de Souza Godoi | D88: 331477.97 | E88: 331477.97
C89: Saldo Devedor | D89: 0 | E89: =SUM(E79:E88) -> 3420800.5
B91: Saldo Devedor dos creditos em atraso
B92: Vencidos E Não Pagos Até 30 Dias | C92: 1699174
B93: Vencidos E Não Pagos De 31 A 60 Dias | C93: 0
B94: Vencidos E Não Pagos De 61 A 90 Dias | C94: 0
B95: Vencidos E Não Pagos De 91 A 120 Dias | C95: 0
B96: Vencidos E Não Pagos De 121 A 150 Dias | C96: 0
B97: Vencidos E Não Pagos De 151 A 180 Dias | C97: 0
B98: Vencidos E Não Pagos Acima De 180 Dias | C98: 0
B100: Valor Total | C100: =SUM(C92:C98) -> 1699174
B102: Saldo Devedor dos creditos em atraso - Por Parcela
B103: Saldo Devedor dos creditos em atraso - Por Parcela | C103: Total das Parcelas Vencida C/ Encargos | D103: Fluxo Futuro - (Parcelas Vincendas) | E103: Total à Pagar c/ Encargos
B104: 01 - Uma Parcela | C104: 25783.32 | D104: 1673390.6 | E104: 1699174
B105: 02 - Duas Parcelas | C105: 0 | D105: 0 | E105: 0
B106: 03 - Três Parcelas | C106: 0 | D106: 0 | E106: 0
B107: 04 - Quatro Parcelas | C107: 0 | D107: 0 | E107: 0
B108: 05 - Cinco Parcelas | C108: 0 | D108: 0 | E108: 0
B109: 06 - Seis parcelas | C109: 0 | D109: 0 | E109: 0
B110: Maior que seis parcelas | C110: 0 | D110: 0 | E110: 0
B112: Valor Total | C112: =SUM(C104:C110) -> 25783.32 | D112: =SUM(D104:D110) -> 1673390.6 | E112: =SUM(E104:E110) -> 1699174

Sheet Planilha3
A1: Crédito | B1: Maior Valor | C1: Saldo devedor | D1: Saldo Devedor dos creditos em atraso | E1: Qtade parcelas Atraso | F1: Saldo Devedor dos creditos em atraso - Por Parcela | G1: Inadimplencia | H1: VP | R1: Saldo Devedor dos creditos em atraso - Por Parcela
A2: 6398 | B2: 20 | C2: =VLOOKUP(A2,FluxoFuturo!B:L,11,0) -> 314089.38 | D2: =IF(B2<0,"Adimplente",IF(B2<=30,"Vencidos e Não Pagos Até 30 Dias",IF(B2<=61,"Vencidos e Não Pagos De 31 A 60 Dias",IF(B2<=90,"Vencidos E Não Pagos De 61 A 90 Dias",IF(B2<=120,"Vencidos e Não Pagos De 91 A 120 Dias",IF(B2<=150,"Vencidos e Não Pagos De 121 A 150 Dias",IF(B2<=180,"Vencidos e Não Pagos De 151 A 180 Dias",IF(B2>180,"Vencidos E Não Pagos Acima de 180 Dias","")))))))) -> Vencidos e Não Pagos Até 30 Dias | E2: 1 | F2: =IF(E2=1,$R$2,IF(E2=2,$R$3,IF(E2=3,$R$4,IF(E2=4,$R$5,IF(E2=5,$R$6,IF(E2=6,$R$7,IF(E2>6,$R$8))))))) -> 01 - Uma Parcela | G2: =VLOOKUP(A2,FluxoFuturo!B:J,9,0) -> 3668.77 | H2: =VLOOKUP(A2,FluxoFuturo!B:K,10,0) -> 310420.61 | R2: 01 - Uma Parcela
A3: 6399 | B3: 20 | C3: =VLOOKUP(A3,FluxoFuturo!B:L,11,0) -> 329775.12 | D3: =IF(B3<0,"Adimplente",IF(B3<=30,"Vencidos e Não Pagos Até 30 Dias",IF(B3<=61,"Vencidos e Não Pagos De 31 A 60 Dias",IF(B3<=90,"Vencidos E Não Pagos De 61 A 90 Dias",IF(B3<=120,"Vencidos e Não Pagos De 91 A 120 Dias",IF(B3<=150,"Vencidos e Não Pagos De 121 A 150 Dias",IF(B3<=180,"Vencidos e Não Pagos De 151 A 180 Dias",IF(B3>180,"Vencidos E Não Pagos Acima de 180 Dias","")))))))) -> Vencidos e Não Pagos Até 30 Dias | E3: 1 | F3: =IF(E3=1,$R$2,IF(E3=2,$R$3,IF(E3=3,$R$4,IF(E3=4,$R$5,IF(E3=5,$R$6,IF(E3=6,$R$7,IF(E3>6,$R$8))))))) -> 01 - Uma Parcela | G3: =VLOOKUP(A3,FluxoFuturo!B:J,9,0) -> 3851.99 | H3: =VLOOKUP(A3,FluxoFuturo!B:K,10,0) -> 325923.13 | R3: 02 - Duas Parcelas
A4: 6400 | B4: 20 | C4: =VLOOKUP(A4,FluxoFuturo!B:L,11,0) -> 309148.82 | D4: =IF(B4<0,"Adimplente",IF(B4<=30,"Vencidos e Não Pagos Até 30 Dias",IF(B4<=61,"Vencidos e Não Pagos De 31 A 60 Dias",IF(B4<=90,"Vencidos E Não Pagos De 61 A 90 Dias",IF(B4<=120,"Vencidos e Não Pagos De 91 A 120 Dias",IF(B4<=150,"Vencidos e Não Pagos De 121 A 150 Dias",IF(B4<=180,"Vencidos e Não Pagos De 151 A 180 Dias",IF(B4>180,"Vencidos E Não Pagos Acima de 180 Dias","")))))))) -> Vencidos e Não Pagos Até 30 Dias | E4: 1 | F4: =IF(E4=1,$R$2,IF(E4=2,$R$3,IF(E4=3,$R$4,IF(E4=4,$R$5,IF(E4=5,$R$6,IF(E4=6,$R$7,IF(E4>6,$R$8))))))) -> 01 - Uma Parcela | G4: =VLOOKUP(A4,FluxoFuturo!B:J,9,0) -> 3611.07 | H4: =VLOOKUP(A4,FluxoFuturo!B:K,10,0) -> 305537.75 | R4: 03 - Três Parcelas
A5: 6388 | B5: 9 | C5: =VLOOKUP(A5,FluxoFuturo!B:L,11,0) -> 193527.85 | D5: =IF(B5<0,"Adimplente",IF(B5<=30,"Vencidos e Não Pagos Até 30 Dias",IF(B5<=61,"Vencidos e Não Pagos De 31 A 60 Dias",IF(B5<=90,"Vencidos E Não Pagos De 61 A 90 Dias",IF(B5<=120,"Vencidos e Não Pagos De 91 A 120 Dias",IF(B5<=150,"Vencidos e Não Pagos De 121 A 150 Dias",IF(B5<=180,"Vencidos e Não Pagos De 151 A 180 Dias",IF(B5>180,"Vencidos E Não Pagos Acima de 180 Dias","")))))))) -> Vencidos e Não Pagos Até 30 Dias | E5: 1 | F5: =IF(E5=1,$R$2,IF(E5=2,$R$3,IF(E5=3,$R$4,IF(E5=4,$R$5,IF(E5=5,$R$6,IF(E5=6,$R$7,IF(E5>6,$R$8))))))) -> 01 - Uma Parcela | G5: =VLOOKUP(A5,FluxoFuturo!B:J,9,0) -> 8241.23 | H5: =VLOOKUP(A5,FluxoFuturo!B:K,10,0) -> 185286.62 | R5: 04 - Quatro Parcelas
A6: 6409 | B6: 9 | C6: =VLOOKUP(A6,FluxoFuturo!B:L,11,0) -> 276316.39 | D6: =IF(B6<0,"Adimplente",IF(B6<=30,"Vencidos e Não Pagos Até 30 Dias",IF(B6<=61,"Vencidos e Não Pagos De 31 A 60 Dias",IF(B6<=90,"Vencidos E Não Pagos De 61 A 90 Dias",IF(B6<=120,"Vencidos e Não Pagos De 91 A 120 Dias",IF(B6<=150,"Vencidos e Não Pagos De 121 A 150 Dias",IF(B6<=180,"Vencidos e Não Pagos De 151 A 180 Dias",IF(B6>180,"Vencidos E Não Pagos Acima de 180 Dias","")))))))) -> Vencidos e Não Pagos Até 30 Dias | E6: 1 | F6: =IF(E6=1,$R$2,IF(E6=2,$R$3,IF(E6=3,$R$4,IF(E6=4,$R$5,IF(E6=5,$R$6,IF(E6=6,$R$7,IF(E6>6,$R$8))))))) -> 01 - Uma Parcela | G6: =VLOOKUP(A6,FluxoFuturo!B:J,9,0) -> 3205.13 | H6: =VLOOKUP(A6,FluxoFuturo!B:K,10,0) -> 273111.26 | R6: 05 - Cinco Parcelas
A7: 6410 | B7: 9 | C7: =VLOOKUP(A7,FluxoFuturo!B:L,11,0) -> 276316.39 | D7: =IF(B7<0,"Adimplente",IF(B7<=30,"Vencidos e Não Pagos Até 30 Dias",IF(B7<=61,"Vencidos e Não Pagos De 31 A 60 Dias",IF(B7<=90,"Vencidos E Não Pagos De 61 A 90 Dias",IF(B7<=120,"Vencidos e Não Pagos De 91 A 120 Dias",IF(B7<=150,"Vencidos e Não Pagos De 121 A 150 Dias",IF(B7<=180,"Vencidos e Não Pagos De 151 A 180 Dias",IF(B7>180,"Vencidos E Não Pagos Acima de 180 Dias","")))))))) -> Vencidos e Não Pagos Até 30 Dias | E7: 1 | F7: =IF(E7=1,$R$2,IF(E7=2,$R$3,IF(E7=3,$R$4,IF(E7=4,$R$5,IF(E7=5,$R$6,IF(E7=6,$R$7,IF(E7>6,$R$8))))))) -> 01 - Uma Parcela | G7: =VLOOKUP(A7,FluxoFuturo!B:J,9,0) -> 3205.13 | H7: =VLOOKUP(A7,FluxoFuturo!B:K,10,0) -> 273111.26 | R7: 06 - Seis parcelas
R8: Maior que seis parcelas

Sheet Resumo
E3: Relatório Consolidado
B6: Base do relatório Mensal | F6: Abril/2025
B7: Total de unidades ativas | F7: 95
B8: Total de clientes quitados | F8: 3
B9: Recebimentos
B10: A receber (mês) | F10: 536972.5
B11: Valor recebido total | F11: 800932.43
B12: Diferença Recebimento Total x Recebimento Mês
B13: Recebimento Regular | F13: 677654.45
B14: Antecipação | F14: 102243.45
B15: Recebimento em atraso | F15: 21034.53
B16: Inadimplência
B17: Inadimplência (mês) | F17: 50497.28
B18: Inadimplência total | F18: 50497.28

Sheet Recebimento
AA1: =SUBTOTAL(9,AA3:AA132) -> 649096.04 | AB1: =SUBTOTAL(9,AB3:AB132) -> 150496.41 | AG1: =SUBTOTAL(9,AG3:AG132) -> 683.85 | AH1: =SUBTOTAL(9,AH3:AH132) -> 189.25 | AJ1: =SUBTOTAL(9,AJ3:AJ132) -> 800465.55
A2: No Parcela | B2: No Contrato | C2: Nome do mutuário | D2: CPF/CNPJ | E2: Taxa de Juros | F2: Carteira | G2: Empreendimento | H2: No Parcela | I2: Data de Vencimento Original | J2: Data de Pagamento | K2: Data do Crédito | L2: Dif. de Dias | M2: Valor Original | N2: Valor Creditado | O2: Valor Parceiro | P2: Multa | Q2: Juros de Mora | R2: Seguro | S2: Dif de Parcela | T2: Dif Parcela Creditada | U2: Taxa de Gestão | V2: Tipo de Recebimento | W2: Mês | X2: OBS | Y2: MIP | Z2: DFI | AA2: Amortização Creditada | AB2: Juros Creditado | AC2: MIP Creditado | AD2: DFI Creditado | AE2: Diferença Parcela Creditada | AF2: Gestão Creditada | AG2: Multa Creditada | AH2: Mora Creditada | AI2: Resíduo Parcela | AJ2: Total | AK2: Check Recebimento | AL2: Status Venda
A3: 2411854 | B3: 6358 | C3: Alexandre Magno De Carvalho | D3: 037.957.411-06 | E3: 0 | F3: SWISS PARK ANAPOLIS | G3: Swiss Park Zurich - Anápolis | H3: 2411854 | I3: 45757 | J3: 45757 | K3: 45758 | L3: 1 | M3: 8251.57 | N3: 8251.57 | P3: 0 | Q3: 0 | R3: 0 | V3: Recebimento Regular | W3: Abr/2025 | AA3: 8251.57 | AB3: 0 | AE3: 0 | AG3: 0 | AH3: 0 | AJ3: 8251.57 | AK3: Adimplente | AL3: Parcelado
A4: 2415688 | B4: 6407 | C4: Alysson De Almeida Miclos | D4: 923.842.691-00 | E4: 0 | F4: SWISS PARK ANAPOLIS | G4: Swiss Park Zurich - Anápolis | H4: 2415688 | I4: 45768 | J4: 45761 | K4: 45762 | L4: -6 | M4: 8055.96 | N4: 8055.96 | P4: 0 | Q4: 0 | R4: 0 | V4: Recebimento Regular | W4: Abr/2025 | AA4: 8055.96 | AB4: 0 | AE4: 0 | AG4: 0 | AH4: 0 | AJ4: 8055.96 | AK4: Adimplente | AL4: Parcelado
A5: 2413845 | B5: 6388 | C5: Anderson Goncalves Moreira | D5: 731.599.561-72 | E5: 0 | F5: SWISS PARK ANAPOLIS | G5: Swiss Park Zurich - Anápolis | H5: 2413845 | I5: 45737 | J5: 45771 | K5: 45772 | L5: 35 | M5: 8055.94 | N5: 8321.77 | P5: 174.6 | Q5: 91.23 | R5: 0 | V5: Recebimento em atraso | W5: Abr/2025 | AA5: 8055.94 | AB5: 0 | AE5: 0 | AG5: 174.6 | AH5: 91.23 | AJ5: 8321.77 | AK5: De 31 A 60 Dias | AL5: Parcelado
A6: 2413444 | B6: 6382 | C6: Andreyve Vieira Melo | D6: 019.961.151-38 | E6: 0.1003 | F6: SWISS PARK ANAPOLIS | G6: Swiss Park Zurich - Anápolis | H6: 2413444 | I6: 45768 | J6: 45769 | K6: 45770 | L6: 2 | M6: 4222.49 | N6: 4222.49 | P6: 0 | Q6: 0 | R6: 0 | V6: Recebimento Regular | W6: Abr/2025 | AA6: 2041.64 | AB6: 2180.85 | AE6: 0 | AG6: 0 | AH6: 0 | AJ6: 4222.49 | AK6: Adimplente | AL6: Parcelado
A7: 2413521 | B7: 6382 | C7: Andreyve Vieira Melo | D7: 019.961.151-38 | E7: 0.1003 | F7: SWISS PARK ANAPOLIS | G7: Swiss Park Zurich - Anápolis | H7: 2413521 | I7: 48112 | J7: 45769 | K7: 45770 | L7: -2342 | M7: 2286.17 | N7: 2286.17 | P7: 0 | Q7: 0 | R7: 0 | V7: Antecipação | W7: Abr/2025 | AA7: 2073.48 | AB7: 212.69 | AE7: 0 | AG7: 0 | AH7: 0 | AJ7: 2286.17 | AK7: Pagos Antecipadamente Acima de 180 Dias | AL7: Parcelado
A8: 2412001 | B8: 6366 | C8: Anna Paula Vieira De Sousa Alves | D8: 034.186.701-21 | E8: 0 | F8: SWISS PARK ANAPOLIS | G8: Swiss Park Zurich - Anápolis | H8: 2412001 | I8: 45768 | J8: 45769 | K8: 45770 | L8: 2 | M8: 8188.87 | N8: 8188.87 | P8: 0 | Q8: 0 | R8: 0 | V8: Recebimento Regular | W8: Abr/2025 | AA8: 8188.87 | AB8: 0 | AE8: 0 | AG8: 0 | AH8: 0 | AJ8: 8188.87 | AK8: Adimplente | AL8: Parcelado
A9: 2413644 | B9: 6385 | C9: Christian Alexandre Pereira | D9: 797.173.571-53 | E9: 0 | F9: SWISS PARK ANAPOLIS | G9: Swiss Park Zurich - Anápolis | H9: 2413644 | I9: 45768 | J9: 45769 | K9: 45770 | L9: 2 | M9: 8055.96 | N9: 8055.96 | P9: 0 | Q9: 0 | R9: 0 | V9: Recebimento Regular | W9: Abr/2025 | AA9: 8055.96 | AB9: 0 | AE9: 0 | AG9: 0 | AH9: 0 | AJ9: 8055.96 | AK9: Adimplente | AL9: Parcelado
A10: 2414048 | B10: 6390 | C10: Clary Merces De Oliveira Machado | D10: 617.316.171-00 | E10: 0 | F10: SWISS PARK ANAPOLIS | G10: Swiss Park Zurich - Anápolis | H10: 2414048 | I10: 45757 | J10: 45755 | K10: 45756 | L10: -1 | M10: 8333.21 | N10: 8333.21 | P10: 0 | Q10: 0 | R10: 0 | V10: Recebimento Regular | W10: Abr/2025 | AA10: 8333.21 | AB10: 0 | AE10: 0 | AG10: 0 | AH10: 0 | AJ10: 8333.21 | AK10: Adimplente | AL10: Parcelado
A11: 2413681 | B11: 6387 | C11: Claudio Carvalho Machado | D11: 576.129.351-04 | E11: 0.1003 | F11: SWISS PARK ANAPOLIS | G11: Swiss Park Zurich - Anápolis | H11: 2413681 | I11: 45757 | J11: 45757 | K11: 45758 | L11: 1 | M11: 3472.2 | N11: 3472.2 | P11: 0 | Q11: 0 | R11: 0 | V11: Recebimento Regular | W11: Abr/2025 | AA11: 996.3 | AB11: 2475.9 | AE11: 0 | AG11: 0 | AH11: 0 | AJ11: 3472.2 | AK11: Adimplente | AL11: Parcelado
A12: 2417694 | B12: 6440 | C12: Cris Imoveis Ltda | D12: 15.796.093/0001-80 | E12: 0.1003 | F12: SWISS PARK ANAPOLIS | G12: Swiss Park Zurich - Anápolis | H12: 2417694 | I12: 45757 | J12: 45757 | K12: 45758 | L12: 1 | M12: 3454.18 | N12: 3454.18 | P12: 0 | Q12: 0 | R12: 0 | V12: Recebimento Regular | W12: Abr/2025 | AA12: 966.64 | AB12: 2487.54 | AE12: 0 | AG12: 0 | AH12: 0 | AJ12: 3454.18 | AK12: Adimplente | AL12: Parcelado
A13: 2415171 | B13: 6401 | C13: Daniel Silva Ferreira | D13: 985.431.721-87 | E13: 0.1003 | F13: SWISS PARK ANAPOLIS | G13: Swiss Park Zurich - Anápolis | H13: 2415171 | I13: 45768 | J13: 45769 | K13: 45770 | L13: 2 | M13: 4613.17 | N13: 4613.17 | P13: 0 | Q13: 0 | R13: 0 | V13: Recebimento Regular | W13: Abr/2025 | AA13: 2230.53 | AB13: 2382.64 | AE13: 0 | AG13: 0 | AH13: 0 | AJ13: 4613.17 | AK13: Adimplente | AL13: Parcelado
A14: 2417281 | B14: 6430 | C14: Danilo Lourenço Abrão De Alencar | D14: 702.141.861-21 | E14: 0 | F14: SWISS PARK ANAPOLIS | G14: Swiss Park Zurich - Anápolis | H14: 2417281 | I14: 45787 | J14: 45769 | K14: 45770 | L14: -17 | M14: 7782.62 | N14: 7782.62 | P14: 0 | Q14: 0 | R14: 0 | V14: Antecipação | W14: Abr/2025 | AA14: 7782.62 | AB14: 0 | AE14: 0 | AG14: 0 | AH14: 0 | AJ14: 7782.62 | AK14: Pagos Antecipadamente Até 30 Dias | AL14: Parcelado
... A132: 2418655 | B132: 6451 | C132: Thiago Da Costa Moreira | D132: 036.528.931-07 | E132: 0.1003 | F132: SWISS PARK ANAPOLIS | G132: Swiss Park Zurich - Anápolis | H132: 2418655 | I132: 45768 | J132: 45777 | K132: 45779 | L132: 11 | M132: 4069.58 | N132: 4162.64 | P132: 81.39 | Q132: 11.67 | R132: 0 | V132: Recebimento Regular | W132: Mai/2025 | AA132: 1137.89 | AB132: 2931.69 | AE132: 0 | AG132: 81.39 | AH132: 11.67 | AJ132: 4162.64 | AK132: Adimplente | AL132: Parcelado

Sheet Conciliação
A1: Data Crédito | B1: Fechamento | C1: Extrato | D1: Diferença | E1: Obs
A2: 02/04/2025 | B2: 24104.66 | C2: 24104.66 | D2: 0
A3: 03/04/2025 | B3: 19719.26 | C3: 19719.26 | D3: 0
A4: 04/04/2025 | B4: 27732.39 | C4: 27732.39 | D4: 0
A5: 05/04/2025 | B5: 0 | C5: 0 | D5: 0
A6: 06/04/2025 | B6: 0 | C6: 0 | D6: 0
A7: 07/04/2025 | B7: 9482.68 | C7: 9482.68 | D7: 0
A8: 08/04/2025 | B8: 8055.96 | C8: 8055.96 | D8: 0
A9: 09/04/2025 | B9: 47093.42 | C9: 47093.42 | D9: 0
A10: 10/04/2025 | B10: 27006.02 | C10: 27006.02 | D10: 0
A11: 11/04/2025 | B11: 207731.24 | C11: 215683.03 | D11: -7951.79 | E11: R$ 7.951,79 (LUCAS GALGANE FERREIRA RIBEIRO) - pgto em duplicidade, devolução em 14/04
A12: 12/04/2025 | B12: 0 | C12: 0 | D12: 0
A13: 13/04/2025 | B13: 0 | C13: 0 | D13: 0
A14: 14/04/2025 | B14: 19978.48 | C14: 19978.48 | D14: 0
A15: 15/04/2025 | B15: 40555.96 | C15: 40555.96 | D15: 0
A16: 16/04/2025 | B16: 29335.65 | C16: 29335.65 | D16: 0
A17: 17/04/2025 | B17: 24468.58 | C17: 24468.58 | D17: 0
A18: 18/04/2025 | B18: 0 | C18: 0 | D18: 0
A19: 19/04/2025 | B19: 0 | C19: 0 | D19: 0
A20: 20/04/2025 | B20: 0 | C20: 0 | D20: 0
A21: 21/04/2025 | B21: 0 | C21: 0 | D21: 0
A22: 22/04/2025 | B22: 6882.02 | C22: 6882.02 | D22: 0
A23: 23/04/2025 | B23: 274616.12 | C23: 274616.12 | D23: 0
... A31: 01/05/2025 | B31: 0 | C31: 0 | D31: 0
A32: 02/05/2025 | B32: 15740.06 | C32: 22149.85 | D32: -6409.79 | E32: 6.409,79 (TED 237.2373.OLIVEIRA T) - Transferência entre contas

Sheet Inadimplência
A1: No Contrato | B1: Nome do Mutuáriuo | C1: CPF | D1: Carteira | E1: Empreendimento | F1: No parcela | G1: Data de Vencimento Original | H1: Amortização Corrigida | I1: Juros Corrigido | J1: MIP | K1: DFI | L1: Valor de Gestão Corrigido | M1: Dif. de Parcela | N1: Multa | O1: Mora | P1: Resíduo Parcela | Q1: Total Corrigido | R1: Seguro | S1: Dias em aberto | T1: Id do Crédito | U1: Faixa de Atraso | V1: Status
A2: 6398 | B2: Ancor Construtora Ltda | C2: 28.241.797/0001-38 | D2: SWISS PARK ANAPOLIS | E2: Swiss Park Zurich - Anápolis | F2: 2414682 | G2: 10/04/2025 | H2: 1049.66 | I2: 2523.82 | N2: 71.47 | O2: 23.82 | Q2: 3668.77 | R2: 0 | S2: 20 | T2: 135615 | U2: Menor que 30 Dias | V2: Vencidos e Não Pagos Até 30 Dias
A3: 6399 | B3: Ancor Construtora Ltda | C3: 28.241.797/0001-38 | D3: SWISS PARK ANAPOLIS | E3: Swiss Park Zurich - Anápolis | F3: 2414845 | G3: 10/04/2025 | H3: 1102.08 | I3: 2649.86 | N3: 75.04 | O3: 25.01 | Q3: 3851.99 | R3: 0 | S3: 20 | T3: 135616 | U3: Menor que 30 Dias | V3: Vencidos e Não Pagos Até 30 Dias
A4: 6400 | B4: Ancor Construtora Ltda | C4: 28.241.797/0001-38 | D4: SWISS PARK ANAPOLIS | E4: Swiss Park Zurich - Anápolis | F4: 2415008 | G4: 10/04/2025 | H4: 1033.15 | I4: 2484.12 | N4: 70.35 | O4: 23.45 | Q4: 3611.07 | R4: 0 | S4: 20 | T4: 135617 | U4: Menor que 30 Dias | V4: Vencidos e Não Pagos Até 30 Dias
A5: 6388 | B5: Anderson Goncalves Moreira | C5: 731.599.561-72 | D5: SWISS PARK ANAPOLIS | E5: Swiss Park Zurich - Anápolis | F5: 2413846 | G5: 21/04/2025 | H5: 8055.94 | I5: 0 | N5: 161.12 | O5: 24.17 | Q5: 8241.23 | R5: 0 | S5: 9 | T5: 135618 | U5: Menor que 30 Dias | V5: Vencidos e Não Pagos Até 30 Dias
A6: 6409 | B6: Lucas Garcia Oliveira | C6: 253.190.908-70 | D6: SWISS PARK ANAPOLIS | E6: Swiss Park Zurich - Anápolis | F6: 2415738 | G6: 21/04/2025 | H6: 898.99 | I6: 2234.08 | N6: 62.66 | O6: 9.4 | Q6: 3205.13 | R6: 0 | S6: 9 | T6: 135661 | U6: Menor que 30 Dias | V6: Vencidos e Não Pagos Até 30 Dias
A7: 6410 | B7: Lucas Garcia Oliveira | C7: 253.190.908-70 | D7: SWISS PARK ANAPOLIS | E7: Swiss Park Zurich - Anápolis | F7: 2415902 | G7: 21/04/2025 | H7: 898.99 | I7: 2234.08 | N7: 62.66 | O7: 9.4 | Q7: 3205.13 | R7: 0 | S7: 9 | T7: 135662 | U7: Menor que 30 Dias | V7: Vencidos e Não Pagos Até 30 Dias
A8: 5406 | B8: Fábio Rodrigues Ribeiro | C8: 301.855.668-20 | D8: SWISS PARK ANAPOLIS | E8: Swiss Park Zurich - Anápolis | F8: 2472360 | G8: 21/04/2025 | H8: 7619.52 | I8: 122.4 | N8: 154.84 | O8: 23.23 | Q8: 7919.99 | R8: 0 | S8: 9 | T8: 135954 | U8: Menor que 30 Dias | V8: Vencidos e Não Pagos Até 30 Dias | W8: Proposta não considerado na inadimplência
A9: 5412 | B9: João Miguel Ridal Frutuoso | C9: 119.467.038-50 | D9: SWISS PARK ANAPOLIS | E9: Swiss Park Zurich - Anápolis | F9: 2503465 | G9: 10/04/2025 | H9: 2303.59 | I9: 18.43 | N9: 46.44 | O9: 15.48 | Q9: 2383.94 | R9: 0 | S9: 20 | T9: 136054 | U9: Menor que 30 Dias | V9: Vencidos e Não Pagos Até 30 Dias | W9: Proposta não considerado na inadimplência
A10: 5413 | B10: João Miguel Ridal Frutuoso | C10: 119.467.038-50 | D10: SWISS PARK ANAPOLIS | E10: Swiss Park Zurich - Anápolis | F10: 2503652 | G10: 10/04/2025 | H10: 2263.33 | I10: 18.11 | N10: 45.63 | O10: 15.21 | Q10: 2342.28 | R10: 0 | S10: 20 | T10: 136055 | U10: Menor que 30 Dias | V10: Vencidos e Não Pagos Até 30 Dias | W10: Proposta não considerado na inadimplência

Sheet FluxoFuturo
J1: =SUBTOTAL(9,J3:J97) -> 25783.32 | K1: =SUBTOTAL(9,K3:K97) -> 22445069 | L1: =SUBTOTAL(9,L3:L97)-J6-J7-J12-J37-J88 -> 22458206 | N1: =SUBTOTAL(9,N3:N97) -> 22470852 | O1: =SUBTOTAL(9,O3:O97) -> 20415663 | R1: =SUBTOTAL(9,R3:R97) -> 29884582
A2: Cod Chronos | B2: Contrato | C2: Nome do mutuário | D2: CPF | E2: Taxa | F2: Carteira | G2: Empreendimento | H2: Elegibilidade | I2: Meses Remanescentes | J2: Inadimplência | K2: VP Fluxo Futuro | L2: Saldo Devedor | M2: Classificação | N2: Saldo Devedor PDD | O2: Saldo Devedor Taxa Cessão | P2: Média R$ m² | Q2: Área M² | R2: Valor De Venda Atualizado | S2: LTV % | T2: 05/2025 | U2: 06/2025 | V2: 07/2025 | W2: 08/2025 | X2: 09/2025 | Y2: 10/2025 | Z2: 11/2025 | AA2: 12/2025 | AB2: 01/2026 | AC2: 02/2026 | AD2: 03/2026 | AE2: 04/2026 | AF2: 05/2026 | AG2: 06/2026 | AH2: 07/2026 | AI2: 08/2026 | AJ2: 09/2026 | AK2: 10/2026 | AL2: 11/2026 | AM2: 12/2026 | AN2: 01/2027 | AO2: 02/2027 | AP2: 03/2027 | AQ2: 04/2027 | AR2: 05/2027 | AS2: 06/2027 | AT2: 07/2027 | AU2: 08/2027 | AV2: 09/2027 | AW2: 10/2027 | AX2: 11/2027 | AY2: 12/2027 | AZ2: 01/2028 | BA2: 02/2028 | BB2: 03/2028 | BC2: 04/2028 | BD2: 05/2028 | BE2: 06/2028 | BF2: 07/2028 | BG2: 08/2028 | BH2: 09/2028 | BI2: 10/2028 | BJ2: 11/2028 | BK2: 12/2028 | BL2: 01/2029 | BM2: 02/2029 | BN2: 03/2029 | BO2: 04/2029 | BP2: 05/2029 | BQ2: 06/2029 | BR2: 07/2029 | BS2: 08/2029 | BT2: 09/2029 | BU2: 10/2029 | BV2: 11/2029 | BW2: 12/2029 | BX2: 01/2030 | BY2: 02/2030 | BZ2: 03/2030 | CA2: 04/2030 | CB2: 05/2030 | CC2: 06/2030 | CD2: 07/2030 | CE2: 08/2030 | CF2: 09/2030 | CG2: 10/2030 | CH2: 11/2030 | CI2: 12/2030 | CJ2: 01/2031 | CK2: 02/2031 | CL2: 03/2031 | CM2: 04/2031 | CN2: 05/2031 | CO2: 06/2031 | CP2: 07/2031 | CQ2: 08/2031 | CR2: 09/2031 | CS2: 10/2031 | CT2: 11/2031 | CU2: 12/2031 | CV2: 01/2032 | CW2: 02/2032 | CX2: 03/2032 | CY2: 04/2032 | CZ2: 05/2032 | DA2: 06/2032 | DB2: 07/2032 | DC2: 08/2032 | DD2: 09/2032 | DE2: 10/2032 | DF2: 11/2032 | DG2: 12/2032 | DH2: 01/2033 | DI2: 02/2033 | DJ2: 03/2033 | DK2: 04/2033 | DL2: 05/2033 | DM2: 06/2033 | DN2: 07/2033 | DO2: 08/2033 | DP2: 09/2033 | DQ2: 10/2033 | DR2: 11/2033 | DS2: 12/2033 | DT2: 01/2034 | DU2: 02/2034 | DV2: 03/2034 | DW2: 04/2034 | DX2: 05/2034 | DY2: 06/2034 | DZ2: 07/2034 | EA2: 08/2034 | EB2: 09/2034 | EC2: 10/2034 | ED2: 11/2034 | EE2: 12/2034 | EF2: 01/2035 | EG2: 02/2035 | EH2: 03/2035 | EI2: 04/2035 | EJ2: 05/2035 | EK2: 06/2035 | EL2: 07/2035 | EM2: 08/2035 | EN2: 09/2035 | EO2: 10/2035 | EP2: 11/2035 | EQ2: 12/2035 | ER2: 01/2036 | ES2: 02/2036 | ET2: 03/2036 | EU2: 04/2036 | EV2: 05/2036 | EW2: 06/2036 | EX2: 07/2036 | EY2: 08/2036 | EZ2: 09/2036 | FA2: 10/2036 | FB2: 11/2036 | FC2: 12/2036 | FD2: 01/2037 | FE2: 02/2037 | FF2: 03/2037 | FG2: 04/2037 | FH2: 05/2037 | FI2: 06/2037 | FJ2: 07/2037 | FK2: 08/2037 | FL2: 09/2037 | FM2: 10/2037 | FN2: 11/2037 | FO2: 12/2037 | FP2: 01/2038 | FQ2: 02/2038 | FR2: 03/2038 | FS2: 04/2038 | FT2: 05/2038 | FU2: 06/2038 | FV2: 07/2038 | FW2: 08/2038 | FX2: 09/2038 | FY2: 10/2038 | FZ2: 11/2038 | GA2: 12/2038 | GB2: 01/2039 | GC2: 02/2039 | GD2: 03/2039 | GE2: 04/2039 | GF2: 05/2039 | GG2: 06/2039 | GH2: 07/2039 | GI2: Id do Crédito
A3: 135922 | B3: 6494 | C3: Filipe Junio De Oliveira | D3: 020.314.361-20 | E3: 0.100339 | F3: SWISS PARK ANAPOLIS | G3: Swiss Park Zurich - Anápolis | H3: =VLOOKUP(B3,Elegibilidade!A:I,9,0) -> Elegível | I3: 161 | J3: 0 | K3: =NPV(0.8%,T3:GH3) -> 365935.67 | L3: =J3+K3 -> 365935.67 | M3: Adimplente | N3: 365935.67 | O3: =NPV((1+12%)^(1/12)-1,T3:GH3) -> 333880.11 | P3: =Vendas!$J$1 -> 885.1292 | Q3: 413.88 | R3: =P3*Q3 -> 366337.27 | S3: =O3/R3 -> 0.91140087 | T3: 4504.17 | U3: 2872.2 | V3: 2872.2 | W3: 2872.2 | X3: 2872.2 | Y3: 2872.2 | Z3: 2872.2 | AA3: 2872.2 | AB3: 2872.2 | AC3: 18038.93 | AD3: 2872.2 | AE3: 2872.2 | AF3: 2872.2 | AG3: 2872.2 | AH3: 2872.2 | AI3: 2872.2 | AJ3: 2872.2 | AK3: 2872.2 | AL3: 2872.2 | AM3: 2872.2 | AN3: 2872.2 | AO3: 18038.93 | AP3: 2872.2 | AQ3: 2872.2 | AR3: 2872.2 | AS3: 2872.2 | AT3: 2872.2 | AU3: 2872.2 | AV3: 2872.2 | AW3: 2872.2 | AX3: 2872.2 | AY3: 2872.2 | AZ3: 2872.2 | BA3: 18038.93 | BB3: 2872.2 | BC3: 2872.2 | BD3: 2872.2 | BE3: 2872.2 | BF3: 2872.2 | BG3: 2872.2 | BH3: 2872.2 | BI3: 2872.2 | BJ3: 2872.2 | BK3: 2872.2 | BL3: 2872.2 | BM3: 18038.93 | BN3: 2872.2 | BO3: 2872.2 | BP3: 2872.2 | BQ3: 2872.2 | BR3: 2872.2 | BS3: 2872.2 | BT3: 2872.2 | BU3: 2872.2 | BV3: 2872.2 | BW3: 2872.2 | BX3: 2872.2 | BY3: 18038.93 | BZ3: 2872.2 | CA3: 2872.2 | CB3: 2872.2 | CC3: 2872.2 | CD3: 2872.2 | CE3: 2872.2 | CF3: 2872.2 | CG3: 2872.2 | CH3: 2872.2 | CI3: 2872.2 | CJ3: 2872.2 | CK3: 18038.93 | CL3: 2872.2 | CM3: 2872.2 | CN3: 2872.2 | CO3: 2872.2 | CP3: 2872.2 | CQ3: 2872.2 | CR3: 2872.2 | CS3: 2872.2 | CT3: 2872.2 | CU3: 2872.2 | CV3: 2872.2 | CW3: 18038.93 | CX3: 2872.2 | CY3: 2872.2 | CZ3: 2872.2 | DA3: 2872.2 | DB3: 2872.2 | DC3: 2872.2 | DD3: 2872.2 | DE3: 2872.2 | DF3: 2872.2 | DG3: 2872.2 | DH3: 2872.2 | DI3: 18038.93 | DJ3: 2872.2 | DK3: 2872.2 | DL3: 2872.2 | DM3: 2872.2 | DN3: 2872.2 | DO3: 2872.2 | DP3: 2872.2 | DQ3: 2872.2 | DR3: 2872.2 | DS3: 2872.2 | DT3: 2872.2 | DU3: 18038.93 | DV3: 2872.2 | DW3: 2872.2 | DX3: 2872.2 | DY3: 2872.2 | DZ3: 2872.2 | EA3: 2872.2 | EB3: 2872.2 | EC3: 2872.2 | ED3: 2872.2 | EE3: 2872.2 | EF3: 2872.2 | EG3: 18038.93 | EH3: 2872.2 | EI3: 2872.2 | EJ3: 2872.2 | EK3: 2872.2 | EL3: 2872.2 | EM3: 2872.2 | EN3: 2872.2 | EO3: 2872.2 | EP3: 2872.2 | EQ3: 2872.2 | ER3: 2872.2 | ES3: 18038.93 | ET3: 2872.2 | EU3: 2872.2 | EV3: 2872.2 | EW3: 2872.2 | EX3: 2872.2 | EY3: 2872.2 | EZ3: 2872.2 | FA3: 2872.2 | FB3: 2872.2 | FC3: 2872.2 | FD3: 2872.2 | FE3: 18038.92 | FF3: 2872.2 | FG3: 2872.2 | FH3: 2872.2 | FI3: 2872.2 | FJ3: 2872.2 | FK3: 2872.2 | FL3: 2872.2 | FM3: 2872.2 | FN3: 2872.2 | FO3: 2872.2 | FP3: 2872.2 | FQ3: 2872.2 | FR3: 2872.2 | FS3: 2872.2 | FT3: 2872.2 | FU3: 2872.2 | FV3: 2872.2 | FW3: 2872.2 | FX3: 2871.74 | FY3: 0 | FZ3: 0 | GA3: 0 | GB3: 0 | GC3: 0 | GD3: 0 | GE3: 0 | GF3: 0 | GG3: 0 | GH3: 0 | GI3: 135922
A4: 135688 | B4: 6451 | C4: Thiago Da Costa Moreira | D4: 036.528.931-07 | E4: 0.1003 | F4: SWISS PARK ANAPOLIS | G4: Swiss Park Zurich - Anápolis | H4: =VLOOKUP(B4,Elegibilidade!A:I,9,0) -> Elegível | I4: 155 | J4: 0 | K4: =NPV(0.8%,T4:GH4) -> 360759.48 | L4: =J4+K4 -> 360759.48 | M4: Adimplente | N4: 360759.48 | O4: =NPV((1+12%)^(1/12)-1,T4:GH4) -> 329660.45 | P4: =Vendas!$J$1 -> 885.1292 | Q4: 408.49 | R4: =P4*Q4 -> 361566.43 | S4: =O4/R4 -> 0.91175626 | T4: 4069.57 | U4: 4069.57 | V4: 4069.57 | W4: 4069.57 | X4: 4069.57 | Y4: 4069.57 | Z4: 4069.57 | AA4: 4069.57 | AB4: 4069.57 | AC4: 4069.57 | AD4: 4069.57 | AE4: 4069.57 | AF4: 4069.57 | AG4: 4069.57 | AH4: 4069.57 | AI4: 4069.57 | AJ4: 4069.57 | AK4: 4069.57 | AL4: 4069.57 | AM4: 4069.57 | AN4: 4069.57 | AO4: 4069.57 | AP4: 4069.57 | AQ4: 4069.57 | AR4: 4069.57 | AS4: 4069.57 | AT4: 4069.57 | AU4: 4069.57 | AV4: 4069.57 | AW4: 4069.57 | AX4: 4069.57 | AY4: 4069.57 | AZ4: 4069.57 | BA4: 4069.57 | BB4: 4069.57 | BC4: 4069.57 | BD4: 4069.57 | BE4: 4069.57 | BF4: 4069.57 | BG4: 4069.57 | BH4: 4069.57 | BI4: 4069.57 | BJ4: 4069.57 | BK4: 4069.57 | BL4: 4069.57 | BM4: 4069.57 | BN4: 4069.57 | BO4: 4069.57 | BP4: 4069.57 | BQ4: 4069.57 | BR4: 4069.57 | BS4: 4069.57 | BT4: 4069.57 | BU4: 4069.57 | BV4: 4069.57 | BW4: 4069.57 | BX4: 4069.57 | BY4: 4069.57 | BZ4: 4069.57 | CA4: 4069.57 | CB4: 4069.57 | CC4: 4069.57 | CD4: 4069.57 | CE4: 4069.57 | CF4: 4069.57 | CG4: 4069.57 | CH4: 4069.57 | CI4: 4069.57 | CJ4: 4069.57 | CK4: 4069.57 | CL4: 4069.57 | CM4: 4069.57 | CN4: 4069.57 | CO4: 4069.57 | CP4: 4069.57 | CQ4: 4069.57 | CR4: 4069.57 | CS4: 4069.57 | CT4: 4069.57 | CU4: 4069.57 | CV4: 4069.57 | CW4: 4069.57 | CX4: 4069.57 | CY4: 4069.57 | CZ4: 4069.57 | DA4: 4069.57 | DB4: 4069.57 | DC4: 4069.57 | DD4: 4069.57 | DE4: 4069.57 | DF4: 4069.57 | DG4: 4069.57 | DH4: 4069.57 | DI4: 4069.57 | DJ4: 4069.57 | DK4: 4069.57 | DL4: 4069.57 | DM4: 4069.57 | DN4: 4069.57 | DO4: 4069.57 | DP4: 4069.57 | DQ4: 4069.57 | DR4: 4069.57 | DS4: 4069.57 | DT4: 4069.57 | DU4: 4069.57 | DV4: 4069.57 | DW4: 4069.57 | DX4: 4069.57 | DY4: 4069.57 | DZ4: 4069.57 | EA4: 4069.57 | EB4: 4069.57 | EC4: 4069.57 | ED4: 4069.57 | EE4: 4069.57 | EF4: 4069.57 | EG4: 4069.57 | EH4: 4069.57 | EI4: 4069.57 | EJ4: 4069.57 | EK4: 4069.57 | EL4: 4069.57 | EM4: 4069.57 | EN4: 4069.57 | EO4: 4069.57 | EP4: 4069.57 | EQ4: 4069.57 | ER4: 4069.57 | ES4: 4069.57 | ET4: 4069.57 | EU4: 4069.57 | EV4: 4069.57 | EW4: 4069.57 | EX4: 4069.57 | EY4: 4069.57 | EZ4: 4069.57 | FA4: 4069.57 | FB4: 4069.57 | FC4: 4069.57 | FD4: 4069.57 | FE4: 4069.57 | FF4: 4069.57 | FG4: 4069.57 | FH4: 4069.57 | FI4: 4069.57 | FJ4: 4069.57 | FK4: 4069.57 | FL4: 4069.57 | FM4: 4069.57 | FN4: 4069.57 | FO4: 4069.57 | FP4: 4069.57 | FQ4: 4069.57 | FR4: 4069.48 | FS4: 0 | FT4: 0 | FU4: 0 | FV4: 0 | FW4: 0 | FX4: 0 | FY4: 0 | FZ4: 0 | GA4: 0 | GB4: 0 | GC4: 0 | GD4: 0 | GE4: 0 | GF4: 0 | GG4: 0 | GH4: 0 | GI4: 135688
A5: 135667 | B5: 6402 | C5: Michael Molina | D5: 222.832.808-18 | E5: 0.1003 | F5: SWISS PARK ANAPOLIS | G5: Swiss Park Zurich - Anápolis | H5: =VLOOKUP(B5,Elegibilidade!A:I,9,0) -> Elegível | I5: 150 | J5: 0 | K5: =NPV(0.8%,T5:GH5) -> 349726.42 | L5: =J5+K5 -> 349726.42 | M5: Adimplente | N5: 349726.42 | O5: =NPV((1+12%)^(1/12)-1,T5:GH5) -> 320265.56 | P5: =Vendas!$J$1 -> 885.1292 | Q5: 460.99 | R5: =P5*Q5 -> 408035.71 | S5: =O5/R5 -> 0.78489592 | T5: 4011.98 | U5: 4011.98 | V5: 4011.98 | W5: 4011.98 | X5: 4011.98 | Y5: 4011.98 | Z5: 4011.98 | AA5: 4011.98 | AB5: 4011.98 | AC5: 4011.98 | AD5: 4011.98 | AE5: 4011.98 | AF5: 4011.98 | AG5: 4011.98 | AH5: 4011.98 | AI5: 4011.98 | AJ5: 4011.98 | AK5: 4011.98 | AL5: 4011.98 | AM5: 4011.98 | AN5: 4011.98 | AO5: 4011.98 | AP5: 4011.98 | AQ5: 4011.98 | AR5: 4011.98 | AS5: 4011.98 | AT5: 4011.98 | AU5: 4011.98 | AV5: 4011.98 | AW5: 4011.98 | AX5: 4011.98 | AY5: 4011.98 | AZ5: 4011.98 | BA5: 4011.98 | BB5: 4011.98 | BC5: 4011.98 | BD5: 4011.98 | BE5: 4011.98 | BF5: 4011.98 | BG5: 4011.98 | BH5: 4011.98 | BI5: 4011.98 | BJ5: 4011.98 | BK5: 4011.98 | BL5: 4011.98 | BM5: 4011.98 | BN5: 4011.98 | BO5: 4011.98 | BP5: 4011.98 | BQ5: 4011.98 | BR5: 4011.98 | BS5: 4011.98 | BT5: 4011.98 | BU5: 4011.98 | BV5: 4011.98 | BW5: 4011.98 | BX5: 4011.98 | BY5: 4011.98 | BZ5: 4011.98 | CA5: 4011.98 | CB5: 4011.98 | CC5: 4011.98 | CD5: 4011.98 | CE5: 4011.98 | CF5: 4011.98 | CG5: 4011.98 | CH5: 4011.98 | CI5: 4011.98 | CJ5: 4011.98 | CK5: 4011.98 | CL5: 4011.98 | CM5: 4011.98 | CN5: 4011.98 | CO5: 4011.98 | CP5: 4011.98 | CQ5: 4011.98 | CR5: 4011.98 | CS5: 4011.98 | CT5: 4011.98 | CU5: 4011.98 | CV5: 4011.98 | CW5: 4011.98 | CX5: 4011.98 | CY5: 4011.98 | CZ5: 4011.98 | DA5: 4011.98 | DB5: 4011.98 | DC5: 4011.98 | DD5: 4011.98 | DE5: 4011.98 | DF5: 4011.98 | DG5: 4011.98 | DH5: 4011.98 | DI5: 4011.98 | DJ5: 4011.98 | DK5: 4011.98 | DL5: 4011.98 | DM5: 4011.98 | DN5: 4011.98 | DO5: 4011.98 | DP5: 4011.98 | DQ5: 4011.98 | DR5: 4011.98 | DS5: 4011.98 | DT5: 4011.98 | DU5: 4011.98 | DV5: 4011.98 | DW5: 4011.98 | DX5: 4011.98 | DY5: 4011.98 | DZ5: 4011.98 | EA5: 4011.98 | EB5: 4011.98 | EC5: 4011.98 | ED5: 4011.98 | EE5: 4011.98 | EF5: 4011.98 | EG5: 4011.98 | EH5: 4011.98 | EI5: 4011.98 | EJ5: 4011.98 | EK5: 4011.98 | EL5: 4011.98 | EM5: 4011.98 | EN5: 4011.98 | EO5: 4011.98 | EP5: 4011.98 | EQ5: 4011.98 | ER5: 4011.98 | ES5: 4011.98 | ET5: 4011.98 | EU5: 4011.98 | EV5: 4011.98 | EW5: 4011.98 | EX5: 4011.98 | EY5: 4011.98 | EZ5: 4011.98 | FA5: 4011.98 | FB5: 4011.98 | FC5: 4011.98 | FD5: 4011.98 | FE5: 4011.98 | FF5: 4011.98 | FG5: 4011.98 | FH5: 4011.98 | FI5: 4011.98 | FJ5: 4011.98 | FK5: 4011.98 | FL5: 4011.98 | FM5: 4011.91 | FN5: 0 | FO5: 0 | FP5: 0 | FQ5: 0 | FR5: 0 | FS5: 0 | FT5: 0 | FU5: 0 | FV5: 0 | FW5: 0 | FX5: 0 | FY5: 0 | FZ5: 0 | GA5: 0 | GB5: 0 | GC5: 0 | GD5: 0 | GE5: 0 | GF5: 0 | GG5: 0 | GH5: 0 | GI5: 135667
A6: 136054 | B6: 5412 | C6: João Miguel Ridal Frutuoso | D6: 119.467.038-50 | E6: 0.100339 | F6: SWISS PARK ANAPOLIS | G6: Swiss Park Zurich - Anápolis | H6: =VLOOKUP(B6,Elegibilidade!A:I,9,0) -> Inelegível | I6: 171 | J6: 2383.94 | K6: =NPV(0.8%,T6:GH6) -> 341349.56 | L6: =J6+K6 -> 343733.5 | M6: Menor que 30 Dias | N6: 343733.5 | O6: =NPV((1+12%)^(1/12)-1,T6:GH6) -> 311715.92 | P6: =Vendas!$J$1 -> 885.1292 | Q6: 360 | R6: =P6*Q6 -> 318646.51 | S6: =O6/R6 -> 0.97824989 | T6: 9088.74 | U6: 9088.74 | V6: 16491.05 | W6: 2323.2 | X6: 2323.2 | Y6: 2323.2 | Z6: 2323.2 | AA6: 2323.2 | AB6: 2323.2 | AC6: 2323.2 | AD6: 2323.2 | AE6: 2323.2 | AF6: 2323.2 | AG6: 2323.2 | AH6: 16491.05 | AI6: 2323.2 | AJ6: 2323.2 | AK6: 2323.2 | AL6: 2323.2 | AM6: 2323.2 | AN6: 2323.2 | AO6: 2323.2 | AP6: 2323.2 | AQ6: 2323.2 | AR6: 2323.2 | AS6: 2323.2 | AT6: 16491.05 | AU6: 2323.2 | AV6: 2323.2 | AW6: 2323.2 | AX6: 2323.2 | AY6: 2323.2 | AZ6: 2323.2 | BA6: 2323.2 | BB6: 2323.2 | BC6: 2323.2 | BD6: 2323.2 | BE6: 2323.2 | BF6: 16491.05 | BG6: 2323.2 | BH6: 2323.2 | BI6: 2323.2 | BJ6: 2323.2 | BK6: 2323.2 | BL6: 2323.2 | BM6: 2323.2 | BN6: 2323.2 | BO6: 2323.2 | BP6: 2323.2 | BQ6: 2323.2 | BR6: 16491.05 | BS6: 2323.2 | BT6: 2323.2 | BU6: 2323.2 | BV6: 2323.2 | BW6: 2323.2 | BX6: 2323.2 | BY6: 2323.2 | BZ6: 2323.2 | CA6: 2323.2 | CB6: 2323.2 | CC6: 2323.2 | CD6: 16491.05 | CE6: 2323.2 | CF6: 2323.2 | CG6: 2323.2 | CH6: 2323.2 | CI6: 2323.2 | CJ6: 2323.2 | CK6: 2323.2 | CL6: 2323.2 | CM6: 2323.2 | CN6: 2323.2 | CO6: 2323.2 | CP6: 16491.05 | CQ6: 2323.2 | CR6: 2323.2 | CS6: 2323.2 | CT6: 2323.2 | CU6: 2323.2 | CV6: 2323.2 | CW6: 2323.2 | CX6: 2323.2 | CY6: 2323.2 | CZ6: 2323.2 | DA6: 2323.2 | DB6: 16491.05 | DC6: 2323.2 | DD6: 2323.2 | DE6: 2323.2 | DF6: 2323.2 | DG6: 2323.2 | DH6: 2323.2 | DI6: 2323.2 | DJ6: 2323.2 | DK6: 2323.2 | DL6: 2323.2 | DM6: 2323.2 | DN6: 16491.05 | DO6: 2323.2 | DP6: 2323.2 | DQ6: 2323.2 | DR6: 2323.2 | DS6: 2323.2 | DT6: 2323.2 | DU6: 2323.2 | DV6: 2323.2 | DW6: 2323.2 | DX6: 2323.2 | DY6: 2323.2 | DZ6: 16491.05 | EA6: 2323.2 | EB6: 2323.2 | EC6: 2323.2 | ED6: 2323.2 | EE6: 2323.2 | EF6: 2323.2 | EG6: 2323.2 | EH6: 2323.2 | EI6: 2323.2 | EJ6: 2323.2 | EK6: 2323.2 | EL6: 16491.05 | EM6: 2323.2 | EN6: 2323.2 | EO6: 2323.2 | EP6: 2323.2 | EQ6: 2323.2 | ER6: 2323.2 | ES6: 2323.2 | ET6: 2323.2 | EU6: 2323.2 | EV6: 2323.2 | EW6: 2323.2 | EX6: 16491.05 | EY6: 2323.2 | EZ6: 2323.2 | FA6: 2323.2 | FB6: 2323.2 | FC6: 2323.2 | FD6: 2323.2 | FE6: 2323.2 | FF6: 2323.2 | FG6: 2323.2 | FH6: 2323.2 | FI6: 2323.2 | FJ6: 16491.05 | FK6: 2323.2 | FL6: 2323.2 | FM6: 2323.2 | FN6: 2323.2 | FO6: 2323.2 | FP6: 2323.2 | FQ6: 2323.2 | FR6: 2323.2 | FS6: 2323.2 | FT6: 2323.2 | FU6: 2323.2 | FV6: 16491.05 | FW6: 2323.2 | FX6: 2323.2 | FY6: 2323.2 | FZ6: 2323.2 | GA6: 2323.2 | GB6: 2323.2 | GC6: 2323.2 | GD6: 2323.2 | GE6: 2323.2 | GF6: 2323.2 | GG6: 2323.2 | GH6: 2323.2 | GI6: 136054
A7: 136055 | B7: 5413 | C7: João Miguel Ridal Frutuoso | D7: 119.467.038-50 | E7: 0.100339 | F7: SWISS PARK ANAPOLIS | G7: Swiss Park Zurich - Anápolis | H7: =VLOOKUP(B7,Elegibilidade!A:I,9,0) -> Inelegível | I7: 171 | J7: 2342.28 | K7: =NPV(0.8%,T7:GH7) -> 335382.67 | L7: =J7+K7 -> 337724.95 | M7: Menor que 30 Dias | N7: 337724.95 | O7: =NPV((1+12%)^(1/12)-1,T7:GH7) -> 306267.02 | P7: =Vendas!$J$1 -> 885.1292 | Q7: 413.88 | R7: =P7*Q7 -> 366337.27 | S7: =O7/R7 -> 0.83602474 | T7: 8929.86 | U7: 8929.86 | V7: 16202.78 | W7: 2282.59 | X7: 2282.59 | Y7: 2282.59 | Z7: 2282.59 | AA7: 2282.59 | AB7: 2282.59 | AC7: 2282.59 | AD7: 2282.59 | AE7: 2282.59 | AF7: 2282.59 | AG7: 2282.59 | AH7: 16202.78 | AI7: 2282.59 | AJ7: 2282.59 | AK7: 2282.59 | AL7: 2282.59 | AM7: 2282.59 | AN7: 2282.59 | AO7: 2282.59 | AP7: 2282.59 | AQ7: 2282.59 | AR7: 2282.59 | AS7: 2282.59 | AT7: 16202.78 | AU7: 2282.59 | AV7: 2282.59 | AW7: 2282.59 | AX7: 2282.59 | AY7: 2282.59 | AZ7: 2282.59 | BA7: 2282.59 | BB7: 2282.59 | BC7: 2282.59 | BD7: 2282.59 | BE7: 2282.59 | BF7: 16202.78 | BG7: 2282.59 | BH7: 2282.59 | BI7: 2282.59 | BJ7: 2282.59 | BK7: 2282.59 | BL7: 2282.59 | BM7: 2282.59 | BN7: 2282.59 | BO7: 2282.59 | BP7: 2282.59 | BQ7: 2282.59 | BR7: 16202.78 | BS7: 2282.59 | BT7: 2282.59 | BU7: 2282.59 | BV7: 2282.59 | BW7: 2282.59 | BX7: 2282.59 | BY7: 2282.59 | BZ7: 2282.59 | CA7: 2282.59 | CB7: 2282.59 | CC7: 2282.59 | CD7: 16202.78 | CE7: 2282.59 | CF7: 2282.59 | CG7: 2282.59 | CH7: 2282.59 | CI7: 2282.59 | CJ7: 2282.59 | CK7: 2282.59 | CL7: 2282.59 | CM7: 2282.59 | CN7: 2282.59 | CO7: 2282.59 | CP7: 16202.78 | CQ7: 2282.59 | CR7: 2282.59 | CS7: 2282.59 | CT7: 2282.59 | CU7: 2282.59 | CV7: 2282.59 | CW7: 2282.59 | CX7: 2282.59 | CY7: 2282.59 | CZ7: 2282.59 | DA7: 2282.59 | DB7: 16202.78 | DC7: 2282.59 | DD7: 2282.59 | DE7: 2282.59 | DF7: 2282.59 | DG7: 2282.59 | DH7: 2282.59 | DI7: 2282.59 | DJ7: 2282.59 | DK7: 2282.59 | DL7: 2282.59 | DM7: 2282.59 | DN7: 16202.78 | DO7: 2282.59 | DP7: 2282.59 | DQ7: 2282.59 | DR7: 2282.59 | DS7: 2282.59 | DT7: 2282.59 | DU7: 2282.59 | DV7: 2282.59 | DW7: 2282.59 | DX7: 2282.59 | DY7: 2282.59 | DZ7: 16202.78 | EA7: 2282.59 | EB7: 2282.59 | EC7: 2282.59 | ED7: 2282.59 | EE7: 2282.59 | EF7: 2282.59 | EG7: 2282.59 | EH7: 2282.59 | EI7: 2282.59 | EJ7: 2282.59 | EK7: 2282.59 | EL7: 16202.78 | EM7: 2282.59 | EN7: 2282.59 | EO7: 2282.59 | EP7: 2282.59 | EQ7: 2282.59 | ER7: 2282.59 | ES7: 2282.59 | ET7: 2282.59 | EU7: 2282.59 | EV7: 2282.59 | EW7: 2282.59 | EX7: 16202.78 | EY7: 2282.59 | EZ7: 2282.59 | FA7: 2282.59 | FB7: 2282.59 | FC7: 2282.59 | FD7: 2282.59 | FE7: 2282.59 | FF7: 2282.59 | FG7: 2282.59 | FH7: 2282.59 | FI7: 2282.59 | FJ7: 16202.78 | FK7: 2282.59 | FL7: 2282.59 | FM7: 2282.59 | FN7: 2282.59 | FO7: 2282.59 | FP7: 2282.59 | FQ7: 2282.59 | FR7: 2282.59 | FS7: 2282.59 | FT7: 2282.59 | FU7: 2282.59 | FV7: 16202.78 | FW7: 2282.59 | FX7: 2282.59 | FY7: 2282.59 | FZ7: 2282.59 | GA7: 2282.59 | GB7: 2282.59 | GC7: 2282.59 | GD7: 2282.59 | GE7: 2282.59 | GF7: 2282.59 | GG7: 2282.59 | GH7: 2282.59 | GI7: 136055
A8: 135924 | B8: 6498 | C8: Camila Moreira De Queiroz Alencar | D8: 054.505.581-47 | E8: 0.100339 | F8: SWISS PARK ANAPOLIS | G8: Swiss Park Zurich - Anápolis | H8: =VLOOKUP(B8,Elegibilidade!A:I,9,0) -> Elegível | I8: 161 | J8: 0 | K8: =NPV(0.8%,T8:GH8) -> 335412.07 | L8: =J8+K8 -> 335412.07 | M8: Adimplente | N8: 335412.07 | O8: =NPV((1+12%)^(1/12)-1,T8:GH8) -> 306030.33 | P8: =Vendas!$J$1 -> 885.1292 | Q8: 360.39 | R8: =P8*Q8 -> 318991.71 | S8: =O8/R8 -> 0.95936765 | T8: 4128.46 | U8: 2632.62 | V8: 2632.62 | W8: 2632.62 | X8: 2632.62 | Y8: 2632.62 | Z8: 2632.62 | AA8: 2632.62 | AB8: 2632.62 | AC8: 16534.28 | AD8: 2632.62 | AE8: 2632.62 | AF8: 2632.62 | AG8: 2632.62 | AH8: 2632.62 | AI8: 2632.62 | AJ8: 2632.62 | AK8: 2632.62 | AL8: 2632.62 | AM8: 2632.62 | AN8: 2632.62 | AO8: 16534.28 | AP8: 2632.62 | AQ8: 2632.62 | AR8: 2632.62 | AS8: 2632.62 | AT8: 2632.62 | AU8: 2632.62 | AV8: 2632.62 | AW8: 2632.62 | AX8: 2632.62 | AY8: 2632.62 | AZ8: 2632.62 | BA8: 16534.28 | BB8: 2632.62 | BC8: 2632.62 | BD8: 2632.62 | BE8: 2632.62 | BF8: 2632.62 | BG8: 2632.62 | BH8: 2632.62 | BI8: 2632.62 | BJ8: 2632.62 | BK8: 2632.62 | BL8: 2632.62 | BM8: 16534.28 | BN8: 2632.62 | BO8: 2632.62 | BP8: 2632.62 | BQ8: 2632.62 | BR8: 2632.62 | BS8: 2632.62 | BT8: 2632.62 | BU8: 2632.62 | BV8: 2632.62 | BW8: 2632.62 | BX8: 2632.62 | BY8: 16534.28 | BZ8: 2632.62 | CA8: 2632.62 | CB8: 2632.62 | CC8: 2632.62 | CD8: 2632.62 | CE8: 2632.62 | CF8: 2632.62 | CG8: 2632.62 | CH8: 2632.62 | CI8: 2632.62 | CJ8: 2632.62 | CK8: 16534.28 | CL8: 2632.62 | CM8: 2632.62 | CN8: 2632.62 | CO8: 2632.62 | CP8: 2632.62 | CQ8: 2632.62 | CR8: 2632.62 | CS8: 2632.62 | CT8: 2632.62 | CU8: 2632.62 | CV8: 2632.62 | CW8: 16534.28 | CX8: 2632.62 | CY8: 2632.62 | CZ8: 2632.62 | DA8: 2632.62 | DB8: 2632.62 | DC8: 2632.62 | DD8: 2632.62 | DE8: 2632.62 | DF8: 2632.62 | DG8: 2632.62 | DH8: 2632.62 | DI8: 16534.28 | DJ8: 2632.62 | DK8: 2632.62 | DL8: 2632.62 | DM8: 2632.62 | DN8: 2632.62 | DO8: 2632.62 | DP8: 2632.62 | DQ8: 2632.62 | DR8: 2632.62 | DS8: 2632.62 | DT8: 2632.62 | DU8: 16534.28 | DV8: 2632.62 | DW8: 2632.62 | DX8: 2632.62 | DY8: 2632.62 | DZ8: 2632.62 | EA8: 2632.62 | EB8: 2632.62 | EC8: 2632.62 | ED8: 2632.62 | EE8: 2632.62 | EF8: 2632.62 | EG8: 16534.28 | EH8: 2632.62 | EI8: 2632.62 | EJ8: 2632.62 | EK8: 2632.62 | EL8: 2632.62 | EM8: 2632.62 | EN8: 2632.62 | EO8: 2632.62 | EP8: 2632.62 | EQ8: 2632.62 | ER8: 2632.62 | ES8: 16534.28 | ET8: 2632.62 | EU8: 2632.62 | EV8: 2632.62 | EW8: 2632.62 | EX8: 2632.62 | EY8: 2632.62 | EZ8: 2632.62 | FA8: 2632.62 | FB8: 2632.62 | FC8: 2632.62 | FD8: 2632.62 | FE8: 16534.24 | FF8: 2632.62 | FG8: 2632.62 | FH8: 2632.62 | FI8: 2632.62 | FJ8: 2632.62 | FK8: 2632.62 | FL8: 2632.62 | FM8: 2632.62 | FN8: 2632.62 | FO8: 2632.62 | FP8: 2632.62 | FQ8: 2632.62 | FR8: 2632.62 | FS8: 2632.62 | FT8: 2632.62 | FU8: 2632.62 | FV8: 2632.62 | FW8: 2632.62 | FX8: 2632.49 | FY8: 0 | FZ8: 0 | GA8: 0 | GB8: 0 | GC8: 0 | GD8: 0 | GE8: 0 | GF8: 0 | GG8: 0 | GH8: 0 | GI8: 135924
A9: 135654 | B9: 6379 | C9: Jorge Miguel Gonzales Dutra | D9: 011.205.931-74 | E9: 0.1003 | F9: SWISS PARK ANAPOLIS | G9: Swiss Park Zurich - Anápolis | H9: =VLOOKUP(B9,Elegibilidade!A:I,9,0) -> Elegível | I9: 145 | J9: 0 | K9: =NPV(0.8%,T9:GH9) -> 335341.21 | L9: =J9+K9 -> 335341.21 | M9: Adimplente | N9: 335341.21 | O9: =NPV((1+12%)^(1/12)-1,T9:GH9) -> 307766.29 | P9: =Vendas!$J$1 -> 885.1292 | Q9: 453.7 | R9: =P9*Q9 -> 401583.12 | S9: =O9/R9 -> 0.76638255 | T9: 3916.03 | U9: 3916.03 | V9: 3916.03 | W9: 3916.03 | X9: 3916.03 | Y9: 3916.03 | Z9: 3916.03 | AA9: 3916.03 | AB9: 3916.03 | AC9: 3916.03 | AD9: 3916.03 | AE9: 3916.03 | AF9: 3916.03 | AG9: 3916.03 | AH9: 3916.03 | AI9: 3916.03 | AJ9: 3916.03 | AK9: 3916.03 | AL9: 3916.03 | AM9: 3916.03 | AN9: 3916.03 | AO9: 3916.03 | AP9: 3916.03 | AQ9: 3916.03 | AR9: 3916.03 | AS9: 3916.03 | AT9: 3916.03 | AU9: 3916.03 | AV9: 3916.03 | AW9: 3916.03 | AX9: 3916.03 | AY9: 3916.03 | AZ9: 3916.03 | BA9: 3916.03 | BB9: 3916.03 | BC9: 3916.03 | BD9: 3916.03 | BE9: 3916.03 | BF9: 3916.03 | BG9: 3916.03 | BH9: 3916.03 | BI9: 3916.03 | BJ9: 3916.03 | BK9: 3916.03 | BL9: 3916.03 | BM9: 3916.03 | BN9: 3916.03 | BO9: 3916.03 | BP9: 3916.03 | BQ9: 3916.03 | BR9: 3916.03 | BS9: 3916.03 | BT9: 3916.03 | BU9: 3916.03 | BV9: 3916.03 | BW9: 3916.03 | BX9: 3916.03 | BY9: 3916.03 | BZ9: 3916.03 | CA9: 3916.03 | CB9: 3916.03 | CC9: 3916.03 | CD9: 3916.03 | CE9: 3916.03 | CF9: 3916.03 | CG9: 3916.03 | CH9: 3916.03 | CI9: 3916.03 | CJ9: 3916.03 | CK9: 3916.03 | CL9: 3916.03 | CM9: 3916.03 | CN9: 3916.03 | CO9: 3916.03 | CP9: 3916.03 | CQ9: 3916.03 | CR9: 3916.03 | CS9: 3916.03 | CT9: 3916.03 | CU9: 3916.03 | CV9: 3916.03 | CW9: 3916.03 | CX9: 3916.03 | CY9: 3916.03 | CZ9: 3916.03 | DA9: 3916.03 | DB9: 3916.03 | DC9: 3916.03 | DD9: 3916.03 | DE9: 3916.03 | DF9: 3916.03 | DG9: 3916.03 | DH9: 3916.03 | DI9: 3916.03 | DJ9: 3916.03 | DK9: 3916.03 | DL9: 3916.03 | DM9: 3916.03 | DN9: 3916.03 | DO9: 3916.03 | DP9: 3916.03 | DQ9: 3916.03 | DR9: 3916.03 | DS9: 3916.03 | DT9: 3916.03 | DU9: 3916.03 | DV9: 3916.03 | DW9: 3916.03 | DX9: 3916.03 | DY9: 3916.03 | DZ9: 3916.03 | EA9: 3916.03 | EB9: 3916.03 | EC9: 3916.03 | ED9: 3916.03 | EE9: 3916.03 | EF9: 3916.03 | EG9: 3916.03 | EH9: 3916.03 | EI9: 3916.03 | EJ9: 3916.03 | EK9: 3916.03 | EL9: 3916.03 | EM9: 3916.03 | EN9: 3916.03 | EO9: 3916.03 | EP9: 3916.03 | EQ9: 3916.03 | ER9: 3916.03 | ES9: 3916.03 | ET9: 3916.03 | EU9: 3916.03 | EV9: 3916.03 | EW9: 3916.03 | EX9: 3916.03 | EY9: 3916.03 | EZ9: 3916.03 | FA9: 3916.03 | FB9: 3916.03 | FC9: 3916.03 | FD9: 3916.03 | FE9: 3916.03 | FF9: 3916.03 | FG9: 3916.03 | FH9: 3916.03 | FI9: 0 | FJ9: 0 | FK9: 0 | FL9: 0 | FM9: 0 | FN9: 0 | FO9: 0 | FP9: 0 | FQ9: 0 | FR9: 0 | FS9: 0 | FT9: 0 | FU9: 0 | FV9: 0 | FW9: 0 | FX9: 0 | FY9: 0 | FZ9: 0 | GA9: 0 | GB9: 0 | GC9: 0 | GD9: 0 | GE9: 0 | GF9: 0 | GG9: 0 | GH9: 0 | GI9: 135654
A10: 135652 | B10: 6414 | C10: Joao Vitor Florian | D10: 753.943.751-00 | E10: 0.1003 | F10: SWISS PARK ANAPOLIS | G10: Swiss Park Zurich - Anápolis | H10: =VLOOKUP(B10,Elegibilidade!A:I,9,0) -> Elegível | I10: 153 | J10: 0 | K10: =NPV(0.8%,T10:GH10) -> 332988.89 | L10: =J10+K10 -> 332988.89 | M10: Adimplente | N10: 332988.89 | O10: =NPV((1+12%)^(1/12)-1,T10:GH10) -> 304543.67 | P10: =Vendas!$J$1 -> 885.1292 | Q10: 385.77 | R10: =P10*Q10 -> 341456.29 | S10: =O10/R10 -> 0.89189649 | T10: 3781.21 | U10: 3781.21 | V10: 3781.21 | W10: 3781.21 | X10: 3781.21 | Y10: 3781.21 | Z10: 3781.21 | AA10: 3781.21 | AB10: 3781.21 | AC10: 3781.21 | AD10: 3781.21 | AE10: 3781.21 | AF10: 3781.21 | AG10: 3781.21 | AH10: 3781.21 | AI10: 3781.21 | AJ10: 3781.21 | AK10: 3781.21 | AL10: 3781.21 | AM10: 3781.21 | AN10: 3781.21 | AO10: 3781.21 | AP10: 3781.21 | AQ10: 3781.21 | AR10: 3781.21 | AS10: 3781.21 | AT10: 3781.21 | AU10: 3781.21 | AV10: 3781.21 | AW10: 3781.21 | AX10: 3781.21 | AY10: 3781.21 | AZ10: 3781.21 | BA10: 3781.21 | BB10: 3781.21 | BC10: 3781.21 | BD10: 3781.21 | BE10: 3781.21 | BF10: 3781.21 | BG10: 3781.21 | BH10: 3781.21 | BI10: 3781.21 | BJ10: 3781.21 | BK10: 3781.21 | BL10: 3781.21 | BM10: 3781.21 | BN10: 3781.21 | BO10: 3781.21 | BP10: 3781.21 | BQ10: 3781.21 | BR10: 3781.21 | BS10: 3781.21 | BT10: 3781.21 | BU10: 3781.21 | BV10: 3781.21 | BW10: 3781.21 | BX10: 3781.21 | BY10: 3781.21 | BZ10: 3781.21 | CA10: 3781.21 | CB10: 3781.21 | CC10: 3781.21 | CD10: 3781.21 | CE10: 3781.21 | CF10: 3781.21 | CG10: 3781.21 | CH10: 3781.21 | CI10: 3781.21 | CJ10: 3781.21 | CK10: 3781.21 | CL10: 3781.21 | CM10: 3781.21 | CN10: 3781.21 | CO10: 3781.21 | CP10: 3781.21 | CQ10: 3781.21 | CR10: 3781.21 | CS10: 3781.21 | CT10: 3781.21 | CU10: 3781.21 | CV10: 3781.21 | CW10: 3781.21 | CX10: 3781.21 | CY10: 3781.21 | CZ10: 3781.21 | DA10: 3781.21 | DB10: 3781.21 | DC10: 3781.21 | DD10: 3781.21 | DE10: 3781.21 | DF10: 3781.21 | DG10: 3781.21 | DH10: 3781.21 | DI10: 3781.21 | DJ10: 3781.21 | DK10: 3781.21 | DL10: 3781.21 | DM10: 3781.21 | DN10: 3781.21 | DO10: 3781.21 | DP10: 3781.21 | DQ10: 3781.21 | DR10: 3781.21 | DS10: 3781.21 | DT10: 3781.21 | DU10: 3781.21 | DV10: 3781.21 | DW10: 3781.21 | DX10: 3781.21 | DY10: 3781.21 | DZ10: 3781.21 | EA10: 3781.21 | EB10: 3781.21 | EC10: 3781.21 | ED10: 3781.21 | EE10: 3781.21 | EF10: 3781.21 | EG10: 3781.21 | EH10: 3781.21 | EI10: 3781.21 | EJ10: 3781.21 | EK10: 3781.21 | EL10: 3781.21 | EM10: 3781.21 | EN10: 3781.21 | EO10: 3781.21 | EP10: 3781.21 | EQ10: 3781.21 | ER10: 3781.21 | ES10: 3781.21 | ET10: 3781.21 | EU10: 3781.21 | EV10: 3781.21 | EW10: 3781.21 | EX10: 3781.21 | EY10: 3781.21 | EZ10: 3781.21 | FA10: 3781.21 | FB10: 3781.21 | FC10: 3781.21 | FD10: 3781.21 | FE10: 3781.21 | FF10: 3781.21 | FG10: 3781.21 | FH10: 3781.21 | FI10: 3781.21 | FJ10: 3781.21 | FK10: 3781.21 | FL10: 3781.21 | FM10: 3781.21 | FN10: 3781.21 | FO10: 3781.21 | FP10: 3781.24 | FQ10: 0 | FR10: 0 | FS10: 0 | FT10: 0 | FU10: 0 | FV10: 0 | FW10: 0 | FX10: 0 | FY10: 0 | FZ10: 0 | GA10: 0 | GB10: 0 | GC10: 0 | GD10: 0 | GE10: 0 | GF10: 0 | GG10: 0 | GH10: 0 | GI10: 135652
A11: 135923 | B11: 6497 | C11: Moises Elias De Souza Alves | D11: 042.851.991-14 | E11: 0.100339 | F11: SWISS PARK ANAPOLIS | G11: Swiss Park Zurich - Anápolis | H11: =VLOOKUP(B11,Elegibilidade!A:I,9,0) -> Elegível | I11: 160 | J11: 0 | K11: =NPV(0.8%,T11:GH11) -> 332426.53 | L11: =J11+K11 -> 332426.53 | M11: Adimplente | N11: 332426.53 | O11: =NPV((1+12%)^(1/12)-1,T11:GH11) -> 303396.13 | P11: =Vendas!$J$1 -> 885.1292 | Q11: 376.8 | R11: =P11*Q11 -> 333516.68 | S11: =O11/R11 -> 0.90968803 | T11: 4100.63 | U11: 2614.88 | V11: 2614.88 | W11: 2614.88 | X11: 2614.88 | Y11: 2614.88 | Z11: 2614.88 | AA11: 2614.88 | AB11: 2614.88 | AC11: 16422.8 | AD11: 2614.88 | AE11: 2614.88 | AF11: 2614.88 | AG11: 2614.88 | AH11: 2614.88 | AI11: 2614.88 | AJ11: 2614.88 | AK11: 2614.88 | AL11: 2614.88 | AM11: 2614.88 | AN11: 2614.88 | AO11: 16422.8 | AP11: 2614.88 | AQ11: 2614.88 | AR11: 2614.88 | AS11: 2614.88 | AT11: 2614.88 | AU11: 2614.88 | AV11: 2614.88 | AW11: 2614.88 | AX11: 2614.88 | AY11: 2614.88 | AZ11: 2614.88 | BA11: 16422.8 | BB11: 2614.88 | BC11: 2614.88 | BD11: 2614.88 | BE11: 2614.88 | BF11: 2614.88 | BG11: 2614.88 | BH11: 2614.88 | BI11: 2614.88 | BJ11: 2614.88 | BK11: 2614.88 | BL11: 2614.88 | BM11: 16422.8 | BN11: 2614.88 | BO11: 2614.88 | BP11: 2614.88 | BQ11: 2614.88 | BR11: 2614.88 | BS11: 2614.88 | BT11: 2614.88 | BU11: 2614.88 | BV11: 2614.88 | BW11: 2614.88 | BX11: 2614.88 | BY11: 16422.8 | BZ11: 2614.88 | CA11: 2614.88 | CB11: 2614.88 | CC11: 2614.88 | CD11: 2614.88 | CE11: 2614.88 | CF11: 2614.88 | CG11: 2614.88 | CH11: 2614.88 | CI11: 2614.88 | CJ11: 2614.88 | CK11: 16422.8 | CL11: 2614.88 | CM11: 2614.88 | CN11: 2614.88 | CO11: 2614.88 | CP11: 2614.88 | CQ11: 2614.88 | CR11: 2614.88 | CS11: 2614.88 | CT11: 2614.88 | CU11: 2614.88 | CV11: 2614.88 | CW11: 16422.8 | CX11: 2614.88 | CY11: 2614.88 | CZ11: 2614.88 | DA11: 2614.88 | DB11: 2614.88 | DC11: 2614.88 | DD11: 2614.88 | DE11: 2614.88 | DF11: 2614.88 | DG11: 2614.88 | DH11: 2614.88 | DI11: 16422.8 | DJ11: 2614.88 | DK11: 2614.88 | DL11: 2614.88 | DM11: 2614.88 | DN11: 2614.88 | DO11: 2614.88 | DP11: 2614.88 | DQ11: 2614.88 | DR11: 2614.88 | DS11: 2614.88 | DT11: 2614.88 | DU11: 16422.8 | DV11: 2614.88 | DW11: 2614.88 | DX11: 2614.88 | DY11: 2614.88 | DZ11: 2614.88 | EA11: 2614.88 | EB11: 2614.88 | EC11: 2614.88 | ED11: 2614.88 | EE11: 2614.88 | EF11: 2614.88 | EG11: 16422.8 | EH11: 2614.88 | EI11: 2614.88 | EJ11: 2614.88 | EK11: 2614.88 | EL11: 2614.88 | EM11: 2614.88 | EN11: 2614.88 | EO11: 2614.88 | EP11: 2614.88 | EQ11: 2614.88 | ER11: 2614.88 | ES11: 16422.8 | ET11: 2614.88 | EU11: 2614.88 | EV11: 2614.88 | EW11: 2614.88 | EX11: 2614.88 | EY11: 2614.88 | EZ11: 2614.88 | FA11: 2614.88 | FB11: 2614.88 | FC11: 2614.88 | FD11: 2614.88 | FE11: 16422.77 | FF11: 2614.88 | FG11: 2614.88 | FH11: 2614.88 | FI11: 2614.88 | FJ11: 2614.88 | FK11: 2614.88 | FL11: 2614.88 | FM11: 2614.88 | FN11: 2614.88 | FO11: 2614.88 | FP11: 2614.88 | FQ11: 2614.88 | FR11: 2614.88 | FS11: 2614.88 | FT11: 2614.88 | FU11: 2614.88 | FV11: 2614.88 | FW11: 2614.88 | FX11: 0 | FY11: 0 | FZ11: 0 | GA11: 0 | GB11: 0 | GC11: 0 | GD11: 0 | GE11: 0 | GF11: 0 | GG11: 0 | GH11: 0 | GI11: 135923
A12: 136100 | B12: 5420 | C12: Vagner Ricardo de Souza Godoi | D12: 040.227.541-17 | E12: 0.100339 | F12: SWISS PARK ANAPOLIS | G12: Swiss Park Zurich - Anápolis | H12: =VLOOKUP(B12,Elegibilidade!A:I,9,0) -> Inelegível | I12: 170 | J12: 0 | K12: =NPV(0.8%,T12:GH12) -> 331477.97 | L12: =J12+K12 -> 331477.97 | M12: Adimplente | N12: 331477.97 | O12: =NPV((1+12%)^(1/12)-1,T12:GH12) -> 301937.18 | P12: =Vendas!$J$1 -> 885.1292 | Q12: 375.43 | R12: =P12*Q12 -> 332304.06 | S12: =O12/R12 -> 0.9086172 | T12: 11290.22 | U12: 11290.22 | V12: 2266.62 | W12: 2266.62 | X12: 2266.62 | Y12: 2266.62 | Z12: 2266.62 | AA12: 2266.62 | AB12: 2266.62 | AC12: 2266.62 | AD12: 2266.62 | AE12: 16332.94 | AF12: 2266.62 | AG12: 2266.62 | AH12: 2266.62 | AI12: 2266.62 | AJ12: 2266.62 | AK12: 2266.62 | AL12: 2266.62 | AM12: 2266.62 | AN12: 2266.62 | AO12: 2266.62 | AP12: 2266.62 | AQ12: 16332.94 | AR12: 2266.62 | AS12: 2266.62 | AT12: 2266.62 | AU12: 2266.62 | AV12: 2266.62 | AW12: 2266.62 | AX12: 2266.62 | AY12: 2266.62 | AZ12: 2266.62 | BA12: 2266.62 | BB12: 2266.62 | BC12: 16332.94 | BD12: 2266.62 | BE12: 2266.62 | BF12: 2266.62 | BG12: 2266.62 | BH12: 2266.62 | BI12: 2266.62 | BJ12: 2266.62 | BK12: 2266.62 | BL12: 2266.62 | BM12: 2266.62 | BN12: 2266.62 | BO12: 16332.94 | BP12: 2266.62 | BQ12: 2266.62 | BR12: 2266.62 | BS12: 2266.62 | BT12: 2266.62 | BU12: 2266.62 | BV12: 2266.62 | BW12: 2266.62 | BX12: 2266.62 | BY12: 2266.62 | BZ12: 2266.62 | CA12: 16332.94 | CB12: 2266.62 | CC12: 2266.62 | CD12: 2266.62 | CE12: 2266.62 | CF12: 2266.62 | CG12: 2266.62 | CH12: 2266.62 | CI12: 2266.62 | CJ12: 2266.62 | CK12: 2266.62 | CL12: 2266.62 | CM12: 16332.94 | CN12: 2266.62 | CO12: 2266.62 | CP12: 2266.62 | CQ12: 2266.62 | CR12: 2266.62 | CS12: 2266.62 | CT12: 2266.62 | CU12: 2266.62 | CV12: 2266.62 | CW12: 2266.62 | CX12: 2266.62 | CY12: 16332.94 | CZ12: 2266.62 | DA12: 2266.62 | DB12: 2266.62 | DC12: 2266.62 | DD12: 2266.62 | DE12: 2266.62 | DF12: 2266.62 | DG12: 2266.62 | DH12: 2266.62 | DI12: 2266.62 | DJ12: 2266.62 | DK12: 16332.94 | DL12: 2266.62 | DM12: 2266.62 | DN12: 2266.62 | DO12: 2266.62 | DP12: 2266.62 | DQ12: 2266.62 | DR12: 2266.62 | DS12: 2266.62 | DT12: 2266.62 | DU12: 2266.62 | DV12: 2266.62 | DW12: 16332.94 | DX12: 2266.62 | DY12: 2266.62 | DZ12: 2266.62 | EA12: 2266.62 | EB12: 2266.62 | EC12: 2266.62 | ED12: 2266.62 | EE12: 2266.62 | EF12: 2266.62 | EG12: 2266.62 | EH12: 2266.62 | EI12: 16332.94 | EJ12: 2266.62 | EK12: 2266.62 | EL12: 2266.62 | EM12: 2266.62 | EN12: 2266.62 | EO12: 2266.62 | EP12: 2266.62 | EQ12: 2266.62 | ER12: 2266.62 | ES12: 2266.62 | ET12: 2266.62 | EU12: 16332.94 | EV12: 2266.62 | EW12: 2266.62 | EX12: 2266.62 | EY12: 2266.62 | EZ12: 2266.62 | FA12: 2266.62 | FB12: 2266.62 | FC12: 2266.62 | FD12: 2266.62 | FE12: 2266.62 | FF12: 2266.62 | FG12: 16332.94 | FH12: 2266.62 | FI12: 2266.62 | FJ12: 2266.62 | FK12: 2266.62 | FL12: 2266.62 | FM12: 2266.62 | FN12: 2266.62 | FO12: 2266.62 | FP12: 2266.62 | FQ12: 2266.62 | FR12: 2266.62 | FS12: 16332.94 | FT12: 2266.62 | FU12: 2266.62 | FV12: 2266.62 | FW12: 2266.62 | FX12: 2266.62 | FY12: 2266.62 | FZ12: 2266.62 | GA12: 2266.62 | GB12: 2266.62 | GC12: 2266.62 | GD12: 2266.62 | GE12: 16332.94 | GF12: 2266.62 | GG12: 2266.62 | GH12: 0 | GI12: 136100
A13: 135616 | B13: 6399 | C13: Ancor Construtora Ltda | D13: 28.241.797/0001-38 | E13: 0.1003 | F13: SWISS PARK ANAPOLIS | G13: Swiss Park Zurich - Anápolis | H13: =VLOOKUP(B13,Elegibilidade!A:I,9,0) -> Elegível | I13: 149 | J13: 3851.99 | K13: =NPV(0.8%,T13:GH13) -> 325923.13 | L13: =J13+K13 -> 329775.12 | M13: Menor que 30 Dias | N13: 329775.12 | O13: =NPV((1+12%)^(1/12)-1,T13:GH13) -> 298597.3 | P13: =Vendas!$J$1 -> 885.1292 | Q13: 434.56 | R13: =P13*Q13 -> 384641.74 | S13: =O13/R13 -> 0.77629977 | T13: 3751.94 | U13: 3751.94 | V13: 3751.94 | W13: 3751.94 | X13: 3751.94 | Y13: 3751.94 | Z13: 3751.94 | AA13: 3751.94 | AB13: 3751.94 | AC13: 3751.94 | AD13: 3751.94 | AE13: 3751.94 | AF13: 3751.94 | AG13: 3751.94 | AH13: 3751.94 | AI13: 3751.94 | AJ13: 3751.94 | AK13: 3751.94 | AL13: 3751.94 | AM13: 3751.94 | AN13: 3751.94 | AO13: 3751.94 | AP13: 3751.94 | AQ13: 3751.94 | AR13: 3751.94 | AS13: 3751.94 | AT13: 3751.94 | AU13: 3751.94 | AV13: 3751.94 | AW13: 3751.94 | AX13: 3751.94 | AY13: 3751.94 | AZ13: 3751.94 | BA13: 3751.94 | BB13: 3751.94 | BC13: 3751.94 | BD13: 3751.94 | BE13: 3751.94 | BF13: 3751.94 | BG13: 3751.94 | BH13: 3751.94 | BI13: 3751.94 | BJ13: 3751.94 | BK13: 3751.94 | BL13: 3751.94 | BM13: 3751.94 | BN13: 3751.94 | BO13: 3751.94 | BP13: 3751.94 | BQ13: 3751.94 | BR13: 3751.94 | BS13: 3751.94 | BT13: 3751.94 | BU13: 3751.94 | BV13: 3751.94 | BW13: 3751.94 | BX13: 3751.94 | BY13: 3751.94 | BZ13: 3751.94 | CA13: 3751.94 | CB13: 3751.94 | CC13: 3751.94 | CD13: 3751.94 | CE13: 3751.94 | CF13: 3751.94 | CG13: 3751.94 | CH13: 3751.94 | CI13: 3751.94 | CJ13: 3751.94 | CK13: 3751.94 | CL13: 3751.94 | CM13: 3751.94 | CN13: 3751.94 | CO13: 3751.94 | CP13: 3751.94 | CQ13: 3751.94 | CR13: 3751.94 | CS13: 3751.94 | CT13: 3751.94 | CU13: 3751.94 | CV13: 3751.94 | CW13: 3751.94 | CX13: 3751.94 | CY13: 3751.94 | CZ13: 3751.94 | DA13: 3751.94 | DB13: 3751.94 | DC13: 3751.94 | DD13: 3751.94 | DE13: 3751.94 | DF13: 3751.94 | DG13: 3751.94 | DH13: 3751.94 | DI13: 3751.94 | DJ13: 3751.94 | DK13: 3751.94 | DL13: 3751.94 | DM13: 3751.94 | DN13: 3751.94 | DO13: 3751.94 | DP13: 3751.94 | DQ13: 3751.94 | DR13: 3751.94 | DS13: 3751.94 | DT13: 3751.94 | DU13: 3751.94 | DV13: 3751.94 | DW13: 3751.94 | DX13: 3751.94 | DY13: 3751.94 | DZ13: 3751.94 | EA13: 3751.94 | EB13: 3751.94 | EC13: 3751.94 | ED13: 3751.94 | EE13: 3751.94 | EF13: 3751.94 | EG13: 3751.94 | EH13: 3751.94 | EI13: 3751.94 | EJ13: 3751.94 | EK13: 3751.94 | EL13: 3751.94 | EM13: 3751.94 | EN13: 3751.94 | EO13: 3751.94 | EP13: 3751.94 | EQ13: 3751.94 | ER13: 3751.94 | ES13: 3751.94 | ET13: 3751.94 | EU13: 3751.94 | EV13: 3751.94 | EW13: 3751.94 | EX13: 3751.94 | EY13: 3751.94 | EZ13: 3751.94 | FA13: 3751.94 | FB13: 3751.94 | FC13: 3751.94 | FD13: 3751.94 | FE13: 3751.94 | FF13: 3751.94 | FG13: 3751.94 | FH13: 3751.94 | FI13: 3751.94 | FJ13: 3751.94 | FK13: 3751.94 | FL13: 3751.9 | FM13: 0 | FN13: 0 | FO13: 0 | FP13: 0 | FQ13: 0 | FR13: 0 | FS13: 0 | FT13: 0 | FU13: 0 | FV13: 0 | FW13: 0 | FX13: 0 | FY13: 0 | FZ13: 0 | GA13: 0 | GB13: 0 | GC13: 0 | GD13: 0 | GE13: 0 | GF13: 0 | GG13: 0 | GH13: 0 | GI13: 135616
A14: 135674 | B14: 6472 | C14: Paulo Gabriel Fontoura Ferreira | D14: 031.444.551-05 | E14: 0.1003 | F14: SWISS PARK ANAPOLIS | G14: Swiss Park Zurich - Anápolis | H14: =VLOOKUP(B14,Elegibilidade!A:I,9,0) -> Elegível | I14: 153 | J14: 0 | K14: =NPV(0.8%,T14:GH14) -> 326840.67 | L14: =J14+K14 -> 326840.67 | M14: Adimplente | N14: 326840.67 | O14: =NPV((1+12%)^(1/12)-1,T14:GH14) -> 299191.16 | P14: =Vendas!$J$1 -> 885.1292 | Q14: 369.06 | R14: =P14*Q14 -> 326665.78 | S14: =O14/R14 -> 0.91589377 | T14: 2608.21 | U14: 2608.21 | V14: 2608.21 | W14: 2608.21 | X14: 2608.21 | Y14: 2608.21 | Z14: 16332.26 | AA14: 2608.21 | AB14: 2608.21 | AC14: 2608.21 | AD14: 2608.21 | AE14: 2608.21 | AF14: 2608.21 | AG14: 2608.21 | AH14: 2608.21 | AI14: 2608.21 | AJ14: 2608.21 | AK14: 2608.21 | AL14: 16332.26 | AM14: 2608.21 | AN14: 2608.21 | AO14: 2608.21 | AP14: 2608.21 | AQ14: 2608.21 | AR14: 2608.21 | AS14: 2608.21 | AT14: 2608.21 | AU14: 2608.21 | AV14: 2608.21 | AW14: 2608.21 | AX14: 16332.26 | AY14: 2608.21 | AZ14: 2608.21 | BA14: 2608.21 | BB14: 2608.21 | BC14: 2608.21 | BD14: 2608.21 | BE14: 2608.21 | BF14: 2608.21 | BG14: 2608.21 | BH14: 2608.21 | BI14: 2608.21 | BJ14: 16332.26 | BK14: 2608.21 | BL14: 2608.21 | BM14: 2608.21 | BN14: 2608.21 | BO14: 2608.21 | BP14: 2608.21 | BQ14: 2608.21 | BR14: 2608.21 | BS14: 2608.21 | BT14: 2608.21 | BU14: 2608.21 | BV14: 16332.26 | BW14: 2608.21 | BX14: 2608.21 | BY14: 2608.21 | BZ14: 2608.21 | CA14: 2608.21 | CB14: 2608.21 | CC14: 2608.21 | CD14: 2608.21 | CE14: 2608.21 | CF14: 2608.21 | CG14: 2608.21 | CH14: 16332.26 | CI14: 2608.21 | CJ14: 2608.21 | CK14: 2608.21 | CL14: 2608.21 | CM14: 2608.21 | CN14: 2608.21 | CO14: 2608.21 | CP14: 2608.21 | CQ14: 2608.21 | CR14: 2608.21 | CS14: 2608.21 | CT14: 16332.26 | CU14: 2608.21 | CV14: 2608.21 | CW14: 2608.21 | CX14: 2608.21 | CY14: 2608.21 | CZ14: 2608.21 | DA14: 2608.21 | DB14: 2608.21 | DC14: 2608.21 | DD14: 2608.21 | DE14: 2608.21 | DF14: 16332.26 | DG14: 2608.21 | DH14: 2608.21 | DI14: 2608.21 | DJ14: 2608.21 | DK14: 2608.21 | DL14: 2608.21 | DM14: 2608.21 | DN14: 2608.21 | DO14: 2608.21 | DP14: 2608.21 | DQ14: 2608.21 | DR14: 16332.26 | DS14: 2608.21 | DT14: 2608.21 | DU14: 2608.21 | DV14: 2608.21 | DW14: 2608.21 | DX14: 2608.21 | DY14: 2608.21 | DZ14: 2608.21 | EA14: 2608.21 | EB14: 2608.21 | EC14: 2608.21 | ED14: 16332.26 | EE14: 2608.21 | EF14: 2608.21 | EG14: 2608.21 | EH14: 2608.21 | EI14: 2608.21 | EJ14: 2608.21 | EK14: 2608.21 | EL14: 2608.21 | EM14: 2608.21 | EN14: 2608.21 | EO14: 2608.21 | EP14: 16332.26 | EQ14: 2608.21 | ER14: 2608.21 | ES14: 2608.21 | ET14: 2608.21 | EU14: 2608.21 | EV14: 2608.21 | EW14: 2608.21 | EX14: 2608.21 | EY14: 2608.21 | EZ14: 2608.21 | FA14: 2608.21 | FB14: 16332.23 | FC14: 2608.21 | FD14: 2608.21 | FE14: 2608.21 | FF14: 2608.21 | FG14: 2608.21 | FH14: 2608.21 | FI14: 2608.21 | FJ14: 2608.21 | FK14: 2608.21 | FL14: 2608.21 | FM14: 2608.21 | FN14: 2608.21 | FO14: 2608.21 | FP14: 2608.21 | FQ14: 0 | FR14: 0 | FS14: 0 | FT14: 0 | FU14: 0 | FV14: 0 | FW14: 0 | FX14: 0 | FY14: 0 | FZ14: 0 | GA14: 0 | GB14: 0 | GC14: 0 | GD14: 0 | GE14: 0 | GF14: 0 | GG14: 0 | GH14: 0 | GI14: 135674
... A40: 135662 | B40: 6410 | C40: Lucas Garcia Oliveira | D40: 253.190.908-70 | E40: 0.1003 | F40: SWISS PARK ANAPOLIS | G40: Swiss Park Zurich - Anápolis | H40: =VLOOKUP(B40,Elegibilidade!A:I,9,0) -> Elegível | I40: 150 | J40: 3205.13 | K40: =NPV(0.8%,T40:GH40) -> 273111.26 | L40: =J40+K40 -> 276316.39 | M40: Menor que 30 Dias | N40: 276316.39 | O40: =NPV((1+12%)^(1/12)-1,T40:GH40) -> 250104.45 | P40: =Vendas!$J$1 -> 885.1292 | Q40: 360 | R40: =P40*Q40 -> 318646.51 | S40: =O40/R40 -> 0.78489626 | T40: 3133.07 | U40: 3133.07 | V40: 3133.07 | W40: 3133.07 | X40: 3133.07 | Y40: 3133.07 | Z40: 3133.07 | AA40: 3133.07 | AB40: 3133.07 | AC40: 3133.07 | AD40: 3133.07 | AE40: 3133.07 | AF40: 3133.07 | AG40: 3133.07 | AH40: 3133.07 | AI40: 3133.07 | AJ40: 3133.07 | AK40: 3133.07 | AL40: 3133.07 | AM40: 3133.07 | AN40: 3133.07 | AO40: 3133.07 | AP40: 3133.07 | AQ40: 3133.07 | AR40: 3133.07 | AS40: 3133.07 | AT40: 3133.07 | AU40: 3133.07 | AV40: 3133.07 | AW40: 3133.07 | AX40: 3133.07 | AY40: 3133.07 | AZ40: 3133.07 | BA40: 3133.07 | BB40: 3133.07 | BC40: 3133.07 | BD40: 3133.07 | BE40: 3133.07 | BF40: 3133.07 | BG40: 3133.07 | BH40: 3133.07 | BI40: 3133.07 | BJ40: 3133.07 | BK40: 3133.07 | BL40: 3133.07 | BM40: 3133.07 | BN40: 3133.07 | BO40: 3133.07 | BP40: 3133.07 | BQ40: 3133.07 | BR40: 3133.07 | BS40: 3133.07 | BT40: 3133.07 | BU40: 3133.07 | BV40: 3133.07 | BW40: 3133.07 | BX40: 3133.07 | BY40: 3133.07 | BZ40: 3133.07 | CA40: 3133.07 | CB40: 3133.07 | CC40: 3133.07 | CD40: 3133.07 | CE40: 3133.07 | CF40: 3133.07 | CG40: 3133.07 | CH40: 3133.07 | CI40: 3133.07 | CJ40: 3133.07 | CK40: 3133.07 | CL40: 3133.07 | CM40: 3133.07 | CN40: 3133.07 | CO40: 3133.07 | CP40: 3133.07 | CQ40: 3133.07 | CR40: 3133.07 | CS40: 3133.07 | CT40: 3133.07 | CU40: 3133.07 | CV40: 3133.07 | CW40: 3133.07 | CX40: 3133.07 | CY40: 3133.07 | CZ40: 3133.07 | DA40: 3133.07 | DB40: 3133.07 | DC40: 3133.07 | DD40: 3133.07 | DE40: 3133.07 | DF40: 3133.07 | DG40: 3133.07 | DH40: 3133.07 | DI40: 3133.07 | DJ40: 3133.07 | DK40: 3133.07 | DL40: 3133.07 | DM40: 3133.07 | DN40: 3133.07 | DO40: 3133.07 | DP40: 3133.07 | DQ40: 3133.07 | DR40: 3133.07 | DS40: 3133.07 | DT40: 3133.07 | DU40: 3133.07 | DV40: 3133.07 | DW40: 3133.07 | DX40: 3133.07 | DY40: 3133.07 | DZ40: 3133.07 | EA40: 3133.07 | EB40: 3133.07 | EC40: 3133.07 | ED40: 3133.07 | EE40: 3133.07 | EF40: 3133.07 | EG40: 3133.07 | EH40: 3133.07 | EI40: 3133.07 | EJ40: 3133.07 | EK40: 3133.07 | EL40: 3133.07 | EM40: 3133.07 | EN40: 3133.07 | EO40: 3133.07 | EP40: 3133.07 | EQ40: 3133.07 | ER40: 3133.07 | ES40: 3133.07 | ET40: 3133.07 | EU40: 3133.07 | EV40: 3133.07 | EW40: 3133.07 | EX40: 3133.07 | EY40: 3133.07 | EZ40: 3133.07 | FA40: 3133.07 | FB40: 3133.07 | FC40: 3133.07 | FD40: 3133.07 | FE40: 3133.07 | FF40: 3133.07 | FG40: 3133.07 | FH40: 3133.07 | FI40: 3133.07 | FJ40: 3133.07 | FK40: 3133.07 | FL40: 3133.07 | FM40: 3132.65 | FN40: 0 | FO40: 0 | FP40: 0 | FQ40: 0 | FR40: 0 | FS40: 0 | FT40: 0 | FU40: 0 | FV40: 0 | FW40: 0 | FX40: 0 | FY40: 0 | FZ40: 0 | GA40: 0 | GB40: 0 | GC40: 0 | GD40: 0 | GE40: 0 | GF40: 0 | GG40: 0 | GH40: 0 | GI40: 135662
A41: 135630 | B41: 6446 | C41: Eder De Souza Ramos | D41: 001.564.331-09 | E41: 0 | F41: SWISS PARK ANAPOLIS | G41: Swiss Park Zurich - Anápolis | H41: =VLOOKUP(B41,Elegibilidade!A:I,9,0) -> Elegível | I41: 28 | J41: 0 | K41: =SUM(T41:GH41) -> 275963.02 | L41: =J41+K41 -> 275963.02 | M41: Adimplente | N41: 275963.02 | O41: =NPV((1+12%)^(1/12)-1,T41:GH41) -> 241347.1 | P41: =Vendas!$J$1 -> 885.1292 | Q41: 402.17 | R41: =P41*Q41 -> 355972.41 | S41: =O41/R41 -> 0.67799384 | T41: 9855.82 | U41: 9855.82 | V41: 9855.82 | W41: 9855.82 | X41: 9855.82 | Y41: 9855.82 | Z41: 9855.82 | AA41: 9855.82 | AB41: 9855.82 | AC41: 9855.82 | AD41: 9855.82 | AE41: 9855.82 | AF41: 9855.82 | AG41: 9855.82 | AH41: 9855.82 | AI41: 9855.82 | AJ41: 9855.82 | AK41: 9855.82 | AL41: 9855.82 | AM41: 9855.82 | AN41: 9855.82 | AO41: 9855.82 | AP41: 9855.82 | AQ41: 9855.82 | AR41: 9855.82 | AS41: 9855.82 | AT41: 9855.82 | AU41: 9855.88 | AV41: 0 | AW41: 0 | AX41: 0 | AY41: 0 | AZ41: 0 | BA41: 0 | BB41: 0 | BC41: 0 | BD41: 0 | BE41: 0 | BF41: 0 | BG41: 0 | BH41: 0 | BI41: 0 | BJ41: 0 | BK41: 0 | BL41: 0 | BM41: 0 | BN41: 0 | BO41: 0 | BP41: 0 | BQ41: 0 | BR41: 0 | BS41: 0 | BT41: 0 | BU41: 0 | BV41: 0 | BW41: 0 | BX41: 0 | BY41: 0 | BZ41: 0 | CA41: 0 | CB41: 0 | CC41: 0 | CD41: 0 | CE41: 0 | CF41: 0 | CG41: 0 | CH41: 0 | CI41: 0 | CJ41: 0 | CK41: 0 | CL41: 0 | CM41: 0 | CN41: 0 | CO41: 0 | CP41: 0 | CQ41: 0 | CR41: 0 | CS41: 0 | CT41: 0 | CU41: 0 | CV41: 0 | CW41: 0 | CX41: 0 | CY41: 0 | CZ41: 0 | DA41: 0 | DB41: 0 | DC41: 0 | DD41: 0 | DE41: 0 | DF41: 0 | DG41: 0 | DH41: 0 | DI41: 0 | DJ41: 0 | DK41: 0 | DL41: 0 | DM41: 0 | DN41: 0 | DO41: 0 | DP41: 0 | DQ41: 0 | DR41: 0 | DS41: 0 | DT41: 0 | DU41: 0 | DV41: 0 | DW41: 0 | DX41: 0 | DY41: 0 | DZ41: 0 | EA41: 0 | EB41: 0 | EC41: 0 | ED41: 0 | EE41: 0 | EF41: 0 | EG41: 0 | EH41: 0 | EI41: 0 | EJ41: 0 | EK41: 0 | EL41: 0 | EM41: 0 | EN41: 0 | EO41: 0 | EP41: 0 | EQ41: 0 | ER41: 0 | ES41: 0 | ET41: 0 | EU41: 0 | EV41: 0 | EW41: 0 | EX41: 0 | EY41: 0 | EZ41: 0 | FA41: 0 | FB41: 0 | FC41: 0 | FD41: 0 | FE41: 0 | FF41: 0 | FG41: 0 | FH41: 0 | FI41: 0 | FJ41: 0 | FK41: 0 | FL41: 0 | FM41: 0 | FN41: 0 | FO41: 0 | FP41: 0 | FQ41: 0 | FR41: 0 | FS41: 0 | FT41: 0 | FU41: 0 | FV41: 0 | FW41: 0 | FX41: 0 | FY41: 0 | FZ41: 0 | GA41: 0 | GB41: 0 | GC41: 0 | GD41: 0 | GE41: 0 | GF41: 0 | GG41: 0 | GH41: 0 | GI41: 135630
A42: 135699 | B42: 6487 | C42: Joao Marcos Do Vale | D42: 701.005.471-17 | E42: 0.1003 | F42: SWISS PARK ANAPOLIS | G42: Swiss Park Zurich - Anápolis | H42: =VLOOKUP(B42,Elegibilidade!A:I,9,0) -> Elegível | I42: 160 | J42: 0 | K42: =NPV(0.8%,T42:GH42) -> 275724.71 | L42: =J42+K42 -> 275724.71 | M42: Adimplente | N42: 275724.71 | O42: =NPV((1+12%)^(1/12)-1,T42:GH42) -> 251426.78 | P42: =Vendas!$J$1 -> 885.1292 | Q42: 360 | R42: =P42*Q42 -> 318646.51 | S42: =O42/R42 -> 0.78904607 | T42: 3061.3 | U42: 3061.3 | V42: 3061.3 | W42: 3061.3 | X42: 3061.3 | Y42: 3061.3 | Z42: 3061.3 | AA42: 3061.3 | AB42: 3061.3 | AC42: 3061.3 | AD42: 3061.3 | AE42: 3061.3 | AF42: 3061.3 | AG42: 3061.3 | AH42: 3061.3 | AI42: 3061.3 | AJ42: 3061.3 | AK42: 3061.3 | AL42: 3061.3 | AM42: 3061.3 | AN42: 3061.3 | AO42: 3061.3 | AP42: 3061.3 | AQ42: 3061.3 | AR42: 3061.3 | AS42: 3061.3 | AT42: 3061.3 | AU42: 3061.3 | AV42: 3061.3 | AW42: 3061.3 | AX42: 3061.3 | AY42: 3061.3 | AZ42: 3061.3 | BA42: 3061.3 | BB42: 3061.3 | BC42: 3061.3 | BD42: 3061.3 | BE42: 3061.3 | BF42: 3061.3 | BG42: 3061.3 | BH42: 3061.3 | BI42: 3061.3 | BJ42: 3061.3 | BK42: 3061.3 | BL42: 3061.3 | BM42: 3061.3 | BN42: 3061.3 | BO42: 3061.3 | BP42: 3061.3 | BQ42: 3061.3 | BR42: 3061.3 | BS42: 3061.3 | BT42: 3061.3 | BU42: 3061.3 | BV42: 3061.3 | BW42: 3061.3 | BX42: 3061.3 | BY42: 3061.3 | BZ42: 3061.3 | CA42: 3061.3 | CB42: 3061.3 | CC42: 3061.3 | CD42: 3061.3 | CE42: 3061.3 | CF42: 3061.3 | CG42: 3061.3 | CH42: 3061.3 | CI42: 3061.3 | CJ42: 3061.3 | CK42: 3061.3 | CL42: 3061.3 | CM42: 3061.3 | CN42: 3061.3 | CO42: 3061.3 | CP42: 3061.3 | CQ42: 3061.3 | CR42: 3061.3 | CS42: 3061.3 | CT42: 3061.3 | CU42: 3061.3 | CV42: 3061.3 | CW42: 3061.3 | CX42: 3061.3 | CY42: 3061.3 | CZ42: 3061.3 | DA42: 3061.3 | DB42: 3061.3 | DC42: 3061.3 | DD42: 3061.3 | DE42: 3061.3 | DF42: 3061.3 | DG42: 3061.3 | DH42: 3061.3 | DI42: 3061.3 | DJ42: 3061.3 | DK42: 3061.3 | DL42: 3061.3 | DM42: 3061.3 | DN42: 3061.3 | DO42: 3061.3 | DP42: 3061.3 | DQ42: 3061.3 | DR42: 3061.3 | DS42: 3061.3 | DT42: 3061.3 | DU42: 3061.3 | DV42: 3061.3 | DW42: 3061.3 | DX42: 3061.3 | DY42: 3061.3 | DZ42: 3061.3 | EA42: 3061.3 | EB42: 3061.3 | EC42: 3061.3 | ED42: 3061.3 | EE42: 3061.3 | EF42: 3061.3 | EG42: 3061.3 | EH42: 3061.3 | EI42: 3061.3 | EJ42: 3061.3 | EK42: 3061.3 | EL42: 3061.3 | EM42: 3061.3 | EN42: 3061.3 | EO42: 3061.3 | EP42: 3061.3 | EQ42: 3061.3 | ER42: 3061.3 | ES42: 3061.3 | ET42: 3061.3 | EU42: 3061.3 | EV42: 3061.3 | EW42: 3061.3 | EX42: 3061.3 | EY42: 3061.3 | EZ42: 3061.3 | FA42: 3061.3 | FB42: 3061.3 | FC42: 3061.3 | FD42: 3061.3 | FE42: 3061.3 | FF42: 3061.3 | FG42: 3061.3 | FH42: 3061.3 | FI42: 3061.3 | FJ42: 3061.3 | FK42: 3061.3 | FL42: 3061.3 | FM42: 3061.3 | FN42: 3061.3 | FO42: 3061.3 | FP42: 3061.3 | FQ42: 3061.3 | FR42: 3061.3 | FS42: 3061.3 | FT42: 3061.3 | FU42: 3061.3 | FV42: 3061.3 | FW42: 3060.92 | FX42: 0 | FY42: 0 | FZ42: 0 | GA42: 0 | GB42: 0 | GC42: 0 | GD42: 0 | GE42: 0 | GF42: 0 | GG42: 0 | GH42: 0 | GI42: 135699
A43: 135700 | B43: 6488 | C43: Joao Marcos Do Vale | D43: 701.005.471-17 | E43: 0.1003 | F43: SWISS PARK ANAPOLIS | G43: Swiss Park Zurich - Anápolis | H43: =VLOOKUP(B43,Elegibilidade!A:I,9,0) -> Elegível | I43: 160 | J43: 0 | K43: =NPV(0.8%,T43:GH43) -> 275724.71 | L43: =J43+K43 -> 275724.71 | M43: Adimplente | N43: 275724.71 | O43: =NPV((1+12%)^(1/12)-1,T43:GH43) -> 251426.78 | P43: =Vendas!$J$1 -> 885.1292 | Q43: 360 | R43: =P43*Q43 -> 318646.51 | S43: =O43/R43 -> 0.78904607 | T43: 3061.3 | U43: 3061.3 | V43: 3061.3 | W43: 3061.3 | X43: 3061.3 | Y43: 3061.3 | Z43: 3061.3 | AA43: 3061.3 | AB43: 3061.3 | AC43: 3061.3 | AD43: 3061.3 | AE43: 3061.3 | AF43: 3061.3 | AG43: 3061.3 | AH43: 3061.3 | AI43: 3061.3 | AJ43: 3061.3 | AK43: 3061.3 | AL43: 3061.3 | AM43: 3061.3 | AN43: 3061.3 | AO43: 3061.3 | AP43: 3061.3 | AQ43: 3061.3 | AR43: 3061.3 | AS43: 3061.3 | AT43: 3061.3 | AU43: 3061.3 | AV43: 3061.3 | AW43: 3061.3 | AX43: 3061.3 | AY43: 3061.3 | AZ43: 3061.3 | BA43: 3061.3 | BB43: 3061.3 | BC43: 3061.3 | BD43: 3061.3 | BE43: 3061.3 | BF43: 3061.3 | BG43: 3061.3 | BH43: 3061.3 | BI43: 3061.3 | BJ43: 3061.3 | BK43: 3061.3 | BL43: 3061.3 | BM43: 3061.3 | BN43: 3061.3 | BO43: 3061.3 | BP43: 3061.3 | BQ43: 3061.3 | BR43: 3061.3 | BS43: 3061.3 | BT43: 3061.3 | BU43: 3061.3 | BV43: 3061.3 | BW43: 3061.3 | BX43: 3061.3 | BY43: 3061.3 | BZ43: 3061.3 | CA43: 3061.3 | CB43: 3061.3 | CC43: 3061.3 | CD43: 3061.3 | CE43: 3061.3 | CF43: 3061.3 | CG43: 3061.3 | CH43: 3061.3 | CI43: 3061.3 | CJ43: 3061.3 | CK43: 3061.3 | CL43: 3061.3 | CM43: 3061.3 | CN43: 3061.3 | CO43: 3061.3 | CP43: 3061.3 | CQ43: 3061.3 | CR43: 3061.3 | CS43: 3061.3 | CT43: 3061.3 | CU43: 3061.3 | CV43: 3061.3 | CW43: 3061.3 | CX43: 3061.3 | CY43: 3061.3 | CZ43: 3061.3 | DA43: 3061.3 | DB43: 3061.3 | DC43: 3061.3 | DD43: 3061.3 | DE43: 3061.3 | DF43: 3061.3 | DG43: 3061.3 | DH43: 3061.3 | DI43: 3061.3 | DJ43: 3061.3 | DK43: 3061.3 | DL43: 3061.3 | DM43: 3061.3 | DN43: 3061.3 | DO43: 3061.3 | DP43: 3061.3 | DQ43: 3061.3 | DR43: 3061.3 | DS43: 3061.3 | DT43: 3061.3 | DU43: 3061.3 | DV43: 3061.3 | DW43: 3061.3 | DX43: 3061.3 | DY43: 3061.3 | DZ43: 3061.3 | EA43: 3061.3 | EB43: 3061.3 | EC43: 3061.3 | ED43: 3061.3 | EE43: 3061.3 | EF43: 3061.3 | EG43: 3061.3 | EH43: 3061.3 | EI43: 3061.3 | EJ43: 3061.3 | EK43: 3061.3 | EL43: 3061.3 | EM43: 3061.3 | EN43: 3061.3 | EO43: 3061.3 | EP43: 3061.3 | EQ43: 3061.3 | ER43: 3061.3 | ES43: 3061.3 | ET43: 3061.3 | EU43: 3061.3 | EV43: 3061.3 | EW43: 3061.3 | EX43: 3061.3 | EY43: 3061.3 | EZ43: 3061.3 | FA43: 3061.3 | FB43: 3061.3 | FC43: 3061.3 | FD43: 3061.3 | FE43: 3061.3 | FF43: 3061.3 | FG43: 3061.3 | FH43: 3061.3 | FI43: 3061.3 | FJ43: 3061.3 | FK43: 3061.3 | FL43: 3061.3 | FM43: 3061.3 | FN43: 3061.3 | FO43: 3061.3 | FP43: 3061.3 | FQ43: 3061.3 | FR43: 3061.3 | FS43: 3061.3 | FT43: 3061.3 | FU43: 3061.3 | FV43: 3061.3 | FW43: 3060.92 | FX43: 0 | FY43: 0 | FZ43: 0 | GA43: 0 | GB43: 0 | GC43: 0 | GD43: 0 | GE43: 0 | GF43: 0 | GG43: 0 | GH43: 0 | GI43: 135700
A44: 135691 | B44: 6352 | C44: Victor Hugo Gomes Da Silva | D44: 029.838.141-90 | E44: 0.1003 | F44: SWISS PARK ANAPOLIS | G44: Swiss Park Zurich - Anápolis | H44: =VLOOKUP(B44,Elegibilidade!A:I,9,0) -> Elegível | I44: 150 | J44: 0 | K44: =NPV(0.8%,T44:GH44) -> 275432.61 | L44: =J44+K44 -> 275432.61 | M44: Adimplente | N44: 275432.61 | O44: =NPV((1+12%)^(1/12)-1,T44:GH44) -> 252230.26 | P44: =Vendas!$J$1 -> 885.1292 | Q44: 363.06 | R44: =P44*Q44 -> 321355.01 | S44: =O44/R44 -> 0.78489599 | T44: 3159.7 | U44: 3159.7 | V44: 3159.7 | W44: 3159.7 | X44: 3159.7 | Y44: 3159.7 | Z44: 3159.7 | AA44: 3159.7 | AB44: 3159.7 | AC44: 3159.7 | AD44: 3159.7 | AE44: 3159.7 | AF44: 3159.7 | AG44: 3159.7 | AH44: 3159.7 | AI44: 3159.7 | AJ44: 3159.7 | AK44: 3159.7 | AL44: 3159.7 | AM44: 3159.7 | AN44: 3159.7 | AO44: 3159.7 | AP44: 3159.7 | AQ44: 3159.7 | AR44: 3159.7 | AS44: 3159.7 | AT44: 3159.7 | AU44: 3159.7 | AV44: 3159.7 | AW44: 3159.7 | AX44: 3159.7 | AY44: 3159.7 | AZ44: 3159.7 | BA44: 3159.7 | BB44: 3159.7 | BC44: 3159.7 | BD44: 3159.7 | BE44: 3159.7 | BF44: 3159.7 | BG44: 3159.7 | BH44: 3159.7 | BI44: 3159.7 | BJ44: 3159.7 | BK44: 3159.7 | BL44: 3159.7 | BM44: 3159.7 | BN44: 3159.7 | BO44: 3159.7 | BP44: 3159.7 | BQ44: 3159.7 | BR44: 3159.7 | BS44: 3159.7 | BT44: 3159.7 | BU44: 3159.7 | BV44: 3159.7 | BW44: 3159.7 | BX44: 3159.7 | BY44: 3159.7 | BZ44: 3159.7 | CA44: 3159.7 | CB44: 3159.7 | CC44: 3159.7 | CD44: 3159.7 | CE44: 3159.7 | CF44: 3159.7 | CG44: 3159.7 | CH44: 3159.7 | CI44: 3159.7 | CJ44: 3159.7 | CK44: 3159.7 | CL44: 3159.7 | CM44: 3159.7 | CN44: 3159.7 | CO44: 3159.7 | CP44: 3159.7 | CQ44: 3159.7 | CR44: 3159.7 | CS44: 3159.7 | CT44: 3159.7 | CU44: 3159.7 | CV44: 3159.7 | CW44: 3159.7 | CX44: 3159.7 | CY44: 3159.7 | CZ44: 3159.7 | DA44: 3159.7 | DB44: 3159.7 | DC44: 3159.7 | DD44: 3159.7 | DE44: 3159.7 | DF44: 3159.7 | DG44: 3159.7 | DH44: 3159.7 | DI44: 3159.7 | DJ44: 3159.7 | DK44: 3159.7 | DL44: 3159.7 | DM44: 3159.7 | DN44: 3159.7 | DO44: 3159.7 | DP44: 3159.7 | DQ44: 3159.7 | DR44: 3159.7 | DS44: 3159.7 | DT44: 3159.7 | DU44: 3159.7 | DV44: 3159.7 | DW44: 3159.7 | DX44: 3159.7 | DY44: 3159.7 | DZ44: 3159.7 | EA44: 3159.7 | EB44: 3159.7 | EC44: 3159.7 | ED44: 3159.7 | EE44: 3159.7 | EF44: 3159.7 | EG44: 3159.7 | EH44: 3159.7 | EI44: 3159.7 | EJ44: 3159.7 | EK44: 3159.7 | EL44: 3159.7 | EM44: 3159.7 | EN44: 3159.7 | EO44: 3159.7 | EP44: 3159.7 | EQ44: 3159.7 | ER44: 3159.7 | ES44: 3159.7 | ET44: 3159.7 | EU44: 3159.7 | EV44: 3159.7 | EW44: 3159.7 | EX44: 3159.7 | EY44: 3159.7 | EZ44: 3159.7 | FA44: 3159.7 | FB44: 3159.7 | FC44: 3159.7 | FD44: 3159.7 | FE44: 3159.7 | FF44: 3159.7 | FG44: 3159.7 | FH44: 3159.7 | FI44: 3159.7 | FJ44: 3159.7 | FK44: 3159.7 | FL44: 3159.7 | FM44: 3159.28 | FN44: 0 | FO44: 0 | FP44: 0 | FQ44: 0 | FR44: 0 | FS44: 0 | FT44: 0 | FU44: 0 | FV44: 0 | FW44: 0 | FX44: 0 | FY44: 0 | FZ44: 0 | GA44: 0 | GB44: 0 | GC44: 0 | GD44: 0 | GE44: 0 | GF44: 0 | GG44: 0 | GH44: 0 | GI44: 135691
A45: 135690 | B45: 6353 | C45: Victor Hugo Gomes Da Silva | D45: 029.838.141-90 | E45: 0.1003 | F45: SWISS PARK ANAPOLIS | G45: Swiss Park Zurich - Anápolis | H45: =VLOOKUP(B45,Elegibilidade!A:I,9,0) -> Elegível | I45: 150 | J45: 0 | K45: =NPV(0.8%,T45:GH45) -> 273740 | L45: =J45+K45 -> 273740 | M45: Adimplente | N45: 273740 | O45: =NPV((1+12%)^(1/12)-1,T45:GH45) -> 250680.2 | P45: =Vendas!$J$1 -> 885.1292 | Q45: 360.83 | R45: =P45*Q45 -> 319381.17 | S45: =O45/R45 -> 0.7848935 | T45: 3140.28 | U45: 3140.28 | V45: 3140.28 | W45: 3140.28 | X45: 3140.28 | Y45: 3140.28 | Z45: 3140.28 | AA45: 3140.28 | AB45: 3140.28 | AC45: 3140.28 | AD45: 3140.28 | AE45: 3140.28 | AF45: 3140.28 | AG45: 3140.28 | AH45: 3140.28 | AI45: 3140.28 | AJ45: 3140.28 | AK45: 3140.28 | AL45: 3140.28 | AM45: 3140.28 | AN45: 3140.28 | AO45: 3140.28 | AP45: 3140.28 | AQ45: 3140.28 | AR45: 3140.28 | AS45: 3140.28 | AT45: 3140.28 | AU45: 3140.28 | AV45: 3140.28 | AW45: 3140.28 | AX45: 3140.28 | AY45: 3140.28 | AZ45: 3140.28 | BA45: 3140.28 | BB45: 3140.28 | BC45: 3140.28 | BD45: 3140.28 | BE45: 3140.28 | BF45: 3140.28 | BG45: 3140.28 | BH45: 3140.28 | BI45: 3140.28 | BJ45: 3140.28 | BK45: 3140.28 | BL45: 3140.28 | BM45: 3140.28 | BN45: 3140.28 | BO45: 3140.28 | BP45: 3140.28 | BQ45: 3140.28 | BR45: 3140.28 | BS45: 3140.28 | BT45: 3140.28 | BU45: 3140.28 | BV45: 3140.28 | BW45: 3140.28 | BX45: 3140.28 | BY45: 3140.28 | BZ45: 3140.28 | CA45: 3140.28 | CB45: 3140.28 | CC45: 3140.28 | CD45: 3140.28 | CE45: 3140.28 | CF45: 3140.28 | CG45: 3140.28 | CH45: 3140.28 | CI45: 3140.28 | CJ45: 3140.28 | CK45: 3140.28 | CL45: 3140.28 | CM45: 3140.28 | CN45: 3140.28 | CO45: 3140.28 | CP45: 3140.28 | CQ45: 3140.28 | CR45: 3140.28 | CS45: 3140.28 | CT45: 3140.28 | CU45: 3140.28 | CV45: 3140.28 | CW45: 3140.28 | CX45: 3140.28 | CY45: 3140.28 | CZ45: 3140.28 | DA45: 3140.28 | DB45: 3140.28 | DC45: 3140.28 | DD45: 3140.28 | DE45: 3140.28 | DF45: 3140.28 | DG45: 3140.28 | DH45: 3140.28 | DI45: 3140.28 | DJ45: 3140.28 | DK45: 3140.28 | DL45: 3140.28 | DM45: 3140.28 | DN45: 3140.28 | DO45: 3140.28 | DP45: 3140.28 | DQ45: 3140.28 | DR45: 3140.28 | DS45: 3140.28 | DT45: 3140.28 | DU45: 3140.28 | DV45: 3140.28 | DW45: 3140.28 | DX45: 3140.28 | DY45: 3140.28 | DZ45: 3140.28 | EA45: 3140.28 | EB45: 3140.28 | EC45: 3140.28 | ED45: 3140.28 | EE45: 3140.28 | EF45: 3140.28 | EG45: 3140.28 | EH45: 3140.28 | EI45: 3140.28 | EJ45: 3140.28 | EK45: 3140.28 | EL45: 3140.28 | EM45: 3140.28 | EN45: 3140.28 | EO45: 3140.28 | EP45: 3140.28 | EQ45: 3140.28 | ER45: 3140.28 | ES45: 3140.28 | ET45: 3140.28 | EU45: 3140.28 | EV45: 3140.28 | EW45: 3140.28 | EX45: 3140.28 | EY45: 3140.28 | EZ45: 3140.28 | FA45: 3140.28 | FB45: 3140.28 | FC45: 3140.28 | FD45: 3140.28 | FE45: 3140.28 | FF45: 3140.28 | FG45: 3140.28 | FH45: 3140.28 | FI45: 3140.28 | FJ45: 3140.28 | FK45: 3140.28 | FL45: 3140.28 | FM45: 3140.66 | FN45: 0 | FO45: 0 | FP45: 0 | FQ45: 0 | FR45: 0 | FS45: 0 | FT45: 0 | FU45: 0 | FV45: 0 | FW45: 0 | FX45: 0 | FY45: 0 | FZ45: 0 | GA45: 0 | GB45: 0 | GC45: 0 | GD45: 0 | GE45: 0 | GF45: 0 | GG45: 0 | GH45: 0 | GI45: 135690
A46: 135645 | B46: 6396 | C46: Heber Guimaraes Da Cunha | D46: 766.927.601-00 | E46: 0.1003 | F46: SWISS PARK ANAPOLIS | G46: Swiss Park Zurich - Anápolis | H46: =VLOOKUP(B46,Elegibilidade!A:I,9,0) -> Elegível | I46: 150 | J46: 0 | K46: =NPV(0.8%,T46:GH46) -> 273224.64 | L46: =J46+K46 -> 273224.64 | M46: Adimplente | N46: 273224.64 | O46: =NPV((1+12%)^(1/12)-1,T46:GH46) -> 250208.28 | P46: =Vendas!$J$1 -> 885.1292 | Q46: 360.15 | R46: =P46*Q46 -> 318779.28 | S46: =O46/R46 -> 0.78489504 | T46: 3134.37 | U46: 3134.37 | V46: 3134.37 | W46: 3134.37 | X46: 3134.37 | Y46: 3134.37 | Z46: 3134.37 | AA46: 3134.37 | AB46: 3134.37 | AC46: 3134.37 | AD46: 3134.37 | AE46: 3134.37 | AF46: 3134.37 | AG46: 3134.37 | AH46: 3134.37 | AI46: 3134.37 | AJ46: 3134.37 | AK46: 3134.37 | AL46: 3134.37 | AM46: 3134.37 | AN46: 3134.37 | AO46: 3134.37 | AP46: 3134.37 | AQ46: 3134.37 | AR46: 3134.37 | AS46: 3134.37 | AT46: 3134.37 | AU46: 3134.37 | AV46: 3134.37 | AW46: 3134.37 | AX46: 3134.37 | AY46: 3134.37 | AZ46: 3134.37 | BA46: 3134.37 | BB46: 3134.37 | BC46: 3134.37 | BD46: 3134.37 | BE46: 3134.37 | BF46: 3134.37 | BG46: 3134.37 | BH46: 3134.37 | BI46: 3134.37 | BJ46: 3134.37 | BK46: 3134.37 | BL46: 3134.37 | BM46: 3134.37 | BN46: 3134.37 | BO46: 3134.37 | BP46: 3134.37 | BQ46: 3134.37 | BR46: 3134.37 | BS46: 3134.37 | BT46: 3134.37 | BU46: 3134.37 | BV46: 3134.37 | BW46: 3134.37 | BX46: 3134.37 | BY46: 3134.37 | BZ46: 3134.37 | CA46: 3134.37 | CB46: 3134.37 | CC46: 3134.37 | CD46: 3134.37 | CE46: 3134.37 | CF46: 3134.37 | CG46: 3134.37 | CH46: 3134.37 | CI46: 3134.37 | CJ46: 3134.37 | CK46: 3134.37 | CL46: 3134.37 | CM46: 3134.37 | CN46: 3134.37 | CO46: 3134.37 | CP46: 3134.37 | CQ46: 3134.37 | CR46: 3134.37 | CS46: 3134.37 | CT46: 3134.37 | CU46: 3134.37 | CV46: 3134.37 | CW46: 3134.37 | CX46: 3134.37 | CY46: 3134.37 | CZ46: 3134.37 | DA46: 3134.37 | DB46: 3134.37 | DC46: 3134.37 | DD46: 3134.37 | DE46: 3134.37 | DF46: 3134.37 | DG46: 3134.37 | DH46: 3134.37 | DI46: 3134.37 | DJ46: 3134.37 | DK46: 3134.37 | DL46: 3134.37 | DM46: 3134.37 | DN46: 3134.37 | DO46: 3134.37 | DP46: 3134.37 | DQ46: 3134.37 | DR46: 3134.37 | DS46: 3134.37 | DT46: 3134.37 | DU46: 3134.37 | DV46: 3134.37 | DW46: 3134.37 | DX46: 3134.37 | DY46: 3134.37 | DZ46: 3134.37 | EA46: 3134.37 | EB46: 3134.37 | EC46: 3134.37 | ED46: 3134.37 | EE46: 3134.37 | EF46: 3134.37 | EG46: 3134.37 | EH46: 3134.37 | EI46: 3134.37 | EJ46: 3134.37 | EK46: 3134.37 | EL46: 3134.37 | EM46: 3134.37 | EN46: 3134.37 | EO46: 3134.37 | EP46: 3134.37 | EQ46: 3134.37 | ER46: 3134.37 | ES46: 3134.37 | ET46: 3134.37 | EU46: 3134.37 | EV46: 3134.37 | EW46: 3134.37 | EX46: 3134.37 | EY46: 3134.37 | EZ46: 3134.37 | FA46: 3134.37 | FB46: 3134.37 | FC46: 3134.37 | FD46: 3134.37 | FE46: 3134.37 | FF46: 3134.37 | FG46: 3134.37 | FH46: 3134.37 | FI46: 3134.37 | FJ46: 3134.37 | FK46: 3134.37 | FL46: 3134.37 | FM46: 3134.14 | FN46: 0 | FO46: 0 | FP46: 0 | FQ46: 0 | FR46: 0 | FS46: 0 | FT46: 0 | FU46: 0 | FV46: 0 | FW46: 0 | FX46: 0 | FY46: 0 | FZ46: 0 | GA46: 0 | GB46: 0 | GC46: 0 | GD46: 0 | GE46: 0 | GF46: 0 | GG46: 0 | GH46: 0 | GI46: 135645
A47: 135685 | B47: 6351 | C47: Sidney Humberto De Souza | D47: 015.841.711-97 | E47: 0.1003 | F47: SWISS PARK ANAPOLIS | G47: Swiss Park Zurich - Anápolis | H47: =VLOOKUP(B47,Elegibilidade!A:I,9,0) -> Elegível | I47: 150 | J47: 0 | K47: =NPV(0.8%,T47:GH47) -> 273111.26 | L47: =J47+K47 -> 273111.26 | M47: Adimplente | N47: 273111.26 | O47: =NPV((1+12%)^(1/12)-1,T47:GH47) -> 250104.45 | P47: =Vendas!$J$1 -> 885.1292 | Q47: 360 | R47: =P47*Q47 -> 318646.51 | S47: =O47/R47 -> 0.78489626 | T47: 3133.07 | U47: 3133.07 | V47: 3133.07 | W47: 3133.07 | X47: 3133.07 | Y47: 3133.07 | Z47: 3133.07 | AA47: 3133.07 | AB47: 3133.07 | AC47: 3133.07 | AD47: 3133.07 | AE47: 3133.07 | AF47: 3133.07 | AG47: 3133.07 | AH47: 3133.07 | AI47: 3133.07 | AJ47: 3133.07 | AK47: 3133.07 | AL47: 3133.07 | AM47: 3133.07 | AN47: 3133.07 | AO47: 3133.07 | AP47: 3133.07 | AQ47: 3133.07 | AR47: 3133.07 | AS47: 3133.07 | AT47: 3133.07 | AU47: 3133.07 | AV47: 3133.07 | AW47: 3133.07 | AX47: 3133.07 | AY47: 3133.07 | AZ47: 3133.07 | BA47: 3133.07 | BB47: 3133.07 | BC47: 3133.07 | BD47: 3133.07 | BE47: 3133.07 | BF47: 3133.07 | BG47: 3133.07 | BH47: 3133.07 | BI47: 3133.07 | BJ47: 3133.07 | BK47: 3133.07 | BL47: 3133.07 | BM47: 3133.07 | BN47: 3133.07 | BO47: 3133.07 | BP47: 3133.07 | BQ47: 3133.07 | BR47: 3133.07 | BS47: 3133.07 | BT47: 3133.07 | BU47: 3133.07 | BV47: 3133.07 | BW47: 3133.07 | BX47: 3133.07 | BY47: 3133.07 | BZ47: 3133.07 | CA47: 3133.07 | CB47: 3133.07 | CC47: 3133.07 | CD47: 3133.07 | CE47: 3133.07 | CF47: 3133.07 | CG47: 3133.07 | CH47: 3133.07 | CI47: 3133.07 | CJ47: 3133.07 | CK47: 3133.07 | CL47: 3133.07 | CM47: 3133.07 | CN47: 3133.07 | CO47: 3133.07 | CP47: 3133.07 | CQ47: 3133.07 | CR47: 3133.07 | CS47: 3133.07 | CT47: 3133.07 | CU47: 3133.07 | CV47: 3133.07 | CW47: 3133.07 | CX47: 3133.07 | CY47: 3133.07 | CZ47: 3133.07 | DA47: 3133.07 | DB47: 3133.07 | DC47: 3133.07 | DD47: 3133.07 | DE47: 3133.07 | DF47: 3133.07 | DG47: 3133.07 | DH47: 3133.07 | DI47: 3133.07 | DJ47: 3133.07 | DK47: 3133.07 | DL47: 3133.07 | DM47: 3133.07 | DN47: 3133.07 | DO47: 3133.07 | DP47: 3133.07 | DQ47: 3133.07 | DR47: 3133.07 | DS47: 3133.07 | DT47: 3133.07 | DU47: 3133.07 | DV47: 3133.07 | DW47: 3133.07 | DX47: 3133.07 | DY47: 3133.07 | DZ47: 3133.07 | EA47: 3133.07 | EB47: 3133.07 | EC47: 3133.07 | ED47: 3133.07 | EE47: 3133.07 | EF47: 3133.07 | EG47: 3133.07 | EH47: 3133.07 | EI47: 3133.07 | EJ47: 3133.07 | EK47: 3133.07 | EL47: 3133.07 | EM47: 3133.07 | EN47: 3133.07 | EO47: 3133.07 | EP47: 3133.07 | EQ47: 3133.07 | ER47: 3133.07 | ES47: 3133.07 | ET47: 3133.07 | EU47: 3133.07 | EV47: 3133.07 | EW47: 3133.07 | EX47: 3133.07 | EY47: 3133.07 | EZ47: 3133.07 | FA47: 3133.07 | FB47: 3133.07 | FC47: 3133.07 | FD47: 3133.07 | FE47: 3133.07 | FF47: 3133.07 | FG47: 3133.07 | FH47: 3133.07 | FI47: 3133.07 | FJ47: 3133.07 | FK47: 3133.07 | FL47: 3133.07 | FM47: 3132.65 | FN47: 0 | FO47: 0 | FP47: 0 | FQ47: 0 | FR47: 0 | FS47: 0 | FT47: 0 | FU47: 0 | FV47: 0 | FW47: 0 | FX47: 0 | FY47: 0 | FZ47: 0 | GA47: 0 | GB47: 0 | GC47: 0 | GD47: 0 | GE47: 0 | GF47: 0 | GG47: 0 | GH47: 0 | GI47: 135685
A48: 135628 | B48: 6389 | C48: Dennys Augusto De Novais Monteiro | D48: 000.885.031-35 | E48: 0.1003 | F48: SWISS PARK ANAPOLIS | G48: Swiss Park Zurich - Anápolis | H48: =VLOOKUP(B48,Elegibilidade!A:I,9,0) -> Elegível | I48: 150 | J48: 0 | K48: =NPV(0.8%,T48:GH48) -> 273111.26 | L48: =J48+K48 -> 273111.26 | M48: Adimplente | N48: 273111.26 | O48: =NPV((1+12%)^(1/12)-1,T48:GH48) -> 250104.45 | P48: =Vendas!$J$1 -> 885.1292 | Q48: 360 | R48: =P48*Q48 -> 318646.51 | S48: =O48/R48 -> 0.78489626 | T48: 3133.07 | U48: 3133.07 | V48: 3133.07 | W48: 3133.07 | X48: 3133.07 | Y48: 3133.07 | Z48: 3133.07 | AA48: 3133.07 | AB48: 3133.07 | AC48: 3133.07 | AD48: 3133.07 | AE48: 3133.07 | AF48: 3133.07 | AG48: 3133.07 | AH48: 3133.07 | AI48: 3133.07 | AJ48: 3133.07 | AK48: 3133.07 | AL48: 3133.07 | AM48: 3133.07 | AN48: 3133.07 | AO48: 3133.07 | AP48: 3133.07 | AQ48: 3133.07 | AR48: 3133.07 | AS48: 3133.07 | AT48: 3133.07 | AU48: 3133.07 | AV48: 3133.07 | AW48: 3133.07 | AX48: 3133.07 | AY48: 3133.07 | AZ48: 3133.07 | BA48: 3133.07 | BB48: 3133.07 | BC48: 3133.07 | BD48: 3133.07 | BE48: 3133.07 | BF48: 3133.07 | BG48: 3133.07 | BH48: 3133.07 | BI48: 3133.07 | BJ48: 3133.07 | BK48: 3133.07 | BL48: 3133.07 | BM48: 3133.07 | BN48: 3133.07 | BO48: 3133.07 | BP48: 3133.07 | BQ48: 3133.07 | BR48: 3133.07 | BS48: 3133.07 | BT48: 3133.07 | BU48: 3133.07 | BV48: 3133.07 | BW48: 3133.07 | BX48: 3133.07 | BY48: 3133.07 | BZ48: 3133.07 | CA48: 3133.07 | CB48: 3133.07 | CC48: 3133.07 | CD48: 3133.07 | CE48: 3133.07 | CF48: 3133.07 | CG48: 3133.07 | CH48: 3133.07 | CI48: 3133.07 | CJ48: 3133.07 | CK48: 3133.07 | CL48: 3133.07 | CM48: 3133.07 | CN48: 3133.07 | CO48: 3133.07 | CP48: 3133.07 | CQ48: 3133.07 | CR48: 3133.07 | CS48: 3133.07 | CT48: 3133.07 | CU48: 3133.07 | CV48: 3133.07 | CW48: 3133.07 | CX48: 3133.07 | CY48: 3133.07 | CZ48: 3133.07 | DA48: 3133.07 | DB48: 3133.07 | DC48: 3133.07 | DD48: 3133.07 | DE48: 3133.07 | DF48: 3133.07 | DG48: 3133.07 | DH48: 3133.07 | DI48: 3133.07 | DJ48: 3133.07 | DK48: 3133.07 | DL48: 3133.07 | DM48: 3133.07 | DN48: 3133.07 | DO48: 3133.07 | DP48: 3133.07 | DQ48: 3133.07 | DR48: 3133.07 | DS48: 3133.07 | DT48: 3133.07 | DU48: 3133.07 | DV48: 3133.07 | DW48: 3133.07 | DX48: 3133.07 | DY48: 3133.07 | DZ48: 3133.07 | EA48: 3133.07 | EB48: 3133.07 | EC48: 3133.07 | ED48: 3133.07 | EE48: 3133.07 | EF48: 3133.07 | EG48: 3133.07 | EH48: 3133.07 | EI48: 3133.07 | EJ48: 3133.07 | EK48: 3133.07 | EL48: 3133.07 | EM48: 3133.07 | EN48: 3133.07 | EO48: 3133.07 | EP48: 3133.07 | EQ48: 3133.07 | ER48: 3133.07 | ES48: 3133.07 | ET48: 3133.07 | EU48: 3133.07 | EV48: 3133.07 | EW48: 3133.07 | EX48: 3133.07 | EY48: 3133.07 | EZ48: 3133.07 | FA48: 3133.07 | FB48: 3133.07 | FC48: 3133.07 | FD48: 3133.07 | FE48: 3133.07 | FF48: 3133.07 | FG48: 3133.07 | FH48: 3133.07 | FI48: 3133.07 | FJ48: 3133.07 | FK48: 3133.07 | FL48: 3133.07 | FM48: 3132.65 | FN48: 0 | FO48: 0 | FP48: 0 | FQ48: 0 | FR48: 0 | FS48: 0 | FT48: 0 | FU48: 0 | FV48: 0 | FW48: 0 | FX48: 0 | FY48: 0 | FZ48: 0 | GA48: 0 | GB48: 0 | GC48: 0 | GD48: 0 | GE48: 0 | GF48: 0 | GG48: 0 | GH48: 0 | GI48: 135628
A49: 135632 | B49: 6377 | C49: Emerson Moura Rodrigues | D49: 021.428.271-60 | E49: 0.1003 | F49: SWISS PARK ANAPOLIS | G49: Swiss Park Zurich - Anápolis | H49: =VLOOKUP(B49,Elegibilidade!A:I,9,0) -> Elegível | I49: 150 | J49: 0 | K49: =NPV(0.8%,T49:GH49) -> 273111.26 | L49: =J49+K49 -> 273111.26 | M49: Adimplente | N49: 273111.26 | O49: =NPV((1+12%)^(1/12)-1,T49:GH49) -> 250104.45 | P49: =Vendas!$J$1 -> 885.1292 | Q49: 360 | R49: =P49*Q49 -> 318646.51 | S49: =O49/R49 -> 0.78489625 | T49: 3133.07 | U49: 3133.07 | V49: 3133.07 | W49: 3133.07 | X49: 3133.07 | Y49: 3133.07 | Z49: 3133.07 | AA49: 3133.07 | AB49: 3133.07 | AC49: 3133.07 | AD49: 3133.07 | AE49: 3133.07 | AF49: 3133.07 | AG49: 3133.07 | AH49: 3133.07 | AI49: 3133.07 | AJ49: 3133.07 | AK49: 3133.07 | AL49: 3133.07 | AM49: 3133.07 | AN49: 3133.07 | AO49: 3133.07 | AP49: 3133.07 | AQ49: 3133.07 | AR49: 3133.07 | AS49: 3133.07 | AT49: 3133.07 | AU49: 3133.07 | AV49: 3133.07 | AW49: 3133.07 | AX49: 3133.07 | AY49: 3133.07 | AZ49: 3133.07 | BA49: 3133.07 | BB49: 3133.07 | BC49: 3133.07 | BD49: 3133.07 | BE49: 3133.07 | BF49: 3133.07 | BG49: 3133.07 | BH49: 3133.07 | BI49: 3133.07 | BJ49: 3133.07 | BK49: 3133.07 | BL49: 3133.07 | BM49: 3133.07 | BN49: 3133.07 | BO49: 3133.07 | BP49: 3133.07 | BQ49: 3133.07 | BR49: 3133.07 | BS49: 3133.07 | BT49: 3133.07 | BU49: 3133.07 | BV49: 3133.07 | BW49: 3133.07 | BX49: 3133.07 | BY49: 3133.07 | BZ49: 3133.07 | CA49: 3133.07 | CB49: 3133.07 | CC49: 3133.07 | CD49: 3133.07 | CE49: 3133.07 | CF49: 3133.07 | CG49: 3133.07 | CH49: 3133.07 | CI49: 3133.07 | CJ49: 3133.07 | CK49: 3133.07 | CL49: 3133.07 | CM49: 3133.07 | CN49: 3133.07 | CO49: 3133.07 | CP49: 3133.07 | CQ49: 3133.07 | CR49: 3133.07 | CS49: 3133.07 | CT49: 3133.07 | CU49: 3133.07 | CV49: 3133.07 | CW49: 3133.07 | CX49: 3133.07 | CY49: 3133.07 | CZ49: 3133.07 | DA49: 3133.07 | DB49: 3133.07 | DC49: 3133.07 | DD49: 3133.07 | DE49: 3133.07 | DF49: 3133.07 | DG49: 3133.07 | DH49: 3133.07 | DI49: 3133.07 | DJ49: 3133.07 | DK49: 3133.07 | DL49: 3133.07 | DM49: 3133.07 | DN49: 3133.07 | DO49: 3133.07 | DP49: 3133.07 | DQ49: 3133.07 | DR49: 3133.07 | DS49: 3133.07 | DT49: 3133.07 | DU49: 3133.07 | DV49: 3133.07 | DW49: 3133.07 | DX49: 3133.07 | DY49: 3133.07 | DZ49: 3133.07 | EA49: 3133.07 | EB49: 3133.07 | EC49: 3133.07 | ED49: 3133.07 | EE49: 3133.07 | EF49: 3133.07 | EG49: 3133.07 | EH49: 3133.07 | EI49: 3133.07 | EJ49: 3133.07 | EK49: 3133.07 | EL49: 3133.07 | EM49: 3133.07 | EN49: 3133.07 | EO49: 3133.07 | EP49: 3133.07 | EQ49: 3133.07 | ER49: 3133.07 | ES49: 3133.07 | ET49: 3133.07 | EU49: 3133.07 | EV49: 3133.07 | EW49: 3133.07 | EX49: 3133.07 | EY49: 3133.07 | EZ49: 3133.07 | FA49: 3133.07 | FB49: 3133.07 | FC49: 3133.07 | FD49: 3133.07 | FE49: 3133.07 | FF49: 3133.07 | FG49: 3133.07 | FH49: 3133.07 | FI49: 3133.07 | FJ49: 3133.07 | FK49: 3133.07 | FL49: 3133.07 | FM49: 3132.64 | FN49: 0 | FO49: 0 | FP49: 0 | FQ49: 0 | FR49: 0 | FS49: 0 | FT49: 0 | FU49: 0 | FV49: 0 | FW49: 0 | FX49: 0 | FY49: 0 | FZ49: 0 | GA49: 0 | GB49: 0 | GC49: 0 | GD49: 0 | GE49: 0 | GF49: 0 | GG49: 0 | GH49: 0 | GI49: 135632
A50: 135631 | B50: 6403 | C50: Eliane Pereira Dos Santos | D50: 216.043.801-44 | E50: 0.1003 | F50: SWISS PARK ANAPOLIS | G50: Swiss Park Zurich - Anápolis | H50: =VLOOKUP(B50,Elegibilidade!A:I,9,0) -> Elegível | I50: 150 | J50: 0 | K50: =NPV(0.8%,T50:GH50) -> 273111.26 | L50: =J50+K50 -> 273111.26 | M50: Adimplente | N50: 273111.26 | O50: =NPV((1+12%)^(1/12)-1,T50:GH50) -> 250104.45 | P50: =Vendas!$J$1 -> 885.1292 | Q50: 360 | R50: =P50*Q50 -> 318646.51 | S50: =O50/R50 -> 0.78489625 | T50: 3133.07 | U50: 3133.07 | V50: 3133.07 | W50: 3133.07 | X50: 3133.07 | Y50: 3133.07 | Z50: 3133.07 | AA50: 3133.07 | AB50: 3133.07 | AC50: 3133.07 | AD50: 3133.07 | AE50: 3133.07 | AF50: 3133.07 | AG50: 3133.07 | AH50: 3133.07 | AI50: 3133.07 | AJ50: 3133.07 | AK50: 3133.07 | AL50: 3133.07 | AM50: 3133.07 | AN50: 3133.07 | AO50: 3133.07 | AP50: 3133.07 | AQ50: 3133.07 | AR50: 3133.07 | AS50: 3133.07 | AT50: 3133.07 | AU50: 3133.07 | AV50: 3133.07 | AW50: 3133.07 | AX50: 3133.07 | AY50: 3133.07 | AZ50: 3133.07 | BA50: 3133.07 | BB50: 3133.07 | BC50: 3133.07 | BD50: 3133.07 | BE50: 3133.07 | BF50: 3133.07 | BG50: 3133.07 | BH50: 3133.07 | BI50: 3133.07 | BJ50: 3133.07 | BK50: 3133.07 | BL50: 3133.07 | BM50: 3133.07 | BN50: 3133.07 | BO50: 3133.07 | BP50: 3133.07 | BQ50: 3133.07 | BR50: 3133.07 | BS50: 3133.07 | BT50: 3133.07 | BU50: 3133.07 | BV50: 3133.07 | BW50: 3133.07 | BX50: 3133.07 | BY50: 3133.07 | BZ50: 3133.07 | CA50: 3133.07 | CB50: 3133.07 | CC50: 3133.07 | CD50: 3133.07 | CE50: 3133.07 | CF50: 3133.07 | CG50: 3133.07 | CH50: 3133.07 | CI50: 3133.07 | CJ50: 3133.07 | CK50: 3133.07 | CL50: 3133.07 | CM50: 3133.07 | CN50: 3133.07 | CO50: 3133.07 | CP50: 3133.07 | CQ50: 3133.07 | CR50: 3133.07 | CS50: 3133.07 | CT50: 3133.07 | CU50: 3133.07 | CV50: 3133.07 | CW50: 3133.07 | CX50: 3133.07 | CY50: 3133.07 | CZ50: 3133.07 | DA50: 3133.07 | DB50: 3133.07 | DC50: 3133.07 | DD50: 3133.07 | DE50: 3133.07 | DF50: 3133.07 | DG50: 3133.07 | DH50: 3133.07 | DI50: 3133.07 | DJ50: 3133.07 | DK50: 3133.07 | DL50: 3133.07 | DM50: 3133.07 | DN50: 3133.07 | DO50: 3133.07 | DP50: 3133.07 | DQ50: 3133.07 | DR50: 3133.07 | DS50: 3133.07 | DT50: 3133.07 | DU50: 3133.07 | DV50: 3133.07 | DW50: 3133.07 | DX50: 3133.07 | DY50: 3133.07 | DZ50: 3133.07 | EA50: 3133.07 | EB50: 3133.07 | EC50: 3133.07 | ED50: 3133.07 | EE50: 3133.07 | EF50: 3133.07 | EG50: 3133.07 | EH50: 3133.07 | EI50: 3133.07 | EJ50: 3133.07 | EK50: 3133.07 | EL50: 3133.07 | EM50: 3133.07 | EN50: 3133.07 | EO50: 3133.07 | EP50: 3133.07 | EQ50: 3133.07 | ER50: 3133.07 | ES50: 3133.07 | ET50: 3133.07 | EU50: 3133.07 | EV50: 3133.07 | EW50: 3133.07 | EX50: 3133.07 | EY50: 3133.07 | EZ50: 3133.07 | FA50: 3133.07 | FB50: 3133.07 | FC50: 3133.07 | FD50: 3133.07 | FE50: 3133.07 | FF50: 3133.07 | FG50: 3133.07 | FH50: 3133.07 | FI50: 3133.07 | FJ50: 3133.07 | FK50: 3133.07 | FL50: 3133.07 | FM50: 3132.64 | FN50: 0 | FO50: 0 | FP50: 0 | FQ50: 0 | FR50: 0 | FS50: 0 | FT50: 0 | FU50: 0 | FV50: 0 | FW50: 0 | FX50: 0 | FY50: 0 | FZ50: 0 | GA50: 0 | GB50: 0 | GC50: 0 | GD50: 0 | GE50: 0 | GF50: 0 | GG50: 0 | GH50: 0 | GI50: 135631
A51: 135680 | B51: 6372 | C51: Renan Santos Portes | D51: 009.517.511-31 | E51: 0.1003 | F51: SWISS PARK ANAPOLIS | G51: Swiss Park Zurich - Anápolis | H51: =VLOOKUP(B51,Elegibilidade!A:I,9,0) -> Elegível | I51: 149 | J51: 0 | K51: =NPV(0.8%,T51:GH51) -> 272163.21 | L51: =J51+K51 -> 272163.21 | M51: Adimplente | N51: 272163.21 | O51: =NPV((1+12%)^(1/12)-1,T51:GH51) -> 249344.68 | P51: =Vendas!$J$1 -> 885.1292 | Q51: 360 | R51: =P51*Q51 -> 318646.51 | S51: =O51/R51 -> 0.78251187 | T51: 3133.07 | U51: 3133.07 | V51: 3133.07 | W51: 3133.07 | X51: 3133.07 | Y51: 3133.07 | Z51: 3133.07 | AA51: 3133.07 | AB51: 3133.07 | AC51: 3133.07 | AD51: 3133.07 | AE51: 3133.07 | AF51: 3133.07 | AG51: 3133.07 | AH51: 3133.07 | AI51: 3133.07 | AJ51: 3133.07 | AK51: 3133.07 | AL51: 3133.07 | AM51: 3133.07 | AN51: 3133.07 | AO51: 3133.07 | AP51: 3133.07 | AQ51: 3133.07 | AR51: 3133.07 | AS51: 3133.07 | AT51: 3133.07 | AU51: 3133.07 | AV51: 3133.07 | AW51: 3133.07 | AX51: 3133.07 | AY51: 3133.07 | AZ51: 3133.07 | BA51: 3133.07 | BB51: 3133.07 | BC51: 3133.07 | BD51: 3133.07 | BE51: 3133.07 | BF51: 3133.07 | BG51: 3133.07 | BH51: 3133.07 | BI51: 3133.07 | BJ51: 3133.07 | BK51: 3133.07 | BL51: 3133.07 | BM51: 3133.07 | BN51: 3133.07 | BO51: 3133.07 | BP51: 3133.07 | BQ51: 3133.07 | BR51: 3133.07 | BS51: 3133.07 | BT51: 3133.07 | BU51: 3133.07 | BV51: 3133.07 | BW51: 3133.07 | BX51: 3133.07 | BY51: 3133.07 | BZ51: 3133.07 | CA51: 3133.07 | CB51: 3133.07 | CC51: 3133.07 | CD51: 3133.07 | CE51: 3133.07 | CF51: 3133.07 | CG51: 3133.07 | CH51: 3133.07 | CI51: 3133.07 | CJ51: 3133.07 | CK51: 3133.07 | CL51: 3133.07 | CM51: 3133.07 | CN51: 3133.07 | CO51: 3133.07 | CP51: 3133.07 | CQ51: 3133.07 | CR51: 3133.07 | CS51: 3133.07 | CT51: 3133.07 | CU51: 3133.07 | CV51: 3133.07 | CW51: 3133.07 | CX51: 3133.07 | CY51: 3133.07 | CZ51: 3133.07 | DA51: 3133.07 | DB51: 3133.07 | DC51: 3133.07 | DD51: 3133.07 | DE51: 3133.07 | DF51: 3133.07 | DG51: 3133.07 | DH51: 3133.07 | DI51: 3133.07 | DJ51: 3133.07 | DK51: 3133.07 | DL51: 3133.07 | DM51: 3133.07 | DN51: 3133.07 | DO51: 3133.07 | DP51: 3133.07 | DQ51: 3133.07 | DR51: 3133.07 | DS51: 3133.07 | DT51: 3133.07 | DU51: 3133.07 | DV51: 3133.07 | DW51: 3133.07 | DX51: 3133.07 | DY51: 3133.07 | DZ51: 3133.07 | EA51: 3133.07 | EB51: 3133.07 | EC51: 3133.07 | ED51: 3133.07 | EE51: 3133.07 | EF51: 3133.07 | EG51: 3133.07 | EH51: 3133.07 | EI51: 3133.07 | EJ51: 3133.07 | EK51: 3133.07 | EL51: 3133.07 | EM51: 3133.07 | EN51: 3133.07 | EO51: 3133.07 | EP51: 3133.07 | EQ51: 3133.07 | ER51: 3133.07 | ES51: 3133.07 | ET51: 3133.07 | EU51: 3133.07 | EV51: 3133.07 | EW51: 3133.07 | EX51: 3133.07 | EY51: 3133.07 | EZ51: 3133.07 | FA51: 3133.07 | FB51: 3133.07 | FC51: 3133.07 | FD51: 3133.07 | FE51: 3133.07 | FF51: 3133.07 | FG51: 3133.07 | FH51: 3133.07 | FI51: 3133.07 | FJ51: 3133.07 | FK51: 3133.07 | FL51: 3133.07 | FM51: 0 | FN51: 0 | FO51: 0 | FP51: 0 | FQ51: 0 | FR51: 0 | FS51: 0 | FT51: 0 | FU51: 0 | FV51: 0 | FW51: 0 | FX51: 0 | FY51: 0 | FZ51: 0 | GA51: 0 | GB51: 0 | GC51: 0 | GD51: 0 | GE51: 0 | GF51: 0 | GG51: 0 | GH51: 0 | GI51: 135680
A52: 135921 | B52: 6492 | C52: Elizabeth De Souza Santos | D52: 865.149.381-91 | E52: 0 | F52: SWISS PARK ANAPOLIS | G52: Swiss Park Zurich - Anápolis | H52: =VLOOKUP(B52,Elegibilidade!A:I,9,0) -> Elegível | I52: 33 | J52: 0 | K52: =SUM(T52:GH52) -> 269784.24 | L52: =J52+K52 -> 269784.24 | M52: Adimplente | N52: 269784.24 | O52: =NPV((1+12%)^(1/12)-1,T52:GH52) -> 230698.94 | P52: =Vendas!$J$1 -> 885.1292 | Q52: 360 | R52: =P52*Q52 -> 318646.51 | S52: =O52/R52 -> 0.72399644 | T52: 8175.28 | U52: 8175.28 | V52: 8175.28 | W52: 8175.28 | X52: 8175.28 | Y52: 8175.28 | Z52: 8175.28 | AA52: 8175.28 | AB52: 8175.28 | AC52: 8175.28 | AD52: 8175.28 | AE52: 8175.28 | AF52: 8175.28 | AG52: 8175.28 | AH52: 8175.28 | AI52: 8175.28 | AJ52: 8175.28 | AK52: 8175.28 | AL52: 8175.28 | AM52: 8175.28 | AN52: 8175.28 | AO52: 8175.28 | AP52: 8175.28 | AQ52: 8175.28 | AR52: 8175.28 | AS52: 8175.28 | AT52: 8175.28 | AU52: 8175.28 | AV52: 8175.28 | AW52: 8175.28 | AX52: 8175.28 | AY52: 8175.28 | AZ52: 8175.28 | BA52: 0 | BB52: 0 | BC52: 0 | BD52: 0 | BE52: 0 | BF52: 0 | BG52: 0 | BH52: 0 | BI52: 0 | BJ52: 0 | BK52: 0 | BL52: 0 | BM52: 0 | BN52: 0 | BO52: 0 | BP52: 0 | BQ52: 0 | BR52: 0 | BS52: 0 | BT52: 0 | BU52: 0 | BV52: 0 | BW52: 0 | BX52: 0 | BY52: 0 | BZ52: 0 | CA52: 0 | CB52: 0 | CC52: 0 | CD52: 0 | CE52: 0 | CF52: 0 | CG52: 0 | CH52: 0 | CI52: 0 | CJ52: 0 | CK52: 0 | CL52: 0 | CM52: 0 | CN52: 0 | CO52: 0 | CP52: 0 | CQ52: 0 | CR52: 0 | CS52: 0 | CT52: 0 | CU52: 0 | CV52: 0 | CW52: 0 | CX52: 0 | CY52: 0 | CZ52: 0 | DA52: 0 | DB52: 0 | DC52: 0 | DD52: 0 | DE52: 0 | DF52: 0 | DG52: 0 | DH52: 0 | DI52: 0 | DJ52: 0 | DK52: 0 | DL52: 0 | DM52: 0 | DN52: 0 | DO52: 0 | DP52: 0 | DQ52: 0 | DR52: 0 | DS52: 0 | DT52: 0 | DU52: 0 | DV52: 0 | DW52: 0 | DX52: 0 | DY52: 0 | DZ52: 0 | EA52: 0 | EB52: 0 | EC52: 0 | ED52: 0 | EE52: 0 | EF52: 0 | EG52: 0 | EH52: 0 | EI52: 0 | EJ52: 0 | EK52: 0 | EL52: 0 | EM52: 0 | EN52: 0 | EO52: 0 | EP52: 0 | EQ52: 0 | ER52: 0 | ES52: 0 | ET52: 0 | EU52: 0 | EV52: 0 | EW52: 0 | EX52: 0 | EY52: 0 | EZ52: 0 | FA52: 0 | FB52: 0 | FC52: 0 | FD52: 0 | FE52: 0 | FF52: 0 | FG52: 0 | FH52: 0 | FI52: 0 | FJ52: 0 | FK52: 0 | FL52: 0 | FM52: 0 | FN52: 0 | FO52: 0 | FP52: 0 | FQ52: 0 | FR52: 0 | FS52: 0 | FT52: 0 | FU52: 0 | FV52: 0 | FW52: 0 | FX52: 0 | FY52: 0 | FZ52: 0 | GA52: 0 | GB52: 0 | GC52: 0 | GD52: 0 | GE52: 0 | GF52: 0 | GG52: 0 | GH52: 0 | GI52: 135921
A53: 135696 | B53: 6485 | C53: Simone De Souza Santos Rabelo | D53: 004.185.046-79 | E53: 0 | F53: SWISS PARK ANAPOLIS | G53: Swiss Park Zurich - Anápolis | H53: =VLOOKUP(B53,Elegibilidade!A:I,9,0) -> Elegível | I53: 32 | J53: 0 | K53: =SUM(T53:GH53) -> 262629.12 | L53: =J53+K53 -> 262629.12 | M53: Adimplente | N53: 262629.12 | O53: =NPV((1+12%)^(1/12)-1,T53:GH53) -> 225589 | P53: =Vendas!$J$1 -> 885.1292 | Q53: 360 | R53: =P53*Q53 -> 318646.51 | S53: =O53/R53 -> 0.70796004 | T53: 8207.16 | U53: 8207.16 | V53: 8207.16 | W53: 8207.16 | X53: 8207.16 | Y53: 8207.16 | Z53: 8207.16 | AA53: 8207.16 | AB53: 8207.16 | AC53: 8207.16 | AD53: 8207.16 | AE53: 8207.16 | AF53: 8207.16 | AG53: 8207.16 | AH53: 8207.16 | AI53: 8207.16 | AJ53: 8207.16 | AK53: 8207.16 | AL53: 8207.16 | AM53: 8207.16 | AN53: 8207.16 | AO53: 8207.16 | AP53: 8207.16 | AQ53: 8207.16 | AR53: 8207.16 | AS53: 8207.16 | AT53: 8207.16 | AU53: 8207.16 | AV53: 8207.16 | AW53: 8207.16 | AX53: 8207.16 | AY53: 8207.16 | AZ53: 0 | BA53: 0 | BB53: 0 | BC53: 0 | BD53: 0 | BE53: 0 | BF53: 0 | BG53: 0 | BH53: 0 | BI53: 0 | BJ53: 0 | BK53: 0 | BL53: 0 | BM53: 0 | BN53: 0 | BO53: 0 | BP53: 0 | BQ53: 0 | BR53: 0 | BS53: 0 | BT53: 0 | BU53: 0 | BV53: 0 | BW53: 0 | BX53: 0 | BY53: 0 | BZ53: 0 | CA53: 0 | CB53: 0 | CC53: 0 | CD53: 0 | CE53: 0 | CF53: 0 | CG53: 0 | CH53: 0 | CI53: 0 | CJ53: 0 | CK53: 0 | CL53: 0 | CM53: 0 | CN53: 0 | CO53: 0 | CP53: 0 | CQ53: 0 | CR53: 0 | CS53: 0 | CT53: 0 | CU53: 0 | CV53: 0 | CW53: 0 | CX53: 0 | CY53: 0 | CZ53: 0 | DA53: 0 | DB53: 0 | DC53: 0 | DD53: 0 | DE53: 0 | DF53: 0 | DG53: 0 | DH53: 0 | DI53: 0 | DJ53: 0 | DK53: 0 | DL53: 0 | DM53: 0 | DN53: 0 | DO53: 0 | DP53: 0 | DQ53: 0 | DR53: 0 | DS53: 0 | DT53: 0 | DU53: 0 | DV53: 0 | DW53: 0 | DX53: 0 | DY53: 0 | DZ53: 0 | EA53: 0 | EB53: 0 | EC53: 0 | ED53: 0 | EE53: 0 | EF53: 0 | EG53: 0 | EH53: 0 | EI53: 0 | EJ53: 0 | EK53: 0 | EL53: 0 | EM53: 0 | EN53: 0 | EO53: 0 | EP53: 0 | EQ53: 0 | ER53: 0 | ES53: 0 | ET53: 0 | EU53: 0 | EV53: 0 | EW53: 0 | EX53: 0 | EY53: 0 | EZ53: 0 | FA53: 0 | FB53: 0 | FC53: 0 | FD53: 0 | FE53: 0 | FF53: 0 | FG53: 0 | FH53: 0 | FI53: 0 | FJ53: 0 | FK53: 0 | FL53: 0 | FM53: 0 | FN53: 0 | FO53: 0 | FP53: 0 | FQ53: 0 | FR53: 0 | FS53: 0 | FT53: 0 | FU53: 0 | FV53: 0 | FW53: 0 | FX53: 0 | FY53: 0 | FZ53: 0 | GA53: 0 | GB53: 0 | GC53: 0 | GD53: 0 | GE53: 0 | GF53: 0 | GG53: 0 | GH53: 0 | GI53: 135696
A54: 135678 | B54: 6373 | C54: Rafael Dos Reis Domingues | D54: 029.174.781-79 | E54: 0.1003 | F54: SWISS PARK ANAPOLIS | G54: Swiss Park Zurich - Anápolis | H54: =VLOOKUP(B54,Elegibilidade!A:I,9,0) -> Elegível | I54: 86 | J54: 0 | K54: =NPV(0.8%,T54:GH54) -> 261816.59 | L54: =J54+K54 -> 261816.59 | M54: Adimplente | N54: 261816.59 | O54: =NPV((1+12%)^(1/12)-1,T54:GH54) -> 247469.65 | P54: =Vendas!$J$1 -> 885.1292 | Q54: 360 | R54: =P54*Q54 -> 318646.51 | S54: =O54/R54 -> 0.77662752 | T54: 4222.49 | U54: 4222.49 | V54: 4222.49 | W54: 4222.49 | X54: 4222.49 | Y54: 4222.49 | Z54: 4222.49 | AA54: 4222.49 | AB54: 4222.49 | AC54: 4222.49 | AD54: 4222.49 | AE54: 4222.49 | AF54: 4222.49 | AG54: 4222.49 | AH54: 4222.49 | AI54: 4222.49 | AJ54: 4222.49 | AK54: 4222.49 | AL54: 4222.49 | AM54: 4222.49 | AN54: 4222.49 | AO54: 4222.49 | AP54: 4222.49 | AQ54: 4222.49 | AR54: 4222.49 | AS54: 4222.49 | AT54: 4222.49 | AU54: 4222.49 | AV54: 4222.49 | AW54: 4222.49 | AX54: 4222.49 | AY54: 4222.49 | AZ54: 4222.49 | BA54: 4222.49 | BB54: 4222.49 | BC54: 4222.49 | BD54: 4222.49 | BE54: 4222.49 | BF54: 4222.49 | BG54: 4222.49 | BH54: 4222.49 | BI54: 4222.49 | BJ54: 4222.49 | BK54: 4222.49 | BL54: 4222.49 | BM54: 4222.49 | BN54: 4222.49 | BO54: 4222.49 | BP54: 4222.49 | BQ54: 4222.49 | BR54: 4222.49 | BS54: 4222.49 | BT54: 4222.49 | BU54: 4222.49 | BV54: 4222.49 | BW54: 4222.49 | BX54: 4222.49 | BY54: 4222.49 | BZ54: 4222.49 | CA54: 4222.49 | CB54: 4222.49 | CC54: 4222.49 | CD54: 4222.49 | CE54: 4222.49 | CF54: 4222.49 | CG54: 4222.49 | CH54: 4222.49 | CI54: 4222.49 | CJ54: 4222.49 | CK54: 4222.49 | CL54: 4222.49 | CM54: 4222.49 | CN54: 4222.49 | CO54: 4222.49 | CP54: 4222.49 | CQ54: 4222.49 | CR54: 4222.49 | CS54: 4222.49 | CT54: 4222.49 | CU54: 4222.49 | CV54: 4222.49 | CW54: 4222.49 | CX54: 4222.49 | CY54: 4222.49 | CZ54: 4222.49 | DA54: 4222.45 | DB54: 0 | DC54: 0 | DD54: 0 | DE54: 0 | DF54: 0 | DG54: 0 | DH54: 0 | DI54: 0 | DJ54: 0 | DK54: 0 | DL54: 0 | DM54: 0 | DN54: 0 | DO54: 0 | DP54: 0 | DQ54: 0 | DR54: 0 | DS54: 0 | DT54: 0 | DU54: 0 | DV54: 0 | DW54: 0 | DX54: 0 | DY54: 0 | DZ54: 0 | EA54: 0 | EB54: 0 | EC54: 0 | ED54: 0 | EE54: 0 | EF54: 0 | EG54: 0 | EH54: 0 | EI54: 0 | EJ54: 0 | EK54: 0 | EL54: 0 | EM54: 0 | EN54: 0 | EO54: 0 | EP54: 0 | EQ54: 0 | ER54: 0 | ES54: 0 | ET54: 0 | EU54: 0 | EV54: 0 | EW54: 0 | EX54: 0 | EY54: 0 | EZ54: 0 | FA54: 0 | FB54: 0 | FC54: 0 | FD54: 0 | FE54: 0 | FF54: 0 | FG54: 0 | FH54: 0 | FI54: 0 | FJ54: 0 | FK54: 0 | FL54: 0 | FM54: 0 | FN54: 0 | FO54: 0 | FP54: 0 | FQ54: 0 | FR54: 0 | FS54: 0 | FT54: 0 | FU54: 0 | FV54: 0 | FW54: 0 | FX54: 0 | FY54: 0 | FZ54: 0 | GA54: 0 | GB54: 0 | GC54: 0 | GD54: 0 | GE54: 0 | GF54: 0 | GG54: 0 | GH54: 0 | GI54: 135678
A55: 135644 | B55: 6394 | C55: Heber Guimaraes Da Cunha | D55: 766.927.601-00 | E55: 0.1003 | F55: SWISS PARK ANAPOLIS | G55: Swiss Park Zurich - Anápolis | H55: =VLOOKUP(B55,Elegibilidade!A:I,9,0) -> Elegível | I55: 147 | J55: 0 | K55: =NPV(0.8%,T55:GH55) -> 257816.37 | L55: =J55+K55 -> 257816.37 | M55: Adimplente | N55: 257816.37 | O55: =NPV((1+12%)^(1/12)-1,T55:GH55) -> 236407.54 | P55: =Vendas!$J$1 -> 885.1292 | Q55: 376.09 | R55: =P55*Q55 -> 332888.24 | S55: =O55/R55 -> 0.71017089 | T55: 2988.99 | U55: 2988.99 | V55: 2988.99 | W55: 2988.99 | X55: 2988.99 | Y55: 2988.99 | Z55: 2988.99 | AA55: 2988.99 | AB55: 2988.99 | AC55: 2988.99 | AD55: 2988.99 | AE55: 2988.99 | AF55: 2988.99 | AG55: 2988.99 | AH55: 2988.99 | AI55: 2988.99 | AJ55: 2988.99 | AK55: 2988.99 | AL55: 2988.99 | AM55: 2988.99 | AN55: 2988.99 | AO55: 2988.99 | AP55: 2988.99 | AQ55: 2988.99 | AR55: 2988.99 | AS55: 2988.99 | AT55: 2988.99 | AU55: 2988.99 | AV55: 2988.99 | AW55: 2988.99 | AX55: 2988.99 | AY55: 2988.99 | AZ55: 2988.99 | BA55: 2988.99 | BB55: 2988.99 | BC55: 2988.99 | BD55: 2988.99 | BE55: 2988.99 | BF55: 2988.99 | BG55: 2988.99 | BH55: 2988.99 | BI55: 2988.99 | BJ55: 2988.99 | BK55: 2988.99 | BL55: 2988.99 | BM55: 2988.99 | BN55: 2988.99 | BO55: 2988.99 | BP55: 2988.99 | BQ55: 2988.99 | BR55: 2988.99 | BS55: 2988.99 | BT55: 2988.99 | BU55: 2988.99 | BV55: 2988.99 | BW55: 2988.99 | BX55: 2988.99 | BY55: 2988.99 | BZ55: 2988.99 | CA55: 2988.99 | CB55: 2988.99 | CC55: 2988.99 | CD55: 2988.99 | CE55: 2988.99 | CF55: 2988.99 | CG55: 2988.99 | CH55: 2988.99 | CI55: 2988.99 | CJ55: 2988.99 | CK55: 2988.99 | CL55: 2988.99 | CM55: 2988.99 | CN55: 2988.99 | CO55: 2988.99 | CP55: 2988.99 | CQ55: 2988.99 | CR55: 2988.99 | CS55: 2988.99 | CT55: 2988.99 | CU55: 2988.99 | CV55: 2988.99 | CW55: 2988.99 | CX55: 2988.99 | CY55: 2988.99 | CZ55: 2988.99 | DA55: 2988.99 | DB55: 2988.99 | DC55: 2988.99 | DD55: 2988.99 | DE55: 2988.99 | DF55: 2988.99 | DG55: 2988.99 | DH55: 2988.99 | DI55: 2988.99 | DJ55: 2988.99 | DK55: 2988.99 | DL55: 2988.99 | DM55: 2988.99 | DN55: 2988.99 | DO55: 2988.99 | DP55: 2988.99 | DQ55: 2988.99 | DR55: 2988.99 | DS55: 2988.99 | DT55: 2988.99 | DU55: 2988.99 | DV55: 2988.99 | DW55: 2988.99 | DX55: 2988.99 | DY55: 2988.99 | DZ55: 2988.99 | EA55: 2988.99 | EB55: 2988.99 | EC55: 2988.99 | ED55: 2988.99 | EE55: 2988.99 | EF55: 2988.99 | EG55: 2988.99 | EH55: 2988.99 | EI55: 2988.99 | EJ55: 2988.99 | EK55: 2988.99 | EL55: 2988.99 | EM55: 2988.99 | EN55: 2988.99 | EO55: 2988.99 | EP55: 2988.99 | EQ55: 2988.99 | ER55: 2988.99 | ES55: 2988.99 | ET55: 2988.99 | EU55: 2988.99 | EV55: 2988.99 | EW55: 2988.99 | EX55: 2988.99 | EY55: 2988.99 | EZ55: 2988.99 | FA55: 2988.99 | FB55: 2988.99 | FC55: 2988.99 | FD55: 2988.99 | FE55: 2988.99 | FF55: 2988.99 | FG55: 2988.99 | FH55: 2988.99 | FI55: 2988.99 | FJ55: 2989.02 | FK55: 0 | FL55: 0 | FM55: 0 | FN55: 0 | FO55: 0 | FP55: 0 | FQ55: 0 | FR55: 0 | FS55: 0 | FT55: 0 | FU55: 0 | FV55: 0 | FW55: 0 | FX55: 0 | FY55: 0 | FZ55: 0 | GA55: 0 | GB55: 0 | GC55: 0 | GD55: 0 | GE55: 0 | GF55: 0 | GG55: 0 | GH55: 0 | GI55: 135644
A56: 135697 | B56: 6484 | C56: Nilza Raquel Silva | D56: 023.016.551-64 | E56: 0 | F56: SWISS PARK ANAPOLIS | G56: Swiss Park Zurich - Anápolis | H56: =VLOOKUP(B56,Elegibilidade!A:I,9,0) -> Elegível | I56: 44 | J56: 0 | K56: =SUM(T56:GH56) -> 255173.26 | L56: =J56+K56 -> 255173.26 | M56: Adimplente | N56: 255173.26 | O56: =NPV((1+12%)^(1/12)-1,T56:GH56) -> 207403.49 | P56: =Vendas!$J$1 -> 885.1292 | Q56: 360 | R56: =P56*Q56 -> 318646.51 | S56: =O56/R56 -> 0.65088894 | T56: 0 | U56: 0 | V56: 5516.03 | W56: 5516.03 | X56: 5516.03 | Y56: 5516.03 | Z56: 5516.03 | AA56: 17266.15 | AB56: 5516.03 | AC56: 5516.03 | AD56: 5516.03 | AE56: 5516.03 | AF56: 5516.03 | AG56: 5516.03 | AH56: 5516.03 | AI56: 5516.03 | AJ56: 5516.03 | AK56: 5516.03 | AL56: 5516.03 | AM56: 17266.15 | AN56: 5516.03 | AO56: 5516.03 | AP56: 5516.03 | AQ56: 5516.03 | AR56: 5516.03 | AS56: 5516.03 | AT56: 5516.03 | AU56: 5516.03 | AV56: 5516.03 | AW56: 5516.03 | AX56: 5516.03 | AY56: 5516.03 | AZ56: 5516.03 | BA56: 5516.03 | BB56: 5516.03 | BC56: 5516.03 | BD56: 5516.03 | BE56: 5516.03 | BF56: 5516.03 | BG56: 5516.03 | BH56: 5516.03 | BI56: 5516.03 | BJ56: 5516.03 | BK56: 5515.79 | BL56: 0 | BM56: 0 | BN56: 0 | BO56: 0 | BP56: 0 | BQ56: 0 | BR56: 0 | BS56: 0 | BT56: 0 | BU56: 0 | BV56: 0 | BW56: 0 | BX56: 0 | BY56: 0 | BZ56: 0 | CA56: 0 | CB56: 0 | CC56: 0 | CD56: 0 | CE56: 0 | CF56: 0 | CG56: 0 | CH56: 0 | CI56: 0 | CJ56: 0 | CK56: 0 | CL56: 0 | CM56: 0 | CN56: 0 | CO56: 0 | CP56: 0 | CQ56: 0 | CR56: 0 | CS56: 0 | CT56: 0 | CU56: 0 | CV56: 0 | CW56: 0 | CX56: 0 | CY56: 0 | CZ56: 0 | DA56: 0 | DB56: 0 | DC56: 0 | DD56: 0 | DE56: 0 | DF56: 0 | DG56: 0 | DH56: 0 | DI56: 0 | DJ56: 0 | DK56: 0 | DL56: 0 | DM56: 0 | DN56: 0 | DO56: 0 | DP56: 0 | DQ56: 0 | DR56: 0 | DS56: 0 | DT56: 0 | DU56: 0 | DV56: 0 | DW56: 0 | DX56: 0 | DY56: 0 | DZ56: 0 | EA56: 0 | EB56: 0 | EC56: 0 | ED56: 0 | EE56: 0 | EF56: 0 | EG56: 0 | EH56: 0 | EI56: 0 | EJ56: 0 | EK56: 0 | EL56: 0 | EM56: 0 | EN56: 0 | EO56: 0 | EP56: 0 | EQ56: 0 | ER56: 0 | ES56: 0 | ET56: 0 | EU56: 0 | EV56: 0 | EW56: 0 | EX56: 0 | EY56: 0 | EZ56: 0 | FA56: 0 | FB56: 0 | FC56: 0 | FD56: 0 | FE56: 0 | FF56: 0 | FG56: 0 | FH56: 0 | FI56: 0 | FJ56: 0 | FK56: 0 | FL56: 0 | FM56: 0 | FN56: 0 | FO56: 0 | FP56: 0 | FQ56: 0 | FR56: 0 | FS56: 0 | FT56: 0 | FU56: 0 | FV56: 0 | FW56: 0 | FX56: 0 | FY56: 0 | FZ56: 0 | GA56: 0 | GB56: 0 | GC56: 0 | GD56: 0 | GE56: 0 | GF56: 0 | GG56: 0 | GH56: 0 | GI56: 135697
A57: 135653 | B57: 6395 | C57: Jonatas Guimaraes Da Cunha | D57: 814.407.231-68 | E57: 0.1003 | F57: SWISS PARK ANAPOLIS | G57: Swiss Park Zurich - Anápolis | H57: =VLOOKUP(B57,Elegibilidade!A:I,9,0) -> Elegível | I57: 83 | J57: 0 | K57: =NPV(0.8%,T57:GH57) -> 254916.26 | L57: =J57+K57 -> 254916.26 | M57: Adimplente | N57: 254916.26 | O57: =NPV((1+12%)^(1/12)-1,T57:GH57) -> 241352.73 | P57: =Vendas!$J$1 -> 885.1292 | Q57: 393.5 | R57: =P57*Q57 -> 348298.34 | S57: =O57/R57 -> 0.69294827 | T57: 4214.8 | U57: 4214.8 | V57: 4214.8 | W57: 4214.8 | X57: 4214.8 | Y57: 4214.8 | Z57: 4214.8 | AA57: 4214.8 | AB57: 4214.8 | AC57: 4214.8 | AD57: 4214.8 | AE57: 4214.8 | AF57: 4214.8 | AG57: 4214.8 | AH57: 4214.8 | AI57: 4214.8 | AJ57: 4214.8 | AK57: 4214.8 | AL57: 4214.8 | AM57: 4214.8 | AN57: 4214.8 | AO57: 4214.8 | AP57: 4214.8 | AQ57: 4214.8 | AR57: 4214.8 | AS57: 4214.8 | AT57: 4214.8 | AU57: 4214.8 | AV57: 4214.8 | AW57: 4214.8 | AX57: 4214.8 | AY57: 4214.8 | AZ57: 4214.8 | BA57: 4214.8 | BB57: 4214.8 | BC57: 4214.8 | BD57: 4214.8 | BE57: 4214.8 | BF57: 4214.8 | BG57: 4214.8 | BH57: 4214.8 | BI57: 4214.8 | BJ57: 4214.8 | BK57: 4214.8 | BL57: 4214.8 | BM57: 4214.8 | BN57: 4214.8 | BO57: 4214.8 | BP57: 4214.8 | BQ57: 4214.8 | BR57: 4214.8 | BS57: 4214.8 | BT57: 4214.8 | BU57: 4214.8 | BV57: 4214.8 | BW57: 4214.8 | BX57: 4214.8 | BY57: 4214.8 | BZ57: 4214.8 | CA57: 4214.8 | CB57: 4214.8 | CC57: 4214.8 | CD57: 4214.8 | CE57: 4214.8 | CF57: 4214.8 | CG57: 4214.8 | CH57: 4214.8 | CI57: 4214.8 | CJ57: 4214.8 | CK57: 4214.8 | CL57: 4214.8 | CM57: 4214.8 | CN57: 4214.8 | CO57: 4214.8 | CP57: 4214.8 | CQ57: 4214.8 | CR57: 4214.8 | CS57: 4214.8 | CT57: 4214.8 | CU57: 4214.8 | CV57: 4214.8 | CW57: 4214.8 | CX57: 4214.46 | CY57: 0 | CZ57: 0 | DA57: 0 | DB57: 0 | DC57: 0 | DD57: 0 | DE57: 0 | DF57: 0 | DG57: 0 | DH57: 0 | DI57: 0 | DJ57: 0 | DK57: 0 | DL57: 0 | DM57: 0 | DN57: 0 | DO57: 0 | DP57: 0 | DQ57: 0 | DR57: 0 | DS57: 0 | DT57: 0 | DU57: 0 | DV57: 0 | DW57: 0 | DX57: 0 | DY57: 0 | DZ57: 0 | EA57: 0 | EB57: 0 | EC57: 0 | ED57: 0 | EE57: 0 | EF57: 0 | EG57: 0 | EH57: 0 | EI57: 0 | EJ57: 0 | EK57: 0 | EL57: 0 | EM57: 0 | EN57: 0 | EO57: 0 | EP57: 0 | EQ57: 0 | ER57: 0 | ES57: 0 | ET57: 0 | EU57: 0 | EV57: 0 | EW57: 0 | EX57: 0 | EY57: 0 | EZ57: 0 | FA57: 0 | FB57: 0 | FC57: 0 | FD57: 0 | FE57: 0 | FF57: 0 | FG57: 0 | FH57: 0 | FI57: 0 | FJ57: 0 | FK57: 0 | FL57: 0 | FM57: 0 | FN57: 0 | FO57: 0 | FP57: 0 | FQ57: 0 | FR57: 0 | FS57: 0 | FT57: 0 | FU57: 0 | FV57: 0 | FW57: 0 | FX57: 0 | FY57: 0 | FZ57: 0 | GA57: 0 | GB57: 0 | GC57: 0 | GD57: 0 | GE57: 0 | GF57: 0 | GG57: 0 | GH57: 0 | GI57: 135653
A58: 135656 | B58: 6445 | C58: Jose Marcos De Oliveira | D58: 556.912.341-53 | E58: 0 | F58: SWISS PARK ANAPOLIS | G58: Swiss Park Zurich - Anápolis | H58: =VLOOKUP(B58,Elegibilidade!A:I,9,0) -> Elegível | I58: 28 | J58: 0 | K58: =SUM(T58:GH58) -> 249695.88 | L58: =J58+K58 -> 249695.88 | M58: Adimplente | N58: 249695.88 | O58: =NPV((1+12%)^(1/12)-1,T58:GH58) -> 218374.83 | P58: =Vendas!$J$1 -> 885.1292 | Q58: 363.89 | R58: =P58*Q58 -> 322089.66 | S58: =O58/R58 -> 0.67799392 | T58: 8917.71 | U58: 8917.71 | V58: 8917.71 | W58: 8917.71 | X58: 8917.71 | Y58: 8917.71 | Z58: 8917.71 | AA58: 8917.71 | AB58: 8917.71 | AC58: 8917.71 | AD58: 8917.71 | AE58: 8917.71 | AF58: 8917.71 | AG58: 8917.71 | AH58: 8917.71 | AI58: 8917.71 | AJ58: 8917.71 | AK58: 8917.71 | AL58: 8917.71 | AM58: 8917.71 | AN58: 8917.71 | AO58: 8917.71 | AP58: 8917.71 | AQ58: 8917.71 | AR58: 8917.71 | AS58: 8917.71 | AT58: 8917.71 | AU58: 8917.71 | AV58: 0 | AW58: 0 | AX58: 0 | AY58: 0 | AZ58: 0 | BA58: 0 | BB58: 0 | BC58: 0 | BD58: 0 | BE58: 0 | BF58: 0 | BG58: 0 | BH58: 0 | BI58: 0 | BJ58: 0 | BK58: 0 | BL58: 0 | BM58: 0 | BN58: 0 | BO58: 0 | BP58: 0 | BQ58: 0 | BR58: 0 | BS58: 0 | BT58: 0 | BU58: 0 | BV58: 0 | BW58: 0 | BX58: 0 | BY58: 0 | BZ58: 0 | CA58: 0 | CB58: 0 | CC58: 0 | CD58: 0 | CE58: 0 | CF58: 0 | CG58: 0 | CH58: 0 | CI58: 0 | CJ58: 0 | CK58: 0 | CL58: 0 | CM58: 0 | CN58: 0 | CO58: 0 | CP58: 0 | CQ58: 0 | CR58: 0 | CS58: 0 | CT58: 0 | CU58: 0 | CV58: 0 | CW58: 0 | CX58: 0 | CY58: 0 | CZ58: 0 | DA58: 0 | DB58: 0 | DC58: 0 | DD58: 0 | DE58: 0 | DF58: 0 | DG58: 0 | DH58: 0 | DI58: 0 | DJ58: 0 | DK58: 0 | DL58: 0 | DM58: 0 | DN58: 0 | DO58: 0 | DP58: 0 | DQ58: 0 | DR58: 0 | DS58: 0 | DT58: 0 | DU58: 0 | DV58: 0 | DW58: 0 | DX58: 0 | DY58: 0 | DZ58: 0 | EA58: 0 | EB58: 0 | EC58: 0 | ED58: 0 | EE58: 0 | EF58: 0 | EG58: 0 | EH58: 0 | EI58: 0 | EJ58: 0 | EK58: 0 | EL58: 0 | EM58: 0 | EN58: 0 | EO58: 0 | EP58: 0 | EQ58: 0 | ER58: 0 | ES58: 0 | ET58: 0 | EU58: 0 | EV58: 0 | EW58: 0 | EX58: 0 | EY58: 0 | EZ58: 0 | FA58: 0 | FB58: 0 | FC58: 0 | FD58: 0 | FE58: 0 | FF58: 0 | FG58: 0 | FH58: 0 | FI58: 0 | FJ58: 0 | FK58: 0 | FL58: 0 | FM58: 0 | FN58: 0 | FO58: 0 | FP58: 0 | FQ58: 0 | FR58: 0 | FS58: 0 | FT58: 0 | FU58: 0 | FV58: 0 | FW58: 0 | FX58: 0 | FY58: 0 | FZ58: 0 | GA58: 0 | GB58: 0 | GC58: 0 | GD58: 0 | GE58: 0 | GF58: 0 | GG58: 0 | GH58: 0 | GI58: 135656
A59: 135655 | B59: 6444 | C59: Jose Marcos De Oliveira | D59: 556.912.341-53 | E59: 0 | F59: SWISS PARK ANAPOLIS | G59: Swiss Park Zurich - Anápolis | H59: =VLOOKUP(B59,Elegibilidade!A:I,9,0) -> Elegível | I59: 28 | J59: 0 | K59: =SUM(T59:GH59) -> 249249.94 | L59: =J59+K59 -> 249249.94 | M59: Adimplente | N59: 249249.94 | O59: =NPV((1+12%)^(1/12)-1,T59:GH59) -> 217984.82 | P59: =Vendas!$J$1 -> 885.1292 | Q59: 363.24 | R59: =P59*Q59 -> 321514.33 | S59: =O59/R59 -> 0.6779941 | T59: 8901.78 | U59: 8901.78 | V59: 8901.78 | W59: 8901.78 | X59: 8901.78 | Y59: 8901.78 | Z59: 8901.78 | AA59: 8901.78 | AB59: 8901.78 | AC59: 8901.78 | AD59: 8901.78 | AE59: 8901.78 | AF59: 8901.78 | AG59: 8901.78 | AH59: 8901.78 | AI59: 8901.78 | AJ59: 8901.78 | AK59: 8901.78 | AL59: 8901.78 | AM59: 8901.78 | AN59: 8901.78 | AO59: 8901.78 | AP59: 8901.78 | AQ59: 8901.78 | AR59: 8901.78 | AS59: 8901.78 | AT59: 8901.78 | AU59: 8901.88 | AV59: 0 | AW59: 0 | AX59: 0 | AY59: 0 | AZ59: 0 | BA59: 0 | BB59: 0 | BC59: 0 | BD59: 0 | BE59: 0 | BF59: 0 | BG59: 0 | BH59: 0 | BI59: 0 | BJ59: 0 | BK59: 0 | BL59: 0 | BM59: 0 | BN59: 0 | BO59: 0 | BP59: 0 | BQ59: 0 | BR59: 0 | BS59: 0 | BT59: 0 | BU59: 0 | BV59: 0 | BW59: 0 | BX59: 0 | BY59: 0 | BZ59: 0 | CA59: 0 | CB59: 0 | CC59: 0 | CD59: 0 | CE59: 0 | CF59: 0 | CG59: 0 | CH59: 0 | CI59: 0 | CJ59: 0 | CK59: 0 | CL59: 0 | CM59: 0 | CN59: 0 | CO59: 0 | CP59: 0 | CQ59: 0 | CR59: 0 | CS59: 0 | CT59: 0 | CU59: 0 | CV59: 0 | CW59: 0 | CX59: 0 | CY59: 0 | CZ59: 0 | DA59: 0 | DB59: 0 | DC59: 0 | DD59: 0 | DE59: 0 | DF59: 0 | DG59: 0 | DH59: 0 | DI59: 0 | DJ59: 0 | DK59: 0 | DL59: 0 | DM59: 0 | DN59: 0 | DO59: 0 | DP59: 0 | DQ59: 0 | DR59: 0 | DS59: 0 | DT59: 0 | DU59: 0 | DV59: 0 | DW59: 0 | DX59: 0 | DY59: 0 | DZ59: 0 | EA59: 0 | EB59: 0 | EC59: 0 | ED59: 0 | EE59: 0 | EF59: 0 | EG59: 0 | EH59: 0 | EI59: 0 | EJ59: 0 | EK59: 0 | EL59: 0 | EM59: 0 | EN59: 0 | EO59: 0 | EP59: 0 | EQ59: 0 | ER59: 0 | ES59: 0 | ET59: 0 | EU59: 0 | EV59: 0 | EW59: 0 | EX59: 0 | EY59: 0 | EZ59: 0 | FA59: 0 | FB59: 0 | FC59: 0 | FD59: 0 | FE59: 0 | FF59: 0 | FG59: 0 | FH59: 0 | FI59: 0 | FJ59: 0 | FK59: 0 | FL59: 0 | FM59: 0 | FN59: 0 | FO59: 0 | FP59: 0 | FQ59: 0 | FR59: 0 | FS59: 0 | FT59: 0 | FU59: 0 | FV59: 0 | FW59: 0 | FX59: 0 | FY59: 0 | FZ59: 0 | GA59: 0 | GB59: 0 | GC59: 0 | GD59: 0 | GE59: 0 | GF59: 0 | GG59: 0 | GH59: 0 | GI59: 135655
A60: 135686 | B60: 6466 | C60: Simone De Souza Santos Rabelo | D60: 004.185.046-79 | E60: 0 | F60: SWISS PARK ANAPOLIS | G60: Swiss Park Zurich - Anápolis | H60: =VLOOKUP(B60,Elegibilidade!A:I,9,0) -> Elegível | I60: 30 | J60: 0 | K60: =SUM(T60:GH60) -> 248682.9 | L60: =J60+K60 -> 248682.9 | M60: Adimplente | N60: 248682.9 | O60: =NPV((1+12%)^(1/12)-1,T60:GH60) -> 215537.39 | P60: =Vendas!$J$1 -> 885.1292 | Q60: 360 | R60: =P60*Q60 -> 318646.51 | S60: =O60/R60 -> 0.67641534 | T60: 8289.43 | U60: 8289.43 | V60: 8289.43 | W60: 8289.43 | X60: 8289.43 | Y60: 8289.43 | Z60: 8289.43 | AA60: 8289.43 | AB60: 8289.43 | AC60: 8289.43 | AD60: 8289.43 | AE60: 8289.43 | AF60: 8289.43 | AG60: 8289.43 | AH60: 8289.43 | AI60: 8289.43 | AJ60: 8289.43 | AK60: 8289.43 | AL60: 8289.43 | AM60: 8289.43 | AN60: 8289.43 | AO60: 8289.43 | AP60: 8289.43 | AQ60: 8289.43 | AR60: 8289.43 | AS60: 8289.43 | AT60: 8289.43 | AU60: 8289.43 | AV60: 8289.43 | AW60: 8289.43 | AX60: 0 | AY60: 0 | AZ60: 0 | BA60: 0 | BB60: 0 | BC60: 0 | BD60: 0 | BE60: 0 | BF60: 0 | BG60: 0 | BH60: 0 | BI60: 0 | BJ60: 0 | BK60: 0 | BL60: 0 | BM60: 0 | BN60: 0 | BO60: 0 | BP60: 0 | BQ60: 0 | BR60: 0 | BS60: 0 | BT60: 0 | BU60: 0 | BV60: 0 | BW60: 0 | BX60: 0 | BY60: 0 | BZ60: 0 | CA60: 0 | CB60: 0 | CC60: 0 | CD60: 0 | CE60: 0 | CF60: 0 | CG60: 0 | CH60: 0 | CI60: 0 | CJ60: 0 | CK60: 0 | CL60: 0 | CM60: 0 | CN60: 0 | CO60: 0 | CP60: 0 | CQ60: 0 | CR60: 0 | CS60: 0 | CT60: 0 | CU60: 0 | CV60: 0 | CW60: 0 | CX60: 0 | CY60: 0 | CZ60: 0 | DA60: 0 | DB60: 0 | DC60: 0 | DD60: 0 | DE60: 0 | DF60: 0 | DG60: 0 | DH60: 0 | DI60: 0 | DJ60: 0 | DK60: 0 | DL60: 0 | DM60: 0 | DN60: 0 | DO60: 0 | DP60: 0 | DQ60: 0 | DR60: 0 | DS60: 0 | DT60: 0 | DU60: 0 | DV60: 0 | DW60: 0 | DX60: 0 | DY60: 0 | DZ60: 0 | EA60: 0 | EB60: 0 | EC60: 0 | ED60: 0 | EE60: 0 | EF60: 0 | EG60: 0 | EH60: 0 | EI60: 0 | EJ60: 0 | EK60: 0 | EL60: 0 | EM60: 0 | EN60: 0 | EO60: 0 | EP60: 0 | EQ60: 0 | ER60: 0 | ES60: 0 | ET60: 0 | EU60: 0 | EV60: 0 | EW60: 0 | EX60: 0 | EY60: 0 | EZ60: 0 | FA60: 0 | FB60: 0 | FC60: 0 | FD60: 0 | FE60: 0 | FF60: 0 | FG60: 0 | FH60: 0 | FI60: 0 | FJ60: 0 | FK60: 0 | FL60: 0 | FM60: 0 | FN60: 0 | FO60: 0 | FP60: 0 | FQ60: 0 | FR60: 0 | FS60: 0 | FT60: 0 | FU60: 0 | FV60: 0 | FW60: 0 | FX60: 0 | FY60: 0 | FZ60: 0 | GA60: 0 | GB60: 0 | GC60: 0 | GD60: 0 | GE60: 0 | GF60: 0 | GG60: 0 | GH60: 0 | GI60: 135686
A61: 135646 | B61: 6375 | C61: Herson Aguiar Palhano | D61: 005.216.051-30 | E61: 0 | F61: SWISS PARK ANAPOLIS | G61: Swiss Park Zurich - Anápolis | H61: =VLOOKUP(B61,Elegibilidade!A:I,9,0) -> Elegível | I61: 23 | J61: 0 | K61: =SUM(T61:GH61) -> 246508.44 | L61: =J61+K61 -> 246508.44 | M61: Adimplente | N61: 246508.44 | O61: =NPV((1+12%)^(1/12)-1,T61:GH61) -> 220528.95 | P61: =Vendas!$J$1 -> 885.1292 | Q61: 478.95 | R61: =P61*Q61 -> 423932.63 | S61: =O61/R61 -> 0.5201981 | T61: 10717.76 | U61: 10717.76 | V61: 10717.76 | W61: 10717.76 | X61: 10717.76 | Y61: 10717.76 | Z61: 10717.76 | AA61: 10717.76 | AB61: 10717.76 | AC61: 10717.76 | AD61: 10717.76 | AE61: 10717.76 | AF61: 10717.76 | AG61: 10717.76 | AH61: 10717.76 | AI61: 10717.76 | AJ61: 10717.76 | AK61: 10717.76 | AL61: 10717.76 | AM61: 10717.76 | AN61: 10717.76 | AO61: 10717.76 | AP61: 10717.72 | AQ61: 0 | AR61: 0 | AS61: 0 | AT61: 0 | AU61: 0 | AV61: 0 | AW61: 0 | AX61: 0 | AY61: 0 | AZ61: 0 | BA61: 0 | BB61: 0 | BC61: 0 | BD61: 0 | BE61: 0 | BF61: 0 | BG61: 0 | BH61: 0 | BI61: 0 | BJ61: 0 | BK61: 0 | BL61: 0 | BM61: 0 | BN61: 0 | BO61: 0 | BP61: 0 | BQ61: 0 | BR61: 0 | BS61: 0 | BT61: 0 | BU61: 0 | BV61: 0 | BW61: 0 | BX61: 0 | BY61: 0 | BZ61: 0 | CA61: 0 | CB61: 0 | CC61: 0 | CD61: 0 | CE61: 0 | CF61: 0 | CG61: 0 | CH61: 0 | CI61: 0 | CJ61: 0 | CK61: 0 | CL61: 0 | CM61: 0 | CN61: 0 | CO61: 0 | CP61: 0 | CQ61: 0 | CR61: 0 | CS61: 0 | CT61: 0 | CU61: 0 | CV61: 0 | CW61: 0 | CX61: 0 | CY61: 0 | CZ61: 0 | DA61: 0 | DB61: 0 | DC61: 0 | DD61: 0 | DE61: 0 | DF61: 0 | DG61: 0 | DH61: 0 | DI61: 0 | DJ61: 0 | DK61: 0 | DL61: 0 | DM61: 0 | DN61: 0 | DO61: 0 | DP61: 0 | DQ61: 0 | DR61: 0 | DS61: 0 | DT61: 0 | DU61: 0 | DV61: 0 | DW61: 0 | DX61: 0 | DY61: 0 | DZ61: 0 | EA61: 0 | EB61: 0 | EC61: 0 | ED61: 0 | EE61: 0 | EF61: 0 | EG61: 0 | EH61: 0 | EI61: 0 | EJ61: 0 | EK61: 0 | EL61: 0 | EM61: 0 | EN61: 0 | EO61: 0 | EP61: 0 | EQ61: 0 | ER61: 0 | ES61: 0 | ET61: 0 | EU61: 0 | EV61: 0 | EW61: 0 | EX61: 0 | EY61: 0 | EZ61: 0 | FA61: 0 | FB61: 0 | FC61: 0 | FD61: 0 | FE61: 0 | FF61: 0 | FG61: 0 | FH61: 0 | FI61: 0 | FJ61: 0 | FK61: 0 | FL61: 0 | FM61: 0 | FN61: 0 | FO61: 0 | FP61: 0 | FQ61: 0 | FR61: 0 | FS61: 0 | FT61: 0 | FU61: 0 | FV61: 0 | FW61: 0 | FX61: 0 | FY61: 0 | FZ61: 0 | GA61: 0 | GB61: 0 | GC61: 0 | GD61: 0 | GE61: 0 | GF61: 0 | GG61: 0 | GH61: 0 | GI61: 135646
A62: 135639 | B62: 6380 | C62: Gabriel Jose Caixeta | D62: 012.144.191-19 | E62: 0.1003 | F62: SWISS PARK ANAPOLIS | G62: Swiss Park Zurich - Anápolis | H62: =VLOOKUP(B62,Elegibilidade!A:I,9,0) -> Elegível | I62: 76 | J62: 0 | K62: =NPV(0.8%,T62:GH62) -> 239753.84 | L62: =J62+K62 -> 239753.84 | M62: Adimplente | N62: 239753.84 | O62: =NPV((1+12%)^(1/12)-1,T62:GH62) -> 227905.2 | P62: =Vendas!$J$1 -> 885.1292 | Q62: 360 | R62: =P62*Q62 -> 318646.51 | S62: =O62/R62 -> 0.71522893 | T62: 4222.48 | U62: 4222.48 | V62: 4222.48 | W62: 4222.48 | X62: 4222.48 | Y62: 4222.48 | Z62: 4222.48 | AA62: 4222.48 | AB62: 4222.48 | AC62: 4222.48 | AD62: 4222.48 | AE62: 4222.48 | AF62: 4222.48 | AG62: 4222.48 | AH62: 4222.48 | AI62: 4222.48 | AJ62: 4222.48 | AK62: 4222.48 | AL62: 4222.48 | AM62: 4222.48 | AN62: 4222.48 | AO62: 4222.48 | AP62: 4222.48 | AQ62: 4222.48 | AR62: 4222.48 | AS62: 4222.48 | AT62: 4222.48 | AU62: 4222.48 | AV62: 4222.48 | AW62: 4222.48 | AX62: 4222.48 | AY62: 4222.48 | AZ62: 4222.48 | BA62: 4222.48 | BB62: 4222.48 | BC62: 4222.48 | BD62: 4222.48 | BE62: 4222.48 | BF62: 4222.48 | BG62: 4222.48 | BH62: 4222.48 | BI62: 4222.48 | BJ62: 4222.48 | BK62: 4222.48 | BL62: 4222.48 | BM62: 4222.48 | BN62: 4222.48 | BO62: 4222.48 | BP62: 4222.48 | BQ62: 4222.48 | BR62: 4222.48 | BS62: 4222.48 | BT62: 4222.48 | BU62: 4222.48 | BV62: 4222.48 | BW62: 4222.48 | BX62: 4222.48 | BY62: 4222.48 | BZ62: 4222.48 | CA62: 4222.48 | CB62: 4222.48 | CC62: 4222.48 | CD62: 4222.48 | CE62: 4222.48 | CF62: 4222.48 | CG62: 4222.48 | CH62: 4222.48 | CI62: 4222.48 | CJ62: 4222.48 | CK62: 4222.48 | CL62: 4222.48 | CM62: 4222.48 | CN62: 4222.48 | CO62: 4222.48 | CP62: 4222.48 | CQ62: 4222.48 | CR62: 0 | CS62: 0 | CT62: 0 | CU62: 0 | CV62: 0 | CW62: 0 | CX62: 0 | CY62: 0 | CZ62: 0 | DA62: 0 | DB62: 0 | DC62: 0 | DD62: 0 | DE62: 0 | DF62: 0 | DG62: 0 | DH62: 0 | DI62: 0 | DJ62: 0 | DK62: 0 | DL62: 0 | DM62: 0 | DN62: 0 | DO62: 0 | DP62: 0 | DQ62: 0 | DR62: 0 | DS62: 0 | DT62: 0 | DU62: 0 | DV62: 0 | DW62: 0 | DX62: 0 | DY62: 0 | DZ62: 0 | EA62: 0 | EB62: 0 | EC62: 0 | ED62: 0 | EE62: 0 | EF62: 0 | EG62: 0 | EH62: 0 | EI62: 0 | EJ62: 0 | EK62: 0 | EL62: 0 | EM62: 0 | EN62: 0 | EO62: 0 | EP62: 0 | EQ62: 0 | ER62: 0 | ES62: 0 | ET62: 0 | EU62: 0 | EV62: 0 | EW62: 0 | EX62: 0 | EY62: 0 | EZ62: 0 | FA62: 0 | FB62: 0 | FC62: 0 | FD62: 0 | FE62: 0 | FF62: 0 | FG62: 0 | FH62: 0 | FI62: 0 | FJ62: 0 | FK62: 0 | FL62: 0 | FM62: 0 | FN62: 0 | FO62: 0 | FP62: 0 | FQ62: 0 | FR62: 0 | FS62: 0 | FT62: 0 | FU62: 0 | FV62: 0 | FW62: 0 | FX62: 0 | FY62: 0 | FZ62: 0 | GA62: 0 | GB62: 0 | GC62: 0 | GD62: 0 | GE62: 0 | GF62: 0 | GG62: 0 | GH62: 0 | GI62: 135639
A63: 135619 | B63: 6382 | C63: Andreyve Vieira Melo | D63: 019.961.151-38 | E63: 0.1003 | F63: SWISS PARK ANAPOLIS | G63: Swiss Park Zurich - Anápolis | H63: =VLOOKUP(B63,Elegibilidade!A:I,9,0) -> Elegível | I63: 76 | J63: 0 | K63: =NPV(0.8%,T63:GH63) -> 239753.84 | L63: =J63+K63 -> 239753.84 | M63: Adimplente | N63: 239753.84 | O63: =NPV((1+12%)^(1/12)-1,T63:GH63) -> 227905.2 | P63: =Vendas!$J$1 -> 885.1292 | Q63: 360 | R63: =P63*Q63 -> 318646.51 | S63: =O63/R63 -> 0.71522893 | T63: 4222.48 | U63: 4222.48 | V63: 4222.48 | W63: 4222.48 | X63: 4222.48 | Y63: 4222.48 | Z63: 4222.48 | AA63: 4222.48 | AB63: 4222.48 | AC63: 4222.48 | AD63: 4222.48 | AE63: 4222.48 | AF63: 4222.48 | AG63: 4222.48 | AH63: 4222.48 | AI63: 4222.48 | AJ63: 4222.48 | AK63: 4222.48 | AL63: 4222.48 | AM63: 4222.48 | AN63: 4222.48 | AO63: 4222.48 | AP63: 4222.48 | AQ63: 4222.48 | AR63: 4222.48 | AS63: 4222.48 | AT63: 4222.48 | AU63: 4222.48 | AV63: 4222.48 | AW63: 4222.48 | AX63: 4222.48 | AY63: 4222.48 | AZ63: 4222.48 | BA63: 4222.48 | BB63: 4222.48 | BC63: 4222.48 | BD63: 4222.48 | BE63: 4222.48 | BF63: 4222.48 | BG63: 4222.48 | BH63: 4222.48 | BI63: 4222.48 | BJ63: 4222.48 | BK63: 4222.48 | BL63: 4222.48 | BM63: 4222.48 | BN63: 4222.48 | BO63: 4222.48 | BP63: 4222.48 | BQ63: 4222.48 | BR63: 4222.48 | BS63: 4222.48 | BT63: 4222.48 | BU63: 4222.48 | BV63: 4222.48 | BW63: 4222.48 | BX63: 4222.48 | BY63: 4222.48 | BZ63: 4222.48 | CA63: 4222.48 | CB63: 4222.48 | CC63: 4222.48 | CD63: 4222.48 | CE63: 4222.48 | CF63: 4222.48 | CG63: 4222.48 | CH63: 4222.48 | CI63: 4222.48 | CJ63: 4222.48 | CK63: 4222.48 | CL63: 4222.48 | CM63: 4222.48 | CN63: 4222.48 | CO63: 4222.48 | CP63: 4222.48 | CQ63: 4222.48 | CR63: 0 | CS63: 0 | CT63: 0 | CU63: 0 | CV63: 0 | CW63: 0 | CX63: 0 | CY63: 0 | CZ63: 0 | DA63: 0 | DB63: 0 | DC63: 0 | DD63: 0 | DE63: 0 | DF63: 0 | DG63: 0 | DH63: 0 | DI63: 0 | DJ63: 0 | DK63: 0 | DL63: 0 | DM63: 0 | DN63: 0 | DO63: 0 | DP63: 0 | DQ63: 0 | DR63: 0 | DS63: 0 | DT63: 0 | DU63: 0 | DV63: 0 | DW63: 0 | DX63: 0 | DY63: 0 | DZ63: 0 | EA63: 0 | EB63: 0 | EC63: 0 | ED63: 0 | EE63: 0 | EF63: 0 | EG63: 0 | EH63: 0 | EI63: 0 | EJ63: 0 | EK63: 0 | EL63: 0 | EM63: 0 | EN63: 0 | EO63: 0 | EP63: 0 | EQ63: 0 | ER63: 0 | ES63: 0 | ET63: 0 | EU63: 0 | EV63: 0 | EW63: 0 | EX63: 0 | EY63: 0 | EZ63: 0 | FA63: 0 | FB63: 0 | FC63: 0 | FD63: 0 | FE63: 0 | FF63: 0 | FG63: 0 | FH63: 0 | FI63: 0 | FJ63: 0 | FK63: 0 | FL63: 0 | FM63: 0 | FN63: 0 | FO63: 0 | FP63: 0 | FQ63: 0 | FR63: 0 | FS63: 0 | FT63: 0 | FU63: 0 | FV63: 0 | FW63: 0 | FX63: 0 | FY63: 0 | FZ63: 0 | GA63: 0 | GB63: 0 | GC63: 0 | GD63: 0 | GE63: 0 | GF63: 0 | GG63: 0 | GH63: 0 | GI63: 135619
A64: 135695 | B64: 6474 | C64: Hawa Khaled Abou Chakra | D64: 696.610.061-72 | E64: 0 | F64: SWISS PARK ANAPOLIS | G64: Swiss Park Zurich - Anápolis | H64: =VLOOKUP(B64,Elegibilidade!A:I,9,0) -> Elegível | I64: 31 | J64: 0 | K64: =SUM(T64:GH64) -> 238954.17 | L64: =J64+K64 -> 238954.17 | M64: Adimplente | N64: 238954.17 | O64: =NPV((1+12%)^(1/12)-1,T64:GH64) -> 206639.96 | P64: =Vendas!$J$1 -> 885.1292 | Q64: 367.61 | R64: =P64*Q64 -> 325382.35 | S64: =O64/R64 -> 0.63506815 | T64: 5518.65 | U64: 5518.65 | V64: 5518.65 | W64: 5518.65 | X64: 5518.65 | Y64: 22487.65 | Z64: 5518.65 | AA64: 5518.65 | AB64: 5518.65 | AC64: 5518.65 | AD64: 5518.65 | AE64: 22487.65 | AF64: 5518.65 | AG64: 5518.65 | AH64: 5518.65 | AI64: 5518.65 | AJ64: 5518.65 | AK64: 22487.65 | AL64: 5518.65 | AM64: 5518.65 | AN64: 5518.65 | AO64: 5518.65 | AP64: 5518.65 | AQ64: 22487.65 | AR64: 5518.65 | AS64: 5518.65 | AT64: 5518.65 | AU64: 5518.65 | AV64: 5518.65 | AW64: 5518.65 | AX64: 5518.67 | AY64: 0 | AZ64: 0 | BA64: 0 | BB64: 0 | BC64: 0 | BD64: 0 | BE64: 0 | BF64: 0 | BG64: 0 | BH64: 0 | BI64: 0 | BJ64: 0 | BK64: 0 | BL64: 0 | BM64: 0 | BN64: 0 | BO64: 0 | BP64: 0 | BQ64: 0 | BR64: 0 | BS64: 0 | BT64: 0 | BU64: 0 | BV64: 0 | BW64: 0 | BX64: 0 | BY64: 0 | BZ64: 0 | CA64: 0 | CB64: 0 | CC64: 0 | CD64: 0 | CE64: 0 | CF64: 0 | CG64: 0 | CH64: 0 | CI64: 0 | CJ64: 0 | CK64: 0 | CL64: 0 | CM64: 0 | CN64: 0 | CO64: 0 | CP64: 0 | CQ64: 0 | CR64: 0 | CS64: 0 | CT64: 0 | CU64: 0 | CV64: 0 | CW64: 0 | CX64: 0 | CY64: 0 | CZ64: 0 | DA64: 0 | DB64: 0 | DC64: 0 | DD64: 0 | DE64: 0 | DF64: 0 | DG64: 0 | DH64: 0 | DI64: 0 | DJ64: 0 | DK64: 0 | DL64: 0 | DM64: 0 | DN64: 0 | DO64: 0 | DP64: 0 | DQ64: 0 | DR64: 0 | DS64: 0 | DT64: 0 | DU64: 0 | DV64: 0 | DW64: 0 | DX64: 0 | DY64: 0 | DZ64: 0 | EA64: 0 | EB64: 0 | EC64: 0 | ED64: 0 | EE64: 0 | EF64: 0 | EG64: 0 | EH64: 0 | EI64: 0 | EJ64: 0 | EK64: 0 | EL64: 0 | EM64: 0 | EN64: 0 | EO64: 0 | EP64: 0 | EQ64: 0 | ER64: 0 | ES64: 0 | ET64: 0 | EU64: 0 | EV64: 0 | EW64: 0 | EX64: 0 | EY64: 0 | EZ64: 0 | FA64: 0 | FB64: 0 | FC64: 0 | FD64: 0 | FE64: 0 | FF64: 0 | FG64: 0 | FH64: 0 | FI64: 0 | FJ64: 0 | FK64: 0 | FL64: 0 | FM64: 0 | FN64: 0 | FO64: 0 | FP64: 0 | FQ64: 0 | FR64: 0 | FS64: 0 | FT64: 0 | FU64: 0 | FV64: 0 | FW64: 0 | FX64: 0 | FY64: 0 | FZ64: 0 | GA64: 0 | GB64: 0 | GC64: 0 | GD64: 0 | GE64: 0 | GF64: 0 | GG64: 0 | GH64: 0 | GI64: 135695
A65: 135684 | B65: 6424 | C65: Sandro Jose Rosa | D65: 547.471.041-00 | E65: 0 | F65: SWISS PARK ANAPOLIS | G65: Swiss Park Zurich - Anápolis | H65: =VLOOKUP(B65,Elegibilidade!A:I,9,0) -> Elegível | I65: 26 | J65: 0 | K65: =SUM(T65:GH65) -> 238798.04 | L65: =J65+K65 -> 238798.04 | M65: Adimplente | N65: 238798.04 | O65: =NPV((1+12%)^(1/12)-1,T65:GH65) -> 210741.15 | P65: =Vendas!$J$1 -> 885.1292 | Q65: 372.28 | R65: =P65*Q65 -> 329515.9 | S65: =O65/R65 -> 0.63954775 | T65: 9184.54 | U65: 9184.54 | V65: 9184.54 | W65: 9184.54 | X65: 9184.54 | Y65: 9184.54 | Z65: 9184.54 | AA65: 9184.54 | AB65: 9184.54 | AC65: 9184.54 | AD65: 9184.54 | AE65: 9184.54 | AF65: 9184.54 | AG65: 9184.54 | AH65: 9184.54 | AI65: 9184.54 | AJ65: 9184.54 | AK65: 9184.54 | AL65: 9184.54 | AM65: 9184.54 | AN65: 9184.54 | AO65: 9184.54 | AP65: 9184.54 | AQ65: 9184.54 | AR65: 9184.54 | AS65: 9184.54 | AT65: 0 | AU65: 0 | AV65: 0 | AW65: 0 | AX65: 0 | AY65: 0 | AZ65: 0 | BA65: 0 | BB65: 0 | BC65: 0 | BD65: 0 | BE65: 0 | BF65: 0 | BG65: 0 | BH65: 0 | BI65: 0 | BJ65: 0 | BK65: 0 | BL65: 0 | BM65: 0 | BN65: 0 | BO65: 0 | BP65: 0 | BQ65: 0 | BR65: 0 | BS65: 0 | BT65: 0 | BU65: 0 | BV65: 0 | BW65: 0 | BX65: 0 | BY65: 0 | BZ65: 0 | CA65: 0 | CB65: 0 | CC65: 0 | CD65: 0 | CE65: 0 | CF65: 0 | CG65: 0 | CH65: 0 | CI65: 0 | CJ65: 0 | CK65: 0 | CL65: 0 | CM65: 0 | CN65: 0 | CO65: 0 | CP65: 0 | CQ65: 0 | CR65: 0 | CS65: 0 | CT65: 0 | CU65: 0 | CV65: 0 | CW65: 0 | CX65: 0 | CY65: 0 | CZ65: 0 | DA65: 0 | DB65: 0 | DC65: 0 | DD65: 0 | DE65: 0 | DF65: 0 | DG65: 0 | DH65: 0 | DI65: 0 | DJ65: 0 | DK65: 0 | DL65: 0 | DM65: 0 | DN65: 0 | DO65: 0 | DP65: 0 | DQ65: 0 | DR65: 0 | DS65: 0 | DT65: 0 | DU65: 0 | DV65: 0 | DW65: 0 | DX65: 0 | DY65: 0 | DZ65: 0 | EA65: 0 | EB65: 0 | EC65: 0 | ED65: 0 | EE65: 0 | EF65: 0 | EG65: 0 | EH65: 0 | EI65: 0 | EJ65: 0 | EK65: 0 | EL65: 0 | EM65: 0 | EN65: 0 | EO65: 0 | EP65: 0 | EQ65: 0 | ER65: 0 | ES65: 0 | ET65: 0 | EU65: 0 | EV65: 0 | EW65: 0 | EX65: 0 | EY65: 0 | EZ65: 0 | FA65: 0 | FB65: 0 | FC65: 0 | FD65: 0 | FE65: 0 | FF65: 0 | FG65: 0 | FH65: 0 | FI65: 0 | FJ65: 0 | FK65: 0 | FL65: 0 | FM65: 0 | FN65: 0 | FO65: 0 | FP65: 0 | FQ65: 0 | FR65: 0 | FS65: 0 | FT65: 0 | FU65: 0 | FV65: 0 | FW65: 0 | FX65: 0 | FY65: 0 | FZ65: 0 | GA65: 0 | GB65: 0 | GC65: 0 | GD65: 0 | GE65: 0 | GF65: 0 | GG65: 0 | GH65: 0 | GI65: 135684
A66: 135694 | B66: 6473 | C66: Hawa Khaled Abou Chakra | D66: 696.610.061-72 | E66: 0 | F66: SWISS PARK ANAPOLIS | G66: Swiss Park Zurich - Anápolis | H66: =VLOOKUP(B66,Elegibilidade!A:I,9,0) -> Elegível | I66: 31 | J66: 0 | K66: =SUM(T66:GH66) -> 238409.82 | L66: =J66+K66 -> 238409.82 | M66: Adimplente | N66: 238409.82 | O66: =NPV((1+12%)^(1/12)-1,T66:GH66) -> 206170.28 | P66: =Vendas!$J$1 -> 885.1292 | Q66: 367.01 | R66: =P66*Q66 -> 324851.27 | S66: =O66/R66 -> 0.63466054 | T66: 5501.09 | U66: 5501.09 | V66: 5501.09 | W66: 5501.09 | X66: 5501.09 | Y66: 22470.09 | Z66: 5501.09 | AA66: 5501.09 | AB66: 5501.09 | AC66: 5501.09 | AD66: 5501.09 | AE66: 22470.09 | AF66: 5501.09 | AG66: 5501.09 | AH66: 5501.09 | AI66: 5501.09 | AJ66: 5501.09 | AK66: 22470.09 | AL66: 5501.09 | AM66: 5501.09 | AN66: 5501.09 | AO66: 5501.09 | AP66: 5501.09 | AQ66: 22470.09 | AR66: 5501.09 | AS66: 5501.09 | AT66: 5501.09 | AU66: 5501.09 | AV66: 5501.09 | AW66: 5501.09 | AX66: 5501.12 | AY66: 0 | AZ66: 0 | BA66: 0 | BB66: 0 | BC66: 0 | BD66: 0 | BE66: 0 | BF66: 0 | BG66: 0 | BH66: 0 | BI66: 0 | BJ66: 0 | BK66: 0 | BL66: 0 | BM66: 0 | BN66: 0 | BO66: 0 | BP66: 0 | BQ66: 0 | BR66: 0 | BS66: 0 | BT66: 0 | BU66: 0 | BV66: 0 | BW66: 0 | BX66: 0 | BY66: 0 | BZ66: 0 | CA66: 0 | CB66: 0 | CC66: 0 | CD66: 0 | CE66: 0 | CF66: 0 | CG66: 0 | CH66: 0 | CI66: 0 | CJ66: 0 | CK66: 0 | CL66: 0 | CM66: 0 | CN66: 0 | CO66: 0 | CP66: 0 | CQ66: 0 | CR66: 0 | CS66: 0 | CT66: 0 | CU66: 0 | CV66: 0 | CW66: 0 | CX66: 0 | CY66: 0 | CZ66: 0 | DA66: 0 | DB66: 0 | DC66: 0 | DD66: 0 | DE66: 0 | DF66: 0 | DG66: 0 | DH66: 0 | DI66: 0 | DJ66: 0 | DK66: 0 | DL66: 0 | DM66: 0 | DN66: 0 | DO66: 0 | DP66: 0 | DQ66: 0 | DR66: 0 | DS66: 0 | DT66: 0 | DU66: 0 | DV66: 0 | DW66: 0 | DX66: 0 | DY66: 0 | DZ66: 0 | EA66: 0 | EB66: 0 | EC66: 0 | ED66: 0 | EE66: 0 | EF66: 0 | EG66: 0 | EH66: 0 | EI66: 0 | EJ66: 0 | EK66: 0 | EL66: 0 | EM66: 0 | EN66: 0 | EO66: 0 | EP66: 0 | EQ66: 0 | ER66: 0 | ES66: 0 | ET66: 0 | EU66: 0 | EV66: 0 | EW66: 0 | EX66: 0 | EY66: 0 | EZ66: 0 | FA66: 0 | FB66: 0 | FC66: 0 | FD66: 0 | FE66: 0 | FF66: 0 | FG66: 0 | FH66: 0 | FI66: 0 | FJ66: 0 | FK66: 0 | FL66: 0 | FM66: 0 | FN66: 0 | FO66: 0 | FP66: 0 | FQ66: 0 | FR66: 0 | FS66: 0 | FT66: 0 | FU66: 0 | FV66: 0 | FW66: 0 | FX66: 0 | FY66: 0 | FZ66: 0 | GA66: 0 | GB66: 0 | GC66: 0 | GD66: 0 | GE66: 0 | GF66: 0 | GG66: 0 | GH66: 0 | GI66: 135694
A67: 135664 | B67: 6435 | C67: Marcelo Zanini De Oliveira E Silva | D67: 713.733.651-53 | E67: 0 | F67: SWISS PARK ANAPOLIS | G67: Swiss Park Zurich - Anápolis | H67: =VLOOKUP(B67,Elegibilidade!A:I,9,0) -> Elegível | I67: 26 | J67: 0 | K67: =SUM(T67:GH67) -> 234731.42 | L67: =J67+K67 -> 234731.42 | M67: Adimplente | N67: 234731.42 | O67: =NPV((1+12%)^(1/12)-1,T67:GH67) -> 207152.32 | P67: =Vendas!$J$1 -> 885.1292 | Q67: 365.94 | R67: =P67*Q67 -> 323904.18 | S67: =O67/R67 -> 0.63954817 | T67: 9028.13 | U67: 9028.13 | V67: 9028.13 | W67: 9028.13 | X67: 9028.13 | Y67: 9028.13 | Z67: 9028.13 | AA67: 9028.13 | AB67: 9028.13 | AC67: 9028.13 | AD67: 9028.13 | AE67: 9028.13 | AF67: 9028.13 | AG67: 9028.13 | AH67: 9028.13 | AI67: 9028.13 | AJ67: 9028.13 | AK67: 9028.13 | AL67: 9028.13 | AM67: 9028.13 | AN67: 9028.13 | AO67: 9028.13 | AP67: 9028.13 | AQ67: 9028.13 | AR67: 9028.13 | AS67: 9028.17 | AT67: 0 | AU67: 0 | AV67: 0 | AW67: 0 | AX67: 0 | AY67: 0 | AZ67: 0 | BA67: 0 | BB67: 0 | BC67: 0 | BD67: 0 | BE67: 0 | BF67: 0 | BG67: 0 | BH67: 0 | BI67: 0 | BJ67: 0 | BK67: 0 | BL67: 0 | BM67: 0 | BN67: 0 | BO67: 0 | BP67: 0 | BQ67: 0 | BR67: 0 | BS67: 0 | BT67: 0 | BU67: 0 | BV67: 0 | BW67: 0 | BX67: 0 | BY67: 0 | BZ67: 0 | CA67: 0 | CB67: 0 | CC67: 0 | CD67: 0 | CE67: 0 | CF67: 0 | CG67: 0 | CH67: 0 | CI67: 0 | CJ67: 0 | CK67: 0 | CL67: 0 | CM67: 0 | CN67: 0 | CO67: 0 | CP67: 0 | CQ67: 0 | CR67: 0 | CS67: 0 | CT67: 0 | CU67: 0 | CV67: 0 | CW67: 0 | CX67: 0 | CY67: 0 | CZ67: 0 | DA67: 0 | DB67: 0 | DC67: 0 | DD67: 0 | DE67: 0 | DF67: 0 | DG67: 0 | DH67: 0 | DI67: 0 | DJ67: 0 | DK67: 0 | DL67: 0 | DM67: 0 | DN67: 0 | DO67: 0 | DP67: 0 | DQ67: 0 | DR67: 0 | DS67: 0 | DT67: 0 | DU67: 0 | DV67: 0 | DW67: 0 | DX67: 0 | DY67: 0 | DZ67: 0 | EA67: 0 | EB67: 0 | EC67: 0 | ED67: 0 | EE67: 0 | EF67: 0 | EG67: 0 | EH67: 0 | EI67: 0 | EJ67: 0 | EK67: 0 | EL67: 0 | EM67: 0 | EN67: 0 | EO67: 0 | EP67: 0 | EQ67: 0 | ER67: 0 | ES67: 0 | ET67: 0 | EU67: 0 | EV67: 0 | EW67: 0 | EX67: 0 | EY67: 0 | EZ67: 0 | FA67: 0 | FB67: 0 | FC67: 0 | FD67: 0 | FE67: 0 | FF67: 0 | FG67: 0 | FH67: 0 | FI67: 0 | FJ67: 0 | FK67: 0 | FL67: 0 | FM67: 0 | FN67: 0 | FO67: 0 | FP67: 0 | FQ67: 0 | FR67: 0 | FS67: 0 | FT67: 0 | FU67: 0 | FV67: 0 | FW67: 0 | FX67: 0 | FY67: 0 | FZ67: 0 | GA67: 0 | GB67: 0 | GC67: 0 | GD67: 0 | GE67: 0 | GF67: 0 | GG67: 0 | GH67: 0 | GI67: 135664
A68: 135675 | B68: 6393 | C68: Paulo Henrique Rodrigues Souza | D68: 043.878.541-03 | E68: 0.1003 | F68: SWISS PARK ANAPOLIS | G68: Swiss Park Zurich - Anápolis | H68: =VLOOKUP(B68,Elegibilidade!A:I,9,0) -> Elegível | I68: 110 | J68: 0 | K68: =NPV(0.8%,T68:GH68) -> 223219.74 | L68: =J68+K68 -> 223219.74 | M68: Adimplente | N68: 223219.74 | O68: =NPV((1+12%)^(1/12)-1,T68:GH68) -> 208305.35 | P68: =Vendas!$J$1 -> 885.1292 | Q68: 360 | R68: =P68*Q68 -> 318646.51 | S68: =O68/R68 -> 0.65371921 | T68: 3059.05 | U68: 3059.05 | V68: 3059.05 | W68: 3059.05 | X68: 3059.05 | Y68: 3059.05 | Z68: 3059.05 | AA68: 3059.05 | AB68: 3059.05 | AC68: 3059.05 | AD68: 3059.05 | AE68: 3059.05 | AF68: 3059.05 | AG68: 3059.05 | AH68: 3059.05 | AI68: 3059.05 | AJ68: 3059.05 | AK68: 3059.05 | AL68: 3059.05 | AM68: 3059.05 | AN68: 3059.05 | AO68: 3059.05 | AP68: 3059.05 | AQ68: 3059.05 | AR68: 3059.05 | AS68: 3059.05 | AT68: 3059.05 | AU68: 3059.05 | AV68: 3059.05 | AW68: 3059.05 | AX68: 3059.05 | AY68: 3059.05 | AZ68: 3059.05 | BA68: 3059.05 | BB68: 3059.05 | BC68: 3059.05 | BD68: 3059.05 | BE68: 3059.05 | BF68: 3059.05 | BG68: 3059.05 | BH68: 3059.05 | BI68: 3059.05 | BJ68: 3059.05 | BK68: 3059.05 | BL68: 3059.05 | BM68: 3059.05 | BN68: 3059.05 | BO68: 3059.05 | BP68: 3059.05 | BQ68: 3059.05 | BR68: 3059.05 | BS68: 3059.05 | BT68: 3059.05 | BU68: 3059.05 | BV68: 3059.05 | BW68: 3059.05 | BX68: 3059.05 | BY68: 3059.05 | BZ68: 3059.05 | CA68: 3059.05 | CB68: 3059.05 | CC68: 3059.05 | CD68: 3059.05 | CE68: 3059.05 | CF68: 3059.05 | CG68: 3059.05 | CH68: 3059.05 | CI68: 3059.05 | CJ68: 3059.05 | CK68: 3059.05 | CL68: 3059.05 | CM68: 3059.05 | CN68: 3059.05 | CO68: 3059.05 | CP68: 3059.05 | CQ68: 3059.05 | CR68: 3059.05 | CS68: 3059.05 | CT68: 3059.05 | CU68: 3059.05 | CV68: 3059.05 | CW68: 3059.05 | CX68: 3059.05 | CY68: 3059.05 | CZ68: 3059.05 | DA68: 3059.05 | DB68: 3059.05 | DC68: 3059.05 | DD68: 3059.05 | DE68: 3059.05 | DF68: 3059.05 | DG68: 3059.05 | DH68: 3059.05 | DI68: 3059.05 | DJ68: 3059.05 | DK68: 3059.05 | DL68: 3059.05 | DM68: 3059.05 | DN68: 3059.05 | DO68: 3059.05 | DP68: 3059.05 | DQ68: 3059.05 | DR68: 3059.05 | DS68: 3059.05 | DT68: 3059.05 | DU68: 3059.05 | DV68: 3059.05 | DW68: 3059.05 | DX68: 3059.05 | DY68: 3059.05 | DZ68: 0 | EA68: 0 | EB68: 0 | EC68: 0 | ED68: 0 | EE68: 0 | EF68: 0 | EG68: 0 | EH68: 0 | EI68: 0 | EJ68: 0 | EK68: 0 | EL68: 0 | EM68: 0 | EN68: 0 | EO68: 0 | EP68: 0 | EQ68: 0 | ER68: 0 | ES68: 0 | ET68: 0 | EU68: 0 | EV68: 0 | EW68: 0 | EX68: 0 | EY68: 0 | EZ68: 0 | FA68: 0 | FB68: 0 | FC68: 0 | FD68: 0 | FE68: 0 | FF68: 0 | FG68: 0 | FH68: 0 | FI68: 0 | FJ68: 0 | FK68: 0 | FL68: 0 | FM68: 0 | FN68: 0 | FO68: 0 | FP68: 0 | FQ68: 0 | FR68: 0 | FS68: 0 | FT68: 0 | FU68: 0 | FV68: 0 | FW68: 0 | FX68: 0 | FY68: 0 | FZ68: 0 | GA68: 0 | GB68: 0 | GC68: 0 | GD68: 0 | GE68: 0 | GF68: 0 | GG68: 0 | GH68: 0 | GI68: 135675
A69: 135676 | B69: 6425 | C69: Paulo Henrique Santana Ferreira | D69: 028.562.961-14 | E69: 0 | F69: SWISS PARK ANAPOLIS | G69: Swiss Park Zurich - Anápolis | H69: =VLOOKUP(B69,Elegibilidade!A:I,9,0) -> Elegível | I69: 24 | J69: 0 | K69: =SUM(T69:GH69) -> 214310.02 | L69: =J69+K69 -> 214310.02 | M69: Adimplente | N69: 214310.02 | O69: =NPV((1+12%)^(1/12)-1,T69:GH69) -> 190854.04 | P69: =Vendas!$J$1 -> 885.1292 | Q69: 360 | R69: =P69*Q69 -> 318646.51 | S69: =O69/R69 -> 0.59895223 | T69: 8929.59 | U69: 8929.59 | V69: 8929.59 | W69: 8929.59 | X69: 8929.59 | Y69: 8929.59 | Z69: 8929.59 | AA69: 8929.59 | AB69: 8929.59 | AC69: 8929.59 | AD69: 8929.59 | AE69: 8929.59 | AF69: 8929.59 | AG69: 8929.59 | AH69: 8929.59 | AI69: 8929.59 | AJ69: 8929.59 | AK69: 8929.59 | AL69: 8929.59 | AM69: 8929.59 | AN69: 8929.59 | AO69: 8929.59 | AP69: 8929.59 | AQ69: 8929.45 | AR69: 0 | AS69: 0 | AT69: 0 | AU69: 0 | AV69: 0 | AW69: 0 | AX69: 0 | AY69: 0 | AZ69: 0 | BA69: 0 | BB69: 0 | BC69: 0 | BD69: 0 | BE69: 0 | BF69: 0 | BG69: 0 | BH69: 0 | BI69: 0 | BJ69: 0 | BK69: 0 | BL69: 0 | BM69: 0 | BN69: 0 | BO69: 0 | BP69: 0 | BQ69: 0 | BR69: 0 | BS69: 0 | BT69: 0 | BU69: 0 | BV69: 0 | BW69: 0 | BX69: 0 | BY69: 0 | BZ69: 0 | CA69: 0 | CB69: 0 | CC69: 0 | CD69: 0 | CE69: 0 | CF69: 0 | CG69: 0 | CH69: 0 | CI69: 0 | CJ69: 0 | CK69: 0 | CL69: 0 | CM69: 0 | CN69: 0 | CO69: 0 | CP69: 0 | CQ69: 0 | CR69: 0 | CS69: 0 | CT69: 0 | CU69: 0 | CV69: 0 | CW69: 0 | CX69: 0 | CY69: 0 | CZ69: 0 | DA69: 0 | DB69: 0 | DC69: 0 | DD69: 0 | DE69: 0 | DF69: 0 | DG69: 0 | DH69: 0 | DI69: 0 | DJ69: 0 | DK69: 0 | DL69: 0 | DM69: 0 | DN69: 0 | DO69: 0 | DP69: 0 | DQ69: 0 | DR69: 0 | DS69: 0 | DT69: 0 | DU69: 0 | DV69: 0 | DW69: 0 | DX69: 0 | DY69: 0 | DZ69: 0 | EA69: 0 | EB69: 0 | EC69: 0 | ED69: 0 | EE69: 0 | EF69: 0 | EG69: 0 | EH69: 0 | EI69: 0 | EJ69: 0 | EK69: 0 | EL69: 0 | EM69: 0 | EN69: 0 | EO69: 0 | EP69: 0 | EQ69: 0 | ER69: 0 | ES69: 0 | ET69: 0 | EU69: 0 | EV69: 0 | EW69: 0 | EX69: 0 | EY69: 0 | EZ69: 0 | FA69: 0 | FB69: 0 | FC69: 0 | FD69: 0 | FE69: 0 | FF69: 0 | FG69: 0 | FH69: 0 | FI69: 0 | FJ69: 0 | FK69: 0 | FL69: 0 | FM69: 0 | FN69: 0 | FO69: 0 | FP69: 0 | FQ69: 0 | FR69: 0 | FS69: 0 | FT69: 0 | FU69: 0 | FV69: 0 | FW69: 0 | FX69: 0 | FY69: 0 | FZ69: 0 | GA69: 0 | GB69: 0 | GC69: 0 | GD69: 0 | GE69: 0 | GF69: 0 | GG69: 0 | GH69: 0 | GI69: 135676
A70: 135668 | B70: 6378 | C70: Naara Sabrine Vaz De Almeida | D70: 046.415.541-02 | E70: 0 | F70: SWISS PARK ANAPOLIS | G70: Swiss Park Zurich - Anápolis | H70: =VLOOKUP(B70,Elegibilidade!A:I,9,0) -> Elegível | I70: 23 | J70: 0 | K70: =SUM(T70:GH70) -> 207084.95 | L70: =J70+K70 -> 207084.95 | M70: Adimplente | N70: 207084.95 | O70: =NPV((1+12%)^(1/12)-1,T70:GH70) -> 185260.31 | P70: =Vendas!$J$1 -> 885.1292 | Q70: 360 | R70: =P70*Q70 -> 318646.51 | S70: =O70/R70 -> 0.58139756 | T70: 9003.7 | U70: 9003.7 | V70: 9003.7 | W70: 9003.7 | X70: 9003.7 | Y70: 9003.7 | Z70: 9003.7 | AA70: 9003.7 | AB70: 9003.7 | AC70: 9003.7 | AD70: 9003.7 | AE70: 9003.7 | AF70: 9003.7 | AG70: 9003.7 | AH70: 9003.7 | AI70: 9003.7 | AJ70: 9003.7 | AK70: 9003.7 | AL70: 9003.7 | AM70: 9003.7 | AN70: 9003.7 | AO70: 9003.7 | AP70: 9003.55 | AQ70: 0 | AR70: 0 | AS70: 0 | AT70: 0 | AU70: 0 | AV70: 0 | AW70: 0 | AX70: 0 | AY70: 0 | AZ70: 0 | BA70: 0 | BB70: 0 | BC70: 0 | BD70: 0 | BE70: 0 | BF70: 0 | BG70: 0 | BH70: 0 | BI70: 0 | BJ70: 0 | BK70: 0 | BL70: 0 | BM70: 0 | BN70: 0 | BO70: 0 | BP70: 0 | BQ70: 0 | BR70: 0 | BS70: 0 | BT70: 0 | BU70: 0 | BV70: 0 | BW70: 0 | BX70: 0 | BY70: 0 | BZ70: 0 | CA70: 0 | CB70: 0 | CC70: 0 | CD70: 0 | CE70: 0 | CF70: 0 | CG70: 0 | CH70: 0 | CI70: 0 | CJ70: 0 | CK70: 0 | CL70: 0 | CM70: 0 | CN70: 0 | CO70: 0 | CP70: 0 | CQ70: 0 | CR70: 0 | CS70: 0 | CT70: 0 | CU70: 0 | CV70: 0 | CW70: 0 | CX70: 0 | CY70: 0 | CZ70: 0 | DA70: 0 | DB70: 0 | DC70: 0 | DD70: 0 | DE70: 0 | DF70: 0 | DG70: 0 | DH70: 0 | DI70: 0 | DJ70: 0 | DK70: 0 | DL70: 0 | DM70: 0 | DN70: 0 | DO70: 0 | DP70: 0 | DQ70: 0 | DR70: 0 | DS70: 0 | DT70: 0 | DU70: 0 | DV70: 0 | DW70: 0 | DX70: 0 | DY70: 0 | DZ70: 0 | EA70: 0 | EB70: 0 | EC70: 0 | ED70: 0 | EE70: 0 | EF70: 0 | EG70: 0 | EH70: 0 | EI70: 0 | EJ70: 0 | EK70: 0 | EL70: 0 | EM70: 0 | EN70: 0 | EO70: 0 | EP70: 0 | EQ70: 0 | ER70: 0 | ES70: 0 | ET70: 0 | EU70: 0 | EV70: 0 | EW70: 0 | EX70: 0 | EY70: 0 | EZ70: 0 | FA70: 0 | FB70: 0 | FC70: 0 | FD70: 0 | FE70: 0 | FF70: 0 | FG70: 0 | FH70: 0 | FI70: 0 | FJ70: 0 | FK70: 0 | FL70: 0 | FM70: 0 | FN70: 0 | FO70: 0 | FP70: 0 | FQ70: 0 | FR70: 0 | FS70: 0 | FT70: 0 | FU70: 0 | FV70: 0 | FW70: 0 | FX70: 0 | FY70: 0 | FZ70: 0 | GA70: 0 | GB70: 0 | GC70: 0 | GD70: 0 | GE70: 0 | GF70: 0 | GG70: 0 | GH70: 0 | GI70: 135668
A71: 135658 | B71: 6412 | C71: Lilia Maia Da Silva Campos | D71: 917.572.581-91 | E71: 0 | F71: SWISS PARK ANAPOLIS | G71: Swiss Park Zurich - Anápolis | H71: =VLOOKUP(B71,Elegibilidade!A:I,9,0) -> Elegível | I71: 23 | J71: 0 | K71: =SUM(T71:GH71) -> 207084.95 | L71: =J71+K71 -> 207084.95 | M71: Adimplente | N71: 207084.95 | O71: =NPV((1+12%)^(1/12)-1,T71:GH71) -> 185260.31 | P71: =Vendas!$J$1 -> 885.1292 | Q71: 360 | R71: =P71*Q71 -> 318646.51 | S71: =O71/R71 -> 0.58139756 | T71: 9003.7 | U71: 9003.7 | V71: 9003.7 | W71: 9003.7 | X71: 9003.7 | Y71: 9003.7 | Z71: 9003.7 | AA71: 9003.7 | AB71: 9003.7 | AC71: 9003.7 | AD71: 9003.7 | AE71: 9003.7 | AF71: 9003.7 | AG71: 9003.7 | AH71: 9003.7 | AI71: 9003.7 | AJ71: 9003.7 | AK71: 9003.7 | AL71: 9003.7 | AM71: 9003.7 | AN71: 9003.7 | AO71: 9003.7 | AP71: 9003.55 | AQ71: 0 | AR71: 0 | AS71: 0 | AT71: 0 | AU71: 0 | AV71: 0 | AW71: 0 | AX71: 0 | AY71: 0 | AZ71: 0 | BA71: 0 | BB71: 0 | BC71: 0 | BD71: 0 | BE71: 0 | BF71: 0 | BG71: 0 | BH71: 0 | BI71: 0 | BJ71: 0 | BK71: 0 | BL71: 0 | BM71: 0 | BN71: 0 | BO71: 0 | BP71: 0 | BQ71: 0 | BR71: 0 | BS71: 0 | BT71: 0 | BU71: 0 | BV71: 0 | BW71: 0 | BX71: 0 | BY71: 0 | BZ71: 0 | CA71: 0 | CB71: 0 | CC71: 0 | CD71: 0 | CE71: 0 | CF71: 0 | CG71: 0 | CH71: 0 | CI71: 0 | CJ71: 0 | CK71: 0 | CL71: 0 | CM71: 0 | CN71: 0 | CO71: 0 | CP71: 0 | CQ71: 0 | CR71: 0 | CS71: 0 | CT71: 0 | CU71: 0 | CV71: 0 | CW71: 0 | CX71: 0 | CY71: 0 | CZ71: 0 | DA71: 0 | DB71: 0 | DC71: 0 | DD71: 0 | DE71: 0 | DF71: 0 | DG71: 0 | DH71: 0 | DI71: 0 | DJ71: 0 | DK71: 0 | DL71: 0 | DM71: 0 | DN71: 0 | DO71: 0 | DP71: 0 | DQ71: 0 | DR71: 0 | DS71: 0 | DT71: 0 | DU71: 0 | DV71: 0 | DW71: 0 | DX71: 0 | DY71: 0 | DZ71: 0 | EA71: 0 | EB71: 0 | EC71: 0 | ED71: 0 | EE71: 0 | EF71: 0 | EG71: 0 | EH71: 0 | EI71: 0 | EJ71: 0 | EK71: 0 | EL71: 0 | EM71: 0 | EN71: 0 | EO71: 0 | EP71: 0 | EQ71: 0 | ER71: 0 | ES71: 0 | ET71: 0 | EU71: 0 | EV71: 0 | EW71: 0 | EX71: 0 | EY71: 0 | EZ71: 0 | FA71: 0 | FB71: 0 | FC71: 0 | FD71: 0 | FE71: 0 | FF71: 0 | FG71: 0 | FH71: 0 | FI71: 0 | FJ71: 0 | FK71: 0 | FL71: 0 | FM71: 0 | FN71: 0 | FO71: 0 | FP71: 0 | FQ71: 0 | FR71: 0 | FS71: 0 | FT71: 0 | FU71: 0 | FV71: 0 | FW71: 0 | FX71: 0 | FY71: 0 | FZ71: 0 | GA71: 0 | GB71: 0 | GC71: 0 | GD71: 0 | GE71: 0 | GF71: 0 | GG71: 0 | GH71: 0 | GI71: 135658
A72: 135666 | B72: 6376 | C72: Maria Iraci De Aguiar Palhano | D72: 165.599.401-87 | E72: 0 | F72: SWISS PARK ANAPOLIS | G72: Swiss Park Zurich - Anápolis | H72: =VLOOKUP(B72,Elegibilidade!A:I,9,0) -> Elegível | I72: 23 | J72: 0 | K72: =SUM(T72:GH72) -> 205940.95 | L72: =J72+K72 -> 205940.95 | M72: Adimplente | N72: 205940.95 | O72: =NPV((1+12%)^(1/12)-1,T72:GH72) -> 184236.87 | P72: =Vendas!$J$1 -> 885.1292 | Q72: 400.13 | R72: =P72*Q72 -> 354166.75 | S72: =O72/R72 -> 0.5201981 | T72: 8953.96 | U72: 8953.96 | V72: 8953.96 | W72: 8953.96 | X72: 8953.96 | Y72: 8953.96 | Z72: 8953.96 | AA72: 8953.96 | AB72: 8953.96 | AC72: 8953.96 | AD72: 8953.96 | AE72: 8953.96 | AF72: 8953.96 | AG72: 8953.96 | AH72: 8953.96 | AI72: 8953.96 | AJ72: 8953.96 | AK72: 8953.96 | AL72: 8953.96 | AM72: 8953.96 | AN72: 8953.96 | AO72: 8953.96 | AP72: 8953.83 | AQ72: 0 | AR72: 0 | AS72: 0 | AT72: 0 | AU72: 0 | AV72: 0 | AW72: 0 | AX72: 0 | AY72: 0 | AZ72: 0 | BA72: 0 | BB72: 0 | BC72: 0 | BD72: 0 | BE72: 0 | BF72: 0 | BG72: 0 | BH72: 0 | BI72: 0 | BJ72: 0 | BK72: 0 | BL72: 0 | BM72: 0 | BN72: 0 | BO72: 0 | BP72: 0 | BQ72: 0 | BR72: 0 | BS72: 0 | BT72: 0 | BU72: 0 | BV72: 0 | BW72: 0 | BX72: 0 | BY72: 0 | BZ72: 0 | CA72: 0 | CB72: 0 | CC72: 0 | CD72: 0 | CE72: 0 | CF72: 0 | CG72: 0 | CH72: 0 | CI72: 0 | CJ72: 0 | CK72: 0 | CL72: 0 | CM72: 0 | CN72: 0 | CO72: 0 | CP72: 0 | CQ72: 0 | CR72: 0 | CS72: 0 | CT72: 0 | CU72: 0 | CV72: 0 | CW72: 0 | CX72: 0 | CY72: 0 | CZ72: 0 | DA72: 0 | DB72: 0 | DC72: 0 | DD72: 0 | DE72: 0 | DF72: 0 | DG72: 0 | DH72: 0 | DI72: 0 | DJ72: 0 | DK72: 0 | DL72: 0 | DM72: 0 | DN72: 0 | DO72: 0 | DP72: 0 | DQ72: 0 | DR72: 0 | DS72: 0 | DT72: 0 | DU72: 0 | DV72: 0 | DW72: 0 | DX72: 0 | DY72: 0 | DZ72: 0 | EA72: 0 | EB72: 0 | EC72: 0 | ED72: 0 | EE72: 0 | EF72: 0 | EG72: 0 | EH72: 0 | EI72: 0 | EJ72: 0 | EK72: 0 | EL72: 0 | EM72: 0 | EN72: 0 | EO72: 0 | EP72: 0 | EQ72: 0 | ER72: 0 | ES72: 0 | ET72: 0 | EU72: 0 | EV72: 0 | EW72: 0 | EX72: 0 | EY72: 0 | EZ72: 0 | FA72: 0 | FB72: 0 | FC72: 0 | FD72: 0 | FE72: 0 | FF72: 0 | FG72: 0 | FH72: 0 | FI72: 0 | FJ72: 0 | FK72: 0 | FL72: 0 | FM72: 0 | FN72: 0 | FO72: 0 | FP72: 0 | FQ72: 0 | FR72: 0 | FS72: 0 | FT72: 0 | FU72: 0 | FV72: 0 | FW72: 0 | FX72: 0 | FY72: 0 | FZ72: 0 | GA72: 0 | GB72: 0 | GC72: 0 | GD72: 0 | GE72: 0 | GF72: 0 | GG72: 0 | GH72: 0 | GI72: 135666
A73: 135627 | B73: 6430 | C73: Danilo Lourenço Abrão De Alencar | D73: 702.141.861-21 | E73: 0 | F73: SWISS PARK ANAPOLIS | G73: Swiss Park Zurich - Anápolis | H73: =VLOOKUP(B73,Elegibilidade!A:I,9,0) -> Elegível | I73: 26 | J73: 0 | K73: =SUM(T73:GH73) -> 194565.5 | L73: =J73+K73 -> 194565.5 | M73: Adimplente | N73: 194565.5 | O73: =NPV((1+12%)^(1/12)-1,T73:GH73) -> 170864.34 | P73: =Vendas!$J$1 -> 885.1292 | Q73: 360 | R73: =P73*Q73 -> 318646.51 | S73: =O73/R73 -> 0.5362191 | T73: 0 | U73: 7782.62 | V73: 7782.62 | W73: 7782.62 | X73: 7782.62 | Y73: 7782.62 | Z73: 7782.62 | AA73: 7782.62 | AB73: 7782.62 | AC73: 7782.62 | AD73: 7782.62 | AE73: 7782.62 | AF73: 7782.62 | AG73: 7782.62 | AH73: 7782.62 | AI73: 7782.62 | AJ73: 7782.62 | AK73: 7782.62 | AL73: 7782.62 | AM73: 7782.62 | AN73: 7782.62 | AO73: 7782.62 | AP73: 7782.62 | AQ73: 7782.62 | AR73: 7782.62 | AS73: 7782.62 | AT73: 0 | AU73: 0 | AV73: 0 | AW73: 0 | AX73: 0 | AY73: 0 | AZ73: 0 | BA73: 0 | BB73: 0 | BC73: 0 | BD73: 0 | BE73: 0 | BF73: 0 | BG73: 0 | BH73: 0 | BI73: 0 | BJ73: 0 | BK73: 0 | BL73: 0 | BM73: 0 | BN73: 0 | BO73: 0 | BP73: 0 | BQ73: 0 | BR73: 0 | BS73: 0 | BT73: 0 | BU73: 0 | BV73: 0 | BW73: 0 | BX73: 0 | BY73: 0 | BZ73: 0 | CA73: 0 | CB73: 0 | CC73: 0 | CD73: 0 | CE73: 0 | CF73: 0 | CG73: 0 | CH73: 0 | CI73: 0 | CJ73: 0 | CK73: 0 | CL73: 0 | CM73: 0 | CN73: 0 | CO73: 0 | CP73: 0 | CQ73: 0 | CR73: 0 | CS73: 0 | CT73: 0 | CU73: 0 | CV73: 0 | CW73: 0 | CX73: 0 | CY73: 0 | CZ73: 0 | DA73: 0 | DB73: 0 | DC73: 0 | DD73: 0 | DE73: 0 | DF73: 0 | DG73: 0 | DH73: 0 | DI73: 0 | DJ73: 0 | DK73: 0 | DL73: 0 | DM73: 0 | DN73: 0 | DO73: 0 | DP73: 0 | DQ73: 0 | DR73: 0 | DS73: 0 | DT73: 0 | DU73: 0 | DV73: 0 | DW73: 0 | DX73: 0 | DY73: 0 | DZ73: 0 | EA73: 0 | EB73: 0 | EC73: 0 | ED73: 0 | EE73: 0 | EF73: 0 | EG73: 0 | EH73: 0 | EI73: 0 | EJ73: 0 | EK73: 0 | EL73: 0 | EM73: 0 | EN73: 0 | EO73: 0 | EP73: 0 | EQ73: 0 | ER73: 0 | ES73: 0 | ET73: 0 | EU73: 0 | EV73: 0 | EW73: 0 | EX73: 0 | EY73: 0 | EZ73: 0 | FA73: 0 | FB73: 0 | FC73: 0 | FD73: 0 | FE73: 0 | FF73: 0 | FG73: 0 | FH73: 0 | FI73: 0 | FJ73: 0 | FK73: 0 | FL73: 0 | FM73: 0 | FN73: 0 | FO73: 0 | FP73: 0 | FQ73: 0 | FR73: 0 | FS73: 0 | FT73: 0 | FU73: 0 | FV73: 0 | FW73: 0 | FX73: 0 | FY73: 0 | FZ73: 0 | GA73: 0 | GB73: 0 | GC73: 0 | GD73: 0 | GE73: 0 | GF73: 0 | GG73: 0 | GH73: 0 | GI73: 135627
A74: 135618 | B74: 6388 | C74: Anderson Goncalves Moreira | D74: 731.599.561-72 | E74: 0 | F74: SWISS PARK ANAPOLIS | G74: Swiss Park Zurich - Anápolis | H74: =VLOOKUP(B74,Elegibilidade!A:I,9,0) -> Elegível | I74: 23 | J74: 8241.23 | K74: =SUM(T74:GH74) -> 185286.62 | L74: =J74+K74 -> 193527.85 | M74: Menor que 30 Dias | N74: 193527.85 | O74: =NPV((1+12%)^(1/12)-1,T74:GH74) -> 165759.29 | P74: =Vendas!$J$1 -> 885.1292 | Q74: 360 | R74: =P74*Q74 -> 318646.51 | S74: =O74/R74 -> 0.52019802 | T74: 8055.94 | U74: 8055.94 | V74: 8055.94 | W74: 8055.94 | X74: 8055.94 | Y74: 8055.94 | Z74: 8055.94 | AA74: 8055.94 | AB74: 8055.94 | AC74: 8055.94 | AD74: 8055.94 | AE74: 8055.94 | AF74: 8055.94 | AG74: 8055.94 | AH74: 8055.94 | AI74: 8055.94 | AJ74: 8055.94 | AK74: 8055.94 | AL74: 8055.94 | AM74: 8055.94 | AN74: 8055.94 | AO74: 8055.94 | AP74: 8055.94 | AQ74: 0 | AR74: 0 | AS74: 0 | AT74: 0 | AU74: 0 | AV74: 0 | AW74: 0 | AX74: 0 | AY74: 0 | AZ74: 0 | BA74: 0 | BB74: 0 | BC74: 0 | BD74: 0 | BE74: 0 | BF74: 0 | BG74: 0 | BH74: 0 | BI74: 0 | BJ74: 0 | BK74: 0 | BL74: 0 | BM74: 0 | BN74: 0 | BO74: 0 | BP74: 0 | BQ74: 0 | BR74: 0 | BS74: 0 | BT74: 0 | BU74: 0 | BV74: 0 | BW74: 0 | BX74: 0 | BY74: 0 | BZ74: 0 | CA74: 0 | CB74: 0 | CC74: 0 | CD74: 0 | CE74: 0 | CF74: 0 | CG74: 0 | CH74: 0 | CI74: 0 | CJ74: 0 | CK74: 0 | CL74: 0 | CM74: 0 | CN74: 0 | CO74: 0 | CP74: 0 | CQ74: 0 | CR74: 0 | CS74: 0 | CT74: 0 | CU74: 0 | CV74: 0 | CW74: 0 | CX74: 0 | CY74: 0 | CZ74: 0 | DA74: 0 | DB74: 0 | DC74: 0 | DD74: 0 | DE74: 0 | DF74: 0 | DG74: 0 | DH74: 0 | DI74: 0 | DJ74: 0 | DK74: 0 | DL74: 0 | DM74: 0 | DN74: 0 | DO74: 0 | DP74: 0 | DQ74: 0 | DR74: 0 | DS74: 0 | DT74: 0 | DU74: 0 | DV74: 0 | DW74: 0 | DX74: 0 | DY74: 0 | DZ74: 0 | EA74: 0 | EB74: 0 | EC74: 0 | ED74: 0 | EE74: 0 | EF74: 0 | EG74: 0 | EH74: 0 | EI74: 0 | EJ74: 0 | EK74: 0 | EL74: 0 | EM74: 0 | EN74: 0 | EO74: 0 | EP74: 0 | EQ74: 0 | ER74: 0 | ES74: 0 | ET74: 0 | EU74: 0 | EV74: 0 | EW74: 0 | EX74: 0 | EY74: 0 | EZ74: 0 | FA74: 0 | FB74: 0 | FC74: 0 | FD74: 0 | FE74: 0 | FF74: 0 | FG74: 0 | FH74: 0 | FI74: 0 | FJ74: 0 | FK74: 0 | FL74: 0 | FM74: 0 | FN74: 0 | FO74: 0 | FP74: 0 | FQ74: 0 | FR74: 0 | FS74: 0 | FT74: 0 | FU74: 0 | FV74: 0 | FW74: 0 | FX74: 0 | FY74: 0 | FZ74: 0 | GA74: 0 | GB74: 0 | GC74: 0 | GD74: 0 | GE74: 0 | GF74: 0 | GG74: 0 | GH74: 0 | GI74: 135618
A75: 135692 | B75: 6411 | C75: Vilson Balduino Soares | D75: 882.481.001-20 | E75: 0 | F75: SWISS PARK ANAPOLIS | G75: Swiss Park Zurich - Anápolis | H75: =VLOOKUP(B75,Elegibilidade!A:I,9,0) -> Elegível | I75: 24 | J75: 0 | K75: =SUM(T75:GH75) -> 191751.12 | L75: =J75+K75 -> 191751.12 | M75: Adimplente | N75: 191751.12 | O75: =NPV((1+12%)^(1/12)-1,T75:GH75) -> 170764.17 | P75: =Vendas!$J$1 -> 885.1292 | Q75: 360 | R75: =P75*Q75 -> 318646.51 | S75: =O75/R75 -> 0.53590473 | T75: 7989.63 | U75: 7989.63 | V75: 7989.63 | W75: 7989.63 | X75: 7989.63 | Y75: 7989.63 | Z75: 7989.63 | AA75: 7989.63 | AB75: 7989.63 | AC75: 7989.63 | AD75: 7989.63 | AE75: 7989.63 | AF75: 7989.63 | AG75: 7989.63 | AH75: 7989.63 | AI75: 7989.63 | AJ75: 7989.63 | AK75: 7989.63 | AL75: 7989.63 | AM75: 7989.63 | AN75: 7989.63 | AO75: 7989.63 | AP75: 7989.63 | AQ75: 7989.63 | AR75: 0 | AS75: 0 | AT75: 0 | AU75: 0 | AV75: 0 | AW75: 0 | AX75: 0 | AY75: 0 | AZ75: 0 | BA75: 0 | BB75: 0 | BC75: 0 | BD75: 0 | BE75: 0 | BF75: 0 | BG75: 0 | BH75: 0 | BI75: 0 | BJ75: 0 | BK75: 0 | BL75: 0 | BM75: 0 | BN75: 0 | BO75: 0 | BP75: 0 | BQ75: 0 | BR75: 0 | BS75: 0 | BT75: 0 | BU75: 0 | BV75: 0 | BW75: 0 | BX75: 0 | BY75: 0 | BZ75: 0 | CA75: 0 | CB75: 0 | CC75: 0 | CD75: 0 | CE75: 0 | CF75: 0 | CG75: 0 | CH75: 0 | CI75: 0 | CJ75: 0 | CK75: 0 | CL75: 0 | CM75: 0 | CN75: 0 | CO75: 0 | CP75: 0 | CQ75: 0 | CR75: 0 | CS75: 0 | CT75: 0 | CU75: 0 | CV75: 0 | CW75: 0 | CX75: 0 | CY75: 0 | CZ75: 0 | DA75: 0 | DB75: 0 | DC75: 0 | DD75: 0 | DE75: 0 | DF75: 0 | DG75: 0 | DH75: 0 | DI75: 0 | DJ75: 0 | DK75: 0 | DL75: 0 | DM75: 0 | DN75: 0 | DO75: 0 | DP75: 0 | DQ75: 0 | DR75: 0 | DS75: 0 | DT75: 0 | DU75: 0 | DV75: 0 | DW75: 0 | DX75: 0 | DY75: 0 | DZ75: 0 | EA75: 0 | EB75: 0 | EC75: 0 | ED75: 0 | EE75: 0 | EF75: 0 | EG75: 0 | EH75: 0 | EI75: 0 | EJ75: 0 | EK75: 0 | EL75: 0 | EM75: 0 | EN75: 0 | EO75: 0 | EP75: 0 | EQ75: 0 | ER75: 0 | ES75: 0 | ET75: 0 | EU75: 0 | EV75: 0 | EW75: 0 | EX75: 0 | EY75: 0 | EZ75: 0 | FA75: 0 | FB75: 0 | FC75: 0 | FD75: 0 | FE75: 0 | FF75: 0 | FG75: 0 | FH75: 0 | FI75: 0 | FJ75: 0 | FK75: 0 | FL75: 0 | FM75: 0 | FN75: 0 | FO75: 0 | FP75: 0 | FQ75: 0 | FR75: 0 | FS75: 0 | FT75: 0 | FU75: 0 | FV75: 0 | FW75: 0 | FX75: 0 | FY75: 0 | FZ75: 0 | GA75: 0 | GB75: 0 | GC75: 0 | GD75: 0 | GE75: 0 | GF75: 0 | GG75: 0 | GH75: 0 | GI75: 135692
A76: 135623 | B76: 6390 | C76: Clary Merces De Oliveira Machado | D76: 617.316.171-00 | E76: 0 | F76: SWISS PARK ANAPOLIS | G76: Swiss Park Zurich - Anápolis | H76: =VLOOKUP(B76,Elegibilidade!A:I,9,0) -> Elegível | I76: 23 | J76: 0 | K76: =SUM(T76:GH76) -> 191663.56 | L76: =J76+K76 -> 191663.56 | M76: Adimplente | N76: 191663.56 | O76: =NPV((1+12%)^(1/12)-1,T76:GH76) -> 171464.16 | P76: =Vendas!$J$1 -> 885.1292 | Q76: 372.39 | R76: =P76*Q76 -> 329613.26 | S76: =O76/R76 -> 0.52019801 | T76: 8333.2 | U76: 8333.2 | V76: 8333.2 | W76: 8333.2 | X76: 8333.2 | Y76: 8333.2 | Z76: 8333.2 | AA76: 8333.2 | AB76: 8333.2 | AC76: 8333.2 | AD76: 8333.2 | AE76: 8333.2 | AF76: 8333.2 | AG76: 8333.2 | AH76: 8333.2 | AI76: 8333.2 | AJ76: 8333.2 | AK76: 8333.2 | AL76: 8333.2 | AM76: 8333.2 | AN76: 8333.2 | AO76: 8333.2 | AP76: 8333.16 | AQ76: 0 | AR76: 0 | AS76: 0 | AT76: 0 | AU76: 0 | AV76: 0 | AW76: 0 | AX76: 0 | AY76: 0 | AZ76: 0 | BA76: 0 | BB76: 0 | BC76: 0 | BD76: 0 | BE76: 0 | BF76: 0 | BG76: 0 | BH76: 0 | BI76: 0 | BJ76: 0 | BK76: 0 | BL76: 0 | BM76: 0 | BN76: 0 | BO76: 0 | BP76: 0 | BQ76: 0 | BR76: 0 | BS76: 0 | BT76: 0 | BU76: 0 | BV76: 0 | BW76: 0 | BX76: 0 | BY76: 0 | BZ76: 0 | CA76: 0 | CB76: 0 | CC76: 0 | CD76: 0 | CE76: 0 | CF76: 0 | CG76: 0 | CH76: 0 | CI76: 0 | CJ76: 0 | CK76: 0 | CL76: 0 | CM76: 0 | CN76: 0 | CO76: 0 | CP76: 0 | CQ76: 0 | CR76: 0 | CS76: 0 | CT76: 0 | CU76: 0 | CV76: 0 | CW76: 0 | CX76: 0 | CY76: 0 | CZ76: 0 | DA76: 0 | DB76: 0 | DC76: 0 | DD76: 0 | DE76: 0 | DF76: 0 | DG76: 0 | DH76: 0 | DI76: 0 | DJ76: 0 | DK76: 0 | DL76: 0 | DM76: 0 | DN76: 0 | DO76: 0 | DP76: 0 | DQ76: 0 | DR76: 0 | DS76: 0 | DT76: 0 | DU76: 0 | DV76: 0 | DW76: 0 | DX76: 0 | DY76: 0 | DZ76: 0 | EA76: 0 | EB76: 0 | EC76: 0 | ED76: 0 | EE76: 0 | EF76: 0 | EG76: 0 | EH76: 0 | EI76: 0 | EJ76: 0 | EK76: 0 | EL76: 0 | EM76: 0 | EN76: 0 | EO76: 0 | EP76: 0 | EQ76: 0 | ER76: 0 | ES76: 0 | ET76: 0 | EU76: 0 | EV76: 0 | EW76: 0 | EX76: 0 | EY76: 0 | EZ76: 0 | FA76: 0 | FB76: 0 | FC76: 0 | FD76: 0 | FE76: 0 | FF76: 0 | FG76: 0 | FH76: 0 | FI76: 0 | FJ76: 0 | FK76: 0 | FL76: 0 | FM76: 0 | FN76: 0 | FO76: 0 | FP76: 0 | FQ76: 0 | FR76: 0 | FS76: 0 | FT76: 0 | FU76: 0 | FV76: 0 | FW76: 0 | FX76: 0 | FY76: 0 | FZ76: 0 | GA76: 0 | GB76: 0 | GC76: 0 | GD76: 0 | GE76: 0 | GF76: 0 | GG76: 0 | GH76: 0 | GI76: 135623
A77: 135620 | B77: 6366 | C77: Anna Paula Vieira De Sousa Alves | D77: 034.186.701-21 | E77: 0 | F77: SWISS PARK ANAPOLIS | G77: Swiss Park Zurich - Anápolis | H77: =VLOOKUP(B77,Elegibilidade!A:I,9,0) -> Elegível | I77: 23 | J77: 0 | K77: =SUM(T77:GH77) -> 188343.87 | L77: =J77+K77 -> 188343.87 | M77: Adimplente | N77: 188343.87 | O77: =NPV((1+12%)^(1/12)-1,T77:GH77) -> 168494.32 | P77: =Vendas!$J$1 -> 885.1292 | Q77: 365.94 | R77: =P77*Q77 -> 323904.18 | S77: =O77/R77 -> 0.52019806 | T77: 8188.86 | U77: 8188.86 | V77: 8188.86 | W77: 8188.86 | X77: 8188.86 | Y77: 8188.86 | Z77: 8188.86 | AA77: 8188.86 | AB77: 8188.86 | AC77: 8188.86 | AD77: 8188.86 | AE77: 8188.86 | AF77: 8188.86 | AG77: 8188.86 | AH77: 8188.86 | AI77: 8188.86 | AJ77: 8188.86 | AK77: 8188.86 | AL77: 8188.86 | AM77: 8188.86 | AN77: 8188.86 | AO77: 8188.86 | AP77: 8188.95 | AQ77: 0 | AR77: 0 | AS77: 0 | AT77: 0 | AU77: 0 | AV77: 0 | AW77: 0 | AX77: 0 | AY77: 0 | AZ77: 0 | BA77: 0 | BB77: 0 | BC77: 0 | BD77: 0 | BE77: 0 | BF77: 0 | BG77: 0 | BH77: 0 | BI77: 0 | BJ77: 0 | BK77: 0 | BL77: 0 | BM77: 0 | BN77: 0 | BO77: 0 | BP77: 0 | BQ77: 0 | BR77: 0 | BS77: 0 | BT77: 0 | BU77: 0 | BV77: 0 | BW77: 0 | BX77: 0 | BY77: 0 | BZ77: 0 | CA77: 0 | CB77: 0 | CC77: 0 | CD77: 0 | CE77: 0 | CF77: 0 | CG77: 0 | CH77: 0 | CI77: 0 | CJ77: 0 | CK77: 0 | CL77: 0 | CM77: 0 | CN77: 0 | CO77: 0 | CP77: 0 | CQ77: 0 | CR77: 0 | CS77: 0 | CT77: 0 | CU77: 0 | CV77: 0 | CW77: 0 | CX77: 0 | CY77: 0 | CZ77: 0 | DA77: 0 | DB77: 0 | DC77: 0 | DD77: 0 | DE77: 0 | DF77: 0 | DG77: 0 | DH77: 0 | DI77: 0 | DJ77: 0 | DK77: 0 | DL77: 0 | DM77: 0 | DN77: 0 | DO77: 0 | DP77: 0 | DQ77: 0 | DR77: 0 | DS77: 0 | DT77: 0 | DU77: 0 | DV77: 0 | DW77: 0 | DX77: 0 | DY77: 0 | DZ77: 0 | EA77: 0 | EB77: 0 | EC77: 0 | ED77: 0 | EE77: 0 | EF77: 0 | EG77: 0 | EH77: 0 | EI77: 0 | EJ77: 0 | EK77: 0 | EL77: 0 | EM77: 0 | EN77: 0 | EO77: 0 | EP77: 0 | EQ77: 0 | ER77: 0 | ES77: 0 | ET77: 0 | EU77: 0 | EV77: 0 | EW77: 0 | EX77: 0 | EY77: 0 | EZ77: 0 | FA77: 0 | FB77: 0 | FC77: 0 | FD77: 0 | FE77: 0 | FF77: 0 | FG77: 0 | FH77: 0 | FI77: 0 | FJ77: 0 | FK77: 0 | FL77: 0 | FM77: 0 | FN77: 0 | FO77: 0 | FP77: 0 | FQ77: 0 | FR77: 0 | FS77: 0 | FT77: 0 | FU77: 0 | FV77: 0 | FW77: 0 | FX77: 0 | FY77: 0 | FZ77: 0 | GA77: 0 | GB77: 0 | GC77: 0 | GD77: 0 | GE77: 0 | GF77: 0 | GG77: 0 | GH77: 0 | GI77: 135620
A78: 135638 | B78: 6354 | C78: Flavia Silva Costa Galgane | D78: 023.803.371-60 | E78: 0 | F78: SWISS PARK ANAPOLIS | G78: Swiss Park Zurich - Anápolis | H78: =VLOOKUP(B78,Elegibilidade!A:I,9,0) -> Elegível | I78: 23 | J78: 0 | K78: =SUM(T78:GH78) -> 185286.62 | L78: =J78+K78 -> 185286.62 | M78: Adimplente | N78: 185286.62 | O78: =NPV((1+12%)^(1/12)-1,T78:GH78) -> 165759.29 | P78: =Vendas!$J$1 -> 885.1292 | Q78: 360 | R78: =P78*Q78 -> 318646.51 | S78: =O78/R78 -> 0.52019802 | T78: 8055.94 | U78: 8055.94 | V78: 8055.94 | W78: 8055.94 | X78: 8055.94 | Y78: 8055.94 | Z78: 8055.94 | AA78: 8055.94 | AB78: 8055.94 | AC78: 8055.94 | AD78: 8055.94 | AE78: 8055.94 | AF78: 8055.94 | AG78: 8055.94 | AH78: 8055.94 | AI78: 8055.94 | AJ78: 8055.94 | AK78: 8055.94 | AL78: 8055.94 | AM78: 8055.94 | AN78: 8055.94 | AO78: 8055.94 | AP78: 8055.94 | AQ78: 0 | AR78: 0 | AS78: 0 | AT78: 0 | AU78: 0 | AV78: 0 | AW78: 0 | AX78: 0 | AY78: 0 | AZ78: 0 | BA78: 0 | BB78: 0 | BC78: 0 | BD78: 0 | BE78: 0 | BF78: 0 | BG78: 0 | BH78: 0 | BI78: 0 | BJ78: 0 | BK78: 0 | BL78: 0 | BM78: 0 | BN78: 0 | BO78: 0 | BP78: 0 | BQ78: 0 | BR78: 0 | BS78: 0 | BT78: 0 | BU78: 0 | BV78: 0 | BW78: 0 | BX78: 0 | BY78: 0 | BZ78: 0 | CA78: 0 | CB78: 0 | CC78: 0 | CD78: 0 | CE78: 0 | CF78: 0 | CG78: 0 | CH78: 0 | CI78: 0 | CJ78: 0 | CK78: 0 | CL78: 0 | CM78: 0 | CN78: 0 | CO78: 0 | CP78: 0 | CQ78: 0 | CR78: 0 | CS78: 0 | CT78: 0 | CU78: 0 | CV78: 0 | CW78: 0 | CX78: 0 | CY78: 0 | CZ78: 0 | DA78: 0 | DB78: 0 | DC78: 0 | DD78: 0 | DE78: 0 | DF78: 0 | DG78: 0 | DH78: 0 | DI78: 0 | DJ78: 0 | DK78: 0 | DL78: 0 | DM78: 0 | DN78: 0 | DO78: 0 | DP78: 0 | DQ78: 0 | DR78: 0 | DS78: 0 | DT78: 0 | DU78: 0 | DV78: 0 | DW78: 0 | DX78: 0 | DY78: 0 | DZ78: 0 | EA78: 0 | EB78: 0 | EC78: 0 | ED78: 0 | EE78: 0 | EF78: 0 | EG78: 0 | EH78: 0 | EI78: 0 | EJ78: 0 | EK78: 0 | EL78: 0 | EM78: 0 | EN78: 0 | EO78: 0 | EP78: 0 | EQ78: 0 | ER78: 0 | ES78: 0 | ET78: 0 | EU78: 0 | EV78: 0 | EW78: 0 | EX78: 0 | EY78: 0 | EZ78: 0 | FA78: 0 | FB78: 0 | FC78: 0 | FD78: 0 | FE78: 0 | FF78: 0 | FG78: 0 | FH78: 0 | FI78: 0 | FJ78: 0 | FK78: 0 | FL78: 0 | FM78: 0 | FN78: 0 | FO78: 0 | FP78: 0 | FQ78: 0 | FR78: 0 | FS78: 0 | FT78: 0 | FU78: 0 | FV78: 0 | FW78: 0 | FX78: 0 | FY78: 0 | FZ78: 0 | GA78: 0 | GB78: 0 | GC78: 0 | GD78: 0 | GE78: 0 | GF78: 0 | GG78: 0 | GH78: 0 | GI78: 135638
A79: 135642 | B79: 6355 | C79: Guilherme Galgane Ferreira Ribeiro | D79: 017.100.711-50 | E79: 0 | F79: SWISS PARK ANAPOLIS | G79: Swiss Park Zurich - Anápolis | H79: =VLOOKUP(B79,Elegibilidade!A:I,9,0) -> Elegível | I79: 23 | J79: 0 | K79: =SUM(T79:GH79) -> 185286.62 | L79: =J79+K79 -> 185286.62 | M79: Adimplente | N79: 185286.62 | O79: =NPV((1+12%)^(1/12)-1,T79:GH79) -> 165759.29 | P79: =Vendas!$J$1 -> 885.1292 | Q79: 360 | R79: =P79*Q79 -> 318646.51 | S79: =O79/R79 -> 0.52019802 | T79: 8055.94 | U79: 8055.94 | V79: 8055.94 | W79: 8055.94 | X79: 8055.94 | Y79: 8055.94 | Z79: 8055.94 | AA79: 8055.94 | AB79: 8055.94 | AC79: 8055.94 | AD79: 8055.94 | AE79: 8055.94 | AF79: 8055.94 | AG79: 8055.94 | AH79: 8055.94 | AI79: 8055.94 | AJ79: 8055.94 | AK79: 8055.94 | AL79: 8055.94 | AM79: 8055.94 | AN79: 8055.94 | AO79: 8055.94 | AP79: 8055.94 | AQ79: 0 | AR79: 0 | AS79: 0 | AT79: 0 | AU79: 0 | AV79: 0 | AW79: 0 | AX79: 0 | AY79: 0 | AZ79: 0 | BA79: 0 | BB79: 0 | BC79: 0 | BD79: 0 | BE79: 0 | BF79: 0 | BG79: 0 | BH79: 0 | BI79: 0 | BJ79: 0 | BK79: 0 | BL79: 0 | BM79: 0 | BN79: 0 | BO79: 0 | BP79: 0 | BQ79: 0 | BR79: 0 | BS79: 0 | BT79: 0 | BU79: 0 | BV79: 0 | BW79: 0 | BX79: 0 | BY79: 0 | BZ79: 0 | CA79: 0 | CB79: 0 | CC79: 0 | CD79: 0 | CE79: 0 | CF79: 0 | CG79: 0 | CH79: 0 | CI79: 0 | CJ79: 0 | CK79: 0 | CL79: 0 | CM79: 0 | CN79: 0 | CO79: 0 | CP79: 0 | CQ79: 0 | CR79: 0 | CS79: 0 | CT79: 0 | CU79: 0 | CV79: 0 | CW79: 0 | CX79: 0 | CY79: 0 | CZ79: 0 | DA79: 0 | DB79: 0 | DC79: 0 | DD79: 0 | DE79: 0 | DF79: 0 | DG79: 0 | DH79: 0 | DI79: 0 | DJ79: 0 | DK79: 0 | DL79: 0 | DM79: 0 | DN79: 0 | DO79: 0 | DP79: 0 | DQ79: 0 | DR79: 0 | DS79: 0 | DT79: 0 | DU79: 0 | DV79: 0 | DW79: 0 | DX79: 0 | DY79: 0 | DZ79: 0 | EA79: 0 | EB79: 0 | EC79: 0 | ED79: 0 | EE79: 0 | EF79: 0 | EG79: 0 | EH79: 0 | EI79: 0 | EJ79: 0 | EK79: 0 | EL79: 0 | EM79: 0 | EN79: 0 | EO79: 0 | EP79: 0 | EQ79: 0 | ER79: 0 | ES79: 0 | ET79: 0 | EU79: 0 | EV79: 0 | EW79: 0 | EX79: 0 | EY79: 0 | EZ79: 0 | FA79: 0 | FB79: 0 | FC79: 0 | FD79: 0 | FE79: 0 | FF79: 0 | FG79: 0 | FH79: 0 | FI79: 0 | FJ79: 0 | FK79: 0 | FL79: 0 | FM79: 0 | FN79: 0 | FO79: 0 | FP79: 0 | FQ79: 0 | FR79: 0 | FS79: 0 | FT79: 0 | FU79: 0 | FV79: 0 | FW79: 0 | FX79: 0 | FY79: 0 | FZ79: 0 | GA79: 0 | GB79: 0 | GC79: 0 | GD79: 0 | GE79: 0 | GF79: 0 | GG79: 0 | GH79: 0 | GI79: 135642
A80: 135647 | B80: 6359 | C80: Iolanda Perez Marques | D80: 375.747.011-72 | E80: 0 | F80: SWISS PARK ANAPOLIS | G80: Swiss Park Zurich - Anápolis | H80: =VLOOKUP(B80,Elegibilidade!A:I,9,0) -> Elegível | I80: 23 | J80: 0 | K80: =SUM(T80:GH80) -> 185286.62 | L80: =J80+K80 -> 185286.62 | M80: Adimplente | N80: 185286.62 | O80: =NPV((1+12%)^(1/12)-1,T80:GH80) -> 165759.29 | P80: =Vendas!$J$1 -> 885.1292 | Q80: 360 | R80: =P80*Q80 -> 318646.51 | S80: =O80/R80 -> 0.52019802 | T80: 8055.94 | U80: 8055.94 | V80: 8055.94 | W80: 8055.94 | X80: 8055.94 | Y80: 8055.94 | Z80: 8055.94 | AA80: 8055.94 | AB80: 8055.94 | AC80: 8055.94 | AD80: 8055.94 | AE80: 8055.94 | AF80: 8055.94 | AG80: 8055.94 | AH80: 8055.94 | AI80: 8055.94 | AJ80: 8055.94 | AK80: 8055.94 | AL80: 8055.94 | AM80: 8055.94 | AN80: 8055.94 | AO80: 8055.94 | AP80: 8055.94 | AQ80: 0 | AR80: 0 | AS80: 0 | AT80: 0 | AU80: 0 | AV80: 0 | AW80: 0 | AX80: 0 | AY80: 0 | AZ80: 0 | BA80: 0 | BB80: 0 | BC80: 0 | BD80: 0 | BE80: 0 | BF80: 0 | BG80: 0 | BH80: 0 | BI80: 0 | BJ80: 0 | BK80: 0 | BL80: 0 | BM80: 0 | BN80: 0 | BO80: 0 | BP80: 0 | BQ80: 0 | BR80: 0 | BS80: 0 | BT80: 0 | BU80: 0 | BV80: 0 | BW80: 0 | BX80: 0 | BY80: 0 | BZ80: 0 | CA80: 0 | CB80: 0 | CC80: 0 | CD80: 0 | CE80: 0 | CF80: 0 | CG80: 0 | CH80: 0 | CI80: 0 | CJ80: 0 | CK80: 0 | CL80: 0 | CM80: 0 | CN80: 0 | CO80: 0 | CP80: 0 | CQ80: 0 | CR80: 0 | CS80: 0 | CT80: 0 | CU80: 0 | CV80: 0 | CW80: 0 | CX80: 0 | CY80: 0 | CZ80: 0 | DA80: 0 | DB80: 0 | DC80: 0 | DD80: 0 | DE80: 0 | DF80: 0 | DG80: 0 | DH80: 0 | DI80: 0 | DJ80: 0 | DK80: 0 | DL80: 0 | DM80: 0 | DN80: 0 | DO80: 0 | DP80: 0 | DQ80: 0 | DR80: 0 | DS80: 0 | DT80: 0 | DU80: 0 | DV80: 0 | DW80: 0 | DX80: 0 | DY80: 0 | DZ80: 0 | EA80: 0 | EB80: 0 | EC80: 0 | ED80: 0 | EE80: 0 | EF80: 0 | EG80: 0 | EH80: 0 | EI80: 0 | EJ80: 0 | EK80: 0 | EL80: 0 | EM80: 0 | EN80: 0 | EO80: 0 | EP80: 0 | EQ80: 0 | ER80: 0 | ES80: 0 | ET80: 0 | EU80: 0 | EV80: 0 | EW80: 0 | EX80: 0 | EY80: 0 | EZ80: 0 | FA80: 0 | FB80: 0 | FC80: 0 | FD80: 0 | FE80: 0 | FF80: 0 | FG80: 0 | FH80: 0 | FI80: 0 | FJ80: 0 | FK80: 0 | FL80: 0 | FM80: 0 | FN80: 0 | FO80: 0 | FP80: 0 | FQ80: 0 | FR80: 0 | FS80: 0 | FT80: 0 | FU80: 0 | FV80: 0 | FW80: 0 | FX80: 0 | FY80: 0 | FZ80: 0 | GA80: 0 | GB80: 0 | GC80: 0 | GD80: 0 | GE80: 0 | GF80: 0 | GG80: 0 | GH80: 0 | GI80: 135647
... A90: 135701 | B90: 6493 | C90: Joao Paulo Virgilio Marinho Martins | D90: 897.795.922-53 | E90: 0 | F90: SWISS PARK ANAPOLIS | G90: Swiss Park Zurich - Anápolis | H90: =VLOOKUP(B90,Elegibilidade!A:I,9,0) -> Elegível | I90: 14 | J90: 0 | K90: =SUM(T90:GH90) -> 162686.56 | L90: =J90+K90 -> 162686.56 | M90: Adimplente | N90: 162686.56 | O90: =NPV((1+12%)^(1/12)-1,T90:GH90) -> 151671.89 | P90: =Vendas!$J$1 -> 885.1292 | Q90: 390.45 | R90: =P90*Q90 -> 345598.7 | S90: =O90/R90 -> 0.43886707 | T90: 11620.47 | U90: 11620.47 | V90: 11620.47 | W90: 11620.47 | X90: 11620.47 | Y90: 11620.47 | Z90: 11620.47 | AA90: 11620.47 | AB90: 11620.47 | AC90: 11620.47 | AD90: 11620.47 | AE90: 11620.47 | AF90: 11620.47 | AG90: 11620.45 | AH90: 0 | AI90: 0 | AJ90: 0 | AK90: 0 | AL90: 0 | AM90: 0 | AN90: 0 | AO90: 0 | AP90: 0 | AQ90: 0 | AR90: 0 | AS90: 0 | AT90: 0 | AU90: 0 | AV90: 0 | AW90: 0 | AX90: 0 | AY90: 0 | AZ90: 0 | BA90: 0 | BB90: 0 | BC90: 0 | BD90: 0 | BE90: 0 | BF90: 0 | BG90: 0 | BH90: 0 | BI90: 0 | BJ90: 0 | BK90: 0 | BL90: 0 | BM90: 0 | BN90: 0 | BO90: 0 | BP90: 0 | BQ90: 0 | BR90: 0 | BS90: 0 | BT90: 0 | BU90: 0 | BV90: 0 | BW90: 0 | BX90: 0 | BY90: 0 | BZ90: 0 | CA90: 0 | CB90: 0 | CC90: 0 | CD90: 0 | CE90: 0 | CF90: 0 | CG90: 0 | CH90: 0 | CI90: 0 | CJ90: 0 | CK90: 0 | CL90: 0 | CM90: 0 | CN90: 0 | CO90: 0 | CP90: 0 | CQ90: 0 | CR90: 0 | CS90: 0 | CT90: 0 | CU90: 0 | CV90: 0 | CW90: 0 | CX90: 0 | CY90: 0 | CZ90: 0 | DA90: 0 | DB90: 0 | DC90: 0 | DD90: 0 | DE90: 0 | DF90: 0 | DG90: 0 | DH90: 0 | DI90: 0 | DJ90: 0 | DK90: 0 | DL90: 0 | DM90: 0 | DN90: 0 | DO90: 0 | DP90: 0 | DQ90: 0 | DR90: 0 | DS90: 0 | DT90: 0 | DU90: 0 | DV90: 0 | DW90: 0 | DX90: 0 | DY90: 0 | DZ90: 0 | EA90: 0 | EB90: 0 | EC90: 0 | ED90: 0 | EE90: 0 | EF90: 0 | EG90: 0 | EH90: 0 | EI90: 0 | EJ90: 0 | EK90: 0 | EL90: 0 | EM90: 0 | EN90: 0 | EO90: 0 | EP90: 0 | EQ90: 0 | ER90: 0 | ES90: 0 | ET90: 0 | EU90: 0 | EV90: 0 | EW90: 0 | EX90: 0 | EY90: 0 | EZ90: 0 | FA90: 0 | FB90: 0 | FC90: 0 | FD90: 0 | FE90: 0 | FF90: 0 | FG90: 0 | FH90: 0 | FI90: 0 | FJ90: 0 | FK90: 0 | FL90: 0 | FM90: 0 | FN90: 0 | FO90: 0 | FP90: 0 | FQ90: 0 | FR90: 0 | FS90: 0 | FT90: 0 | FU90: 0 | FV90: 0 | FW90: 0 | FX90: 0 | FY90: 0 | FZ90: 0 | GA90: 0 | GB90: 0 | GC90: 0 | GD90: 0 | GE90: 0 | GF90: 0 | GG90: 0 | GH90: 0 | GI90: 135701
A91: 135693 | B91: 6374 | C91: Zenith Diagnósticos E Terapias Complementares Ltda | D91: 30.015.482/0001-14 | E91: 0.1003 | F91: SWISS PARK ANAPOLIS | G91: Swiss Park Zurich - Anápolis | H91: =VLOOKUP(B91,Elegibilidade!A:I,9,0) -> Elegível | I91: 64 | J91: 0 | K91: =NPV(0.8%,T91:GH91) -> 153342.48 | L91: =J91+K91 -> 153342.48 | M91: Adimplente | N91: 153342.48 | O91: =NPV((1+12%)^(1/12)-1,T91:GH91) -> 146671.74 | P91: =Vendas!$J$1 -> 885.1292 | Q91: 360 | R91: =P91*Q91 -> 318646.51 | S91: =O91/R91 -> 0.46029609 | T91: 0 | U91: 3133.07 | V91: 3133.07 | W91: 3133.07 | X91: 3133.07 | Y91: 3133.07 | Z91: 3133.07 | AA91: 3133.07 | AB91: 3133.07 | AC91: 3133.07 | AD91: 3133.07 | AE91: 3133.07 | AF91: 3133.07 | AG91: 3133.07 | AH91: 3133.07 | AI91: 3133.07 | AJ91: 3133.07 | AK91: 3133.07 | AL91: 3133.07 | AM91: 3133.07 | AN91: 3133.07 | AO91: 3133.07 | AP91: 3133.07 | AQ91: 3133.07 | AR91: 3133.07 | AS91: 3133.07 | AT91: 3133.07 | AU91: 3133.07 | AV91: 3133.07 | AW91: 3133.07 | AX91: 3133.07 | AY91: 3133.07 | AZ91: 3133.07 | BA91: 3133.07 | BB91: 3133.07 | BC91: 3133.07 | BD91: 3133.07 | BE91: 3133.07 | BF91: 3133.07 | BG91: 3133.07 | BH91: 3133.07 | BI91: 3133.07 | BJ91: 3133.07 | BK91: 3133.07 | BL91: 3133.07 | BM91: 3133.07 | BN91: 3133.07 | BO91: 3133.07 | BP91: 3133.07 | BQ91: 3133.07 | BR91: 3133.07 | BS91: 3133.07 | BT91: 3133.07 | BU91: 3133.07 | BV91: 3133.07 | BW91: 3133.07 | BX91: 3133.07 | BY91: 3133.07 | BZ91: 3133.07 | CA91: 3133.07 | CB91: 3133.07 | CC91: 3133.07 | CD91: 3133.07 | CE91: 3133.07 | CF91: 0 | CG91: 0 | CH91: 0 | CI91: 0 | CJ91: 0 | CK91: 0 | CL91: 0 | CM91: 0 | CN91: 0 | CO91: 0 | CP91: 0 | CQ91: 0 | CR91: 0 | CS91: 0 | CT91: 0 | CU91: 0 | CV91: 0 | CW91: 0 | CX91: 0 | CY91: 0 | CZ91: 0 | DA91: 0 | DB91: 0 | DC91: 0 | DD91: 0 | DE91: 0 | DF91: 0 | DG91: 0 | DH91: 0 | DI91: 0 | DJ91: 0 | DK91: 0 | DL91: 0 | DM91: 0 | DN91: 0 | DO91: 0 | DP91: 0 | DQ91: 0 | DR91: 0 | DS91: 0 | DT91: 0 | DU91: 0 | DV91: 0 | DW91: 0 | DX91: 0 | DY91: 0 | DZ91: 0 | EA91: 0 | EB91: 0 | EC91: 0 | ED91: 0 | EE91: 0 | EF91: 0 | EG91: 0 | EH91: 0 | EI91: 0 | EJ91: 0 | EK91: 0 | EL91: 0 | EM91: 0 | EN91: 0 | EO91: 0 | EP91: 0 | EQ91: 0 | ER91: 0 | ES91: 0 | ET91: 0 | EU91: 0 | EV91: 0 | EW91: 0 | EX91: 0 | EY91: 0 | EZ91: 0 | FA91: 0 | FB91: 0 | FC91: 0 | FD91: 0 | FE91: 0 | FF91: 0 | FG91: 0 | FH91: 0 | FI91: 0 | FJ91: 0 | FK91: 0 | FL91: 0 | FM91: 0 | FN91: 0 | FO91: 0 | FP91: 0 | FQ91: 0 | FR91: 0 | FS91: 0 | FT91: 0 | FU91: 0 | FV91: 0 | FW91: 0 | FX91: 0 | FY91: 0 | FZ91: 0 | GA91: 0 | GB91: 0 | GC91: 0 | GD91: 0 | GE91: 0 | GF91: 0 | GG91: 0 | GH91: 0 | GI91: 135693
A92: 135641 | B92: 6404 | C92: Giovanna Guimaraes Da Cunha | D92: 857.753.121-04 | E92: 0 | F92: SWISS PARK ANAPOLIS | G92: Swiss Park Zurich - Anápolis | H92: =VLOOKUP(B92,Elegibilidade!A:I,9,0) -> Elegível | I92: 20 | J92: 0 | K92: =SUM(T92:GH92) -> 106109.64 | L92: =J92+K92 -> 106109.64 | M92: Adimplente | N92: 106109.64 | O92: =NPV((1+12%)^(1/12)-1,T92:GH92) -> 93475.811 | P92: =Vendas!$J$1 -> 885.1292 | Q92: 360 | R92: =P92*Q92 -> 318646.51 | S92: =O92/R92 -> 0.29335269 | T92: 0 | U92: 0 | V92: 0 | W92: 0 | X92: 0 | Y92: 0 | Z92: 7579.26 | AA92: 7579.26 | AB92: 7579.26 | AC92: 7579.26 | AD92: 7579.26 | AE92: 7579.26 | AF92: 7579.26 | AG92: 7579.26 | AH92: 7579.26 | AI92: 7579.26 | AJ92: 7579.26 | AK92: 7579.26 | AL92: 7579.26 | AM92: 7579.26 | AN92: 0 | AO92: 0 | AP92: 0 | AQ92: 0 | AR92: 0 | AS92: 0 | AT92: 0 | AU92: 0 | AV92: 0 | AW92: 0 | AX92: 0 | AY92: 0 | AZ92: 0 | BA92: 0 | BB92: 0 | BC92: 0 | BD92: 0 | BE92: 0 | BF92: 0 | BG92: 0 | BH92: 0 | BI92: 0 | BJ92: 0 | BK92: 0 | BL92: 0 | BM92: 0 | BN92: 0 | BO92: 0 | BP92: 0 | BQ92: 0 | BR92: 0 | BS92: 0 | BT92: 0 | BU92: 0 | BV92: 0 | BW92: 0 | BX92: 0 | BY92: 0 | BZ92: 0 | CA92: 0 | CB92: 0 | CC92: 0 | CD92: 0 | CE92: 0 | CF92: 0 | CG92: 0 | CH92: 0 | CI92: 0 | CJ92: 0 | CK92: 0 | CL92: 0 | CM92: 0 | CN92: 0 | CO92: 0 | CP92: 0 | CQ92: 0 | CR92: 0 | CS92: 0 | CT92: 0 | CU92: 0 | CV92: 0 | CW92: 0 | CX92: 0 | CY92: 0 | CZ92: 0 | DA92: 0 | DB92: 0 | DC92: 0 | DD92: 0 | DE92: 0 | DF92: 0 | DG92: 0 | DH92: 0 | DI92: 0 | DJ92: 0 | DK92: 0 | DL92: 0 | DM92: 0 | DN92: 0 | DO92: 0 | DP92: 0 | DQ92: 0 | DR92: 0 | DS92: 0 | DT92: 0 | DU92: 0 | DV92: 0 | DW92: 0 | DX92: 0 | DY92: 0 | DZ92: 0 | EA92: 0 | EB92: 0 | EC92: 0 | ED92: 0 | EE92: 0 | EF92: 0 | EG92: 0 | EH92: 0 | EI92: 0 | EJ92: 0 | EK92: 0 | EL92: 0 | EM92: 0 | EN92: 0 | EO92: 0 | EP92: 0 | EQ92: 0 | ER92: 0 | ES92: 0 | ET92: 0 | EU92: 0 | EV92: 0 | EW92: 0 | EX92: 0 | EY92: 0 | EZ92: 0 | FA92: 0 | FB92: 0 | FC92: 0 | FD92: 0 | FE92: 0 | FF92: 0 | FG92: 0 | FH92: 0 | FI92: 0 | FJ92: 0 | FK92: 0 | FL92: 0 | FM92: 0 | FN92: 0 | FO92: 0 | FP92: 0 | FQ92: 0 | FR92: 0 | FS92: 0 | FT92: 0 | FU92: 0 | FV92: 0 | FW92: 0 | FX92: 0 | FY92: 0 | FZ92: 0 | GA92: 0 | GB92: 0 | GC92: 0 | GD92: 0 | GE92: 0 | GF92: 0 | GG92: 0 | GH92: 0 | GI92: 135641
A93: 135633 | B93: 6370 | C93: Evimar Antonio Da Silva | D93: 435.123.211-00 | E93: 0 | F93: SWISS PARK ANAPOLIS | G93: Swiss Park Zurich - Anápolis | H93: =VLOOKUP(B93,Elegibilidade!A:I,9,0) -> Elegível | I93: 11 | J93: 0 | K93: =SUM(T93:GH93) -> 71500 | L93: =J93+K93 -> 71500 | M93: Adimplente | N93: 71500 | O93: =NPV((1+12%)^(1/12)-1,T93:GH93) -> 67591.283 | P93: =Vendas!$J$1 -> 885.1292 | Q93: 360 | R93: =P93*Q93 -> 318646.51 | S93: =O93/R93 -> 0.21211995 | T93: 6500 | U93: 6500 | V93: 6500 | W93: 6500 | X93: 6500 | Y93: 6500 | Z93: 6500 | AA93: 6500 | AB93: 6500 | AC93: 6500 | AD93: 6500 | AE93: 0 | AF93: 0 | AG93: 0 | AH93: 0 | AI93: 0 | AJ93: 0 | AK93: 0 | AL93: 0 | AM93: 0 | AN93: 0 | AO93: 0 | AP93: 0 | AQ93: 0 | AR93: 0 | AS93: 0 | AT93: 0 | AU93: 0 | AV93: 0 | AW93: 0 | AX93: 0 | AY93: 0 | AZ93: 0 | BA93: 0 | BB93: 0 | BC93: 0 | BD93: 0 | BE93: 0 | BF93: 0 | BG93: 0 | BH93: 0 | BI93: 0 | BJ93: 0 | BK93: 0 | BL93: 0 | BM93: 0 | BN93: 0 | BO93: 0 | BP93: 0 | BQ93: 0 | BR93: 0 | BS93: 0 | BT93: 0 | BU93: 0 | BV93: 0 | BW93: 0 | BX93: 0 | BY93: 0 | BZ93: 0 | CA93: 0 | CB93: 0 | CC93: 0 | CD93: 0 | CE93: 0 | CF93: 0 | CG93: 0 | CH93: 0 | CI93: 0 | CJ93: 0 | CK93: 0 | CL93: 0 | CM93: 0 | CN93: 0 | CO93: 0 | CP93: 0 | CQ93: 0 | CR93: 0 | CS93: 0 | CT93: 0 | CU93: 0 | CV93: 0 | CW93: 0 | CX93: 0 | CY93: 0 | CZ93: 0 | DA93: 0 | DB93: 0 | DC93: 0 | DD93: 0 | DE93: 0 | DF93: 0 | DG93: 0 | DH93: 0 | DI93: 0 | DJ93: 0 | DK93: 0 | DL93: 0 | DM93: 0 | DN93: 0 | DO93: 0 | DP93: 0 | DQ93: 0 | DR93: 0 | DS93: 0 | DT93: 0 | DU93: 0 | DV93: 0 | DW93: 0 | DX93: 0 | DY93: 0 | DZ93: 0 | EA93: 0 | EB93: 0 | EC93: 0 | ED93: 0 | EE93: 0 | EF93: 0 | EG93: 0 | EH93: 0 | EI93: 0 | EJ93: 0 | EK93: 0 | EL93: 0 | EM93: 0 | EN93: 0 | EO93: 0 | EP93: 0 | EQ93: 0 | ER93: 0 | ES93: 0 | ET93: 0 | EU93: 0 | EV93: 0 | EW93: 0 | EX93: 0 | EY93: 0 | EZ93: 0 | FA93: 0 | FB93: 0 | FC93: 0 | FD93: 0 | FE93: 0 | FF93: 0 | FG93: 0 | FH93: 0 | FI93: 0 | FJ93: 0 | FK93: 0 | FL93: 0 | FM93: 0 | FN93: 0 | FO93: 0 | FP93: 0 | FQ93: 0 | FR93: 0 | FS93: 0 | FT93: 0 | FU93: 0 | FV93: 0 | FW93: 0 | FX93: 0 | FY93: 0 | FZ93: 0 | GA93: 0 | GB93: 0 | GC93: 0 | GD93: 0 | GE93: 0 | GF93: 0 | GG93: 0 | GH93: 0 | GI93: 135633
A94: 135665 | B94: 6475 | C94: Marcio Gabriel Teixeira | D94: 655.920.691-20 | E94: 0 | F94: SWISS PARK ANAPOLIS | G94: Swiss Park Zurich - Anápolis | H94: =VLOOKUP(B94,Elegibilidade!A:I,9,0) -> Elegível | I94: 14 | J94: 0 | K94: =SUM(T94:GH94) -> 70638.12 | L94: =J94+K94 -> 70638.12 | M94: Adimplente | N94: 70638.12 | O94: =NPV((1+12%)^(1/12)-1,T94:GH94) -> 65855.574 | P94: =Vendas!$J$1 -> 885.1292 | Q94: 360 | R94: =P94*Q94 -> 318646.51 | S94: =O94/R94 -> 0.20667282 | T94: 5045.58 | U94: 5045.58 | V94: 5045.58 | W94: 5045.58 | X94: 5045.58 | Y94: 5045.58 | Z94: 5045.58 | AA94: 5045.58 | AB94: 5045.58 | AC94: 5045.58 | AD94: 5045.58 | AE94: 5045.58 | AF94: 5045.58 | AG94: 5045.58 | AH94: 0 | AI94: 0 | AJ94: 0 | AK94: 0 | AL94: 0 | AM94: 0 | AN94: 0 | AO94: 0 | AP94: 0 | AQ94: 0 | AR94: 0 | AS94: 0 | AT94: 0 | AU94: 0 | AV94: 0 | AW94: 0 | AX94: 0 | AY94: 0 | AZ94: 0 | BA94: 0 | BB94: 0 | BC94: 0 | BD94: 0 | BE94: 0 | BF94: 0 | BG94: 0 | BH94: 0 | BI94: 0 | BJ94: 0 | BK94: 0 | BL94: 0 | BM94: 0 | BN94: 0 | BO94: 0 | BP94: 0 | BQ94: 0 | BR94: 0 | BS94: 0 | BT94: 0 | BU94: 0 | BV94: 0 | BW94: 0 | BX94: 0 | BY94: 0 | BZ94: 0 | CA94: 0 | CB94: 0 | CC94: 0 | CD94: 0 | CE94: 0 | CF94: 0 | CG94: 0 | CH94: 0 | CI94: 0 | CJ94: 0 | CK94: 0 | CL94: 0 | CM94: 0 | CN94: 0 | CO94: 0 | CP94: 0 | CQ94: 0 | CR94: 0 | CS94: 0 | CT94: 0 | CU94: 0 | CV94: 0 | CW94: 0 | CX94: 0 | CY94: 0 | CZ94: 0 | DA94: 0 | DB94: 0 | DC94: 0 | DD94: 0 | DE94: 0 | DF94: 0 | DG94: 0 | DH94: 0 | DI94: 0 | DJ94: 0 | DK94: 0 | DL94: 0 | DM94: 0 | DN94: 0 | DO94: 0 | DP94: 0 | DQ94: 0 | DR94: 0 | DS94: 0 | DT94: 0 | DU94: 0 | DV94: 0 | DW94: 0 | DX94: 0 | DY94: 0 | DZ94: 0 | EA94: 0 | EB94: 0 | EC94: 0 | ED94: 0 | EE94: 0 | EF94: 0 | EG94: 0 | EH94: 0 | EI94: 0 | EJ94: 0 | EK94: 0 | EL94: 0 | EM94: 0 | EN94: 0 | EO94: 0 | EP94: 0 | EQ94: 0 | ER94: 0 | ES94: 0 | ET94: 0 | EU94: 0 | EV94: 0 | EW94: 0 | EX94: 0 | EY94: 0 | EZ94: 0 | FA94: 0 | FB94: 0 | FC94: 0 | FD94: 0 | FE94: 0 | FF94: 0 | FG94: 0 | FH94: 0 | FI94: 0 | FJ94: 0 | FK94: 0 | FL94: 0 | FM94: 0 | FN94: 0 | FO94: 0 | FP94: 0 | FQ94: 0 | FR94: 0 | FS94: 0 | FT94: 0 | FU94: 0 | FV94: 0 | FW94: 0 | FX94: 0 | FY94: 0 | FZ94: 0 | GA94: 0 | GB94: 0 | GC94: 0 | GD94: 0 | GE94: 0 | GF94: 0 | GG94: 0 | GH94: 0 | GI94: 135665
A95: 135671 | B95: 6406 | C95: Pablo Henrique De Andrade Costa | D95: 047.423.371-58 | E95: 0.1003 | F95: SWISS PARK ANAPOLIS | G95: Swiss Park Zurich - Anápolis | H95: =VLOOKUP(B95,Elegibilidade!A:I,9,0) -> Elegível | I95: 46 | J95: 0 | K95: =NPV(0.8%,T95:GH95) -> 61192.739 | L95: =J95+K95 -> 61192.739 | M95: Adimplente | N95: 61192.739 | O95: =NPV((1+12%)^(1/12)-1,T95:GH95) -> 59240.401 | P95: =Vendas!$J$1 -> 885.1292 | Q95: 377.26 | R95: =P95*Q95 -> 333923.84 | S95: =O95/R95 -> 0.17740692 | T95: 1595.28 | U95: 1595.28 | V95: 1595.28 | W95: 1595.28 | X95: 1595.28 | Y95: 1595.28 | Z95: 1595.28 | AA95: 1595.28 | AB95: 1595.28 | AC95: 1595.28 | AD95: 1595.28 | AE95: 1595.28 | AF95: 1595.28 | AG95: 1595.28 | AH95: 1595.28 | AI95: 1595.28 | AJ95: 1595.28 | AK95: 1595.28 | AL95: 1595.28 | AM95: 1595.28 | AN95: 1595.28 | AO95: 1595.28 | AP95: 1595.28 | AQ95: 1595.28 | AR95: 1595.28 | AS95: 1595.28 | AT95: 1595.28 | AU95: 1595.28 | AV95: 1595.28 | AW95: 1595.28 | AX95: 1595.28 | AY95: 1595.28 | AZ95: 1595.28 | BA95: 1595.28 | BB95: 1595.28 | BC95: 1595.28 | BD95: 1595.28 | BE95: 1595.28 | BF95: 1595.28 | BG95: 1595.28 | BH95: 1595.28 | BI95: 1595.28 | BJ95: 1595.28 | BK95: 1595.28 | BL95: 1595.28 | BM95: 1595.36 | BN95: 0 | BO95: 0 | BP95: 0 | BQ95: 0 | BR95: 0 | BS95: 0 | BT95: 0 | BU95: 0 | BV95: 0 | BW95: 0 | BX95: 0 | BY95: 0 | BZ95: 0 | CA95: 0 | CB95: 0 | CC95: 0 | CD95: 0 | CE95: 0 | CF95: 0 | CG95: 0 | CH95: 0 | CI95: 0 | CJ95: 0 | CK95: 0 | CL95: 0 | CM95: 0 | CN95: 0 | CO95: 0 | CP95: 0 | CQ95: 0 | CR95: 0 | CS95: 0 | CT95: 0 | CU95: 0 | CV95: 0 | CW95: 0 | CX95: 0 | CY95: 0 | CZ95: 0 | DA95: 0 | DB95: 0 | DC95: 0 | DD95: 0 | DE95: 0 | DF95: 0 | DG95: 0 | DH95: 0 | DI95: 0 | DJ95: 0 | DK95: 0 | DL95: 0 | DM95: 0 | DN95: 0 | DO95: 0 | DP95: 0 | DQ95: 0 | DR95: 0 | DS95: 0 | DT95: 0 | DU95: 0 | DV95: 0 | DW95: 0 | DX95: 0 | DY95: 0 | DZ95: 0 | EA95: 0 | EB95: 0 | EC95: 0 | ED95: 0 | EE95: 0 | EF95: 0 | EG95: 0 | EH95: 0 | EI95: 0 | EJ95: 0 | EK95: 0 | EL95: 0 | EM95: 0 | EN95: 0 | EO95: 0 | EP95: 0 | EQ95: 0 | ER95: 0 | ES95: 0 | ET95: 0 | EU95: 0 | EV95: 0 | EW95: 0 | EX95: 0 | EY95: 0 | EZ95: 0 | FA95: 0 | FB95: 0 | FC95: 0 | FD95: 0 | FE95: 0 | FF95: 0 | FG95: 0 | FH95: 0 | FI95: 0 | FJ95: 0 | FK95: 0 | FL95: 0 | FM95: 0 | FN95: 0 | FO95: 0 | FP95: 0 | FQ95: 0 | FR95: 0 | FS95: 0 | FT95: 0 | FU95: 0 | FV95: 0 | FW95: 0 | FX95: 0 | FY95: 0 | FZ95: 0 | GA95: 0 | GB95: 0 | GC95: 0 | GD95: 0 | GE95: 0 | GF95: 0 | GG95: 0 | GH95: 0 | GI95: 135671
A96: 135683 | B96: 6356 | C96: Samuel Yohei Kudo Da Silva | D96: 037.301.931-98 | E96: 0 | F96: SWISS PARK ANAPOLIS | G96: Swiss Park Zurich - Anápolis | H96: =VLOOKUP(B96,Elegibilidade!A:I,9,0) -> Elegível | I96: 10 | J96: 0 | K96: =SUM(T96:GH96) -> 32500 | L96: =J96+K96 -> 32500 | M96: Adimplente | N96: 32500 | O96: =NPV((1+12%)^(1/12)-1,T96:GH96) -> 30137.698 | P96: =Vendas!$J$1 -> 885.1292 | Q96: 360 | R96: =P96*Q96 -> 318646.51 | S96: =O96/R96 -> 0.094580349 | T96: 0 | U96: 0 | V96: 0 | W96: 0 | X96: 0 | Y96: 6500 | Z96: 6500 | AA96: 6500 | AB96: 6500 | AC96: 6500 | AD96: 0 | AE96: 0 | AF96: 0 | AG96: 0 | AH96: 0 | AI96: 0 | AJ96: 0 | AK96: 0 | AL96: 0 | AM96: 0 | AN96: 0 | AO96: 0 | AP96: 0 | AQ96: 0 | AR96: 0 | AS96: 0 | AT96: 0 | AU96: 0 | AV96: 0 | AW96: 0 | AX96: 0 | AY96: 0 | AZ96: 0 | BA96: 0 | BB96: 0 | BC96: 0 | BD96: 0 | BE96: 0 | BF96: 0 | BG96: 0 | BH96: 0 | BI96: 0 | BJ96: 0 | BK96: 0 | BL96: 0 | BM96: 0 | BN96: 0 | BO96: 0 | BP96: 0 | BQ96: 0 | BR96: 0 | BS96: 0 | BT96: 0 | BU96: 0 | BV96: 0 | BW96: 0 | BX96: 0 | BY96: 0 | BZ96: 0 | CA96: 0 | CB96: 0 | CC96: 0 | CD96: 0 | CE96: 0 | CF96: 0 | CG96: 0 | CH96: 0 | CI96: 0 | CJ96: 0 | CK96: 0 | CL96: 0 | CM96: 0 | CN96: 0 | CO96: 0 | CP96: 0 | CQ96: 0 | CR96: 0 | CS96: 0 | CT96: 0 | CU96: 0 | CV96: 0 | CW96: 0 | CX96: 0 | CY96: 0 | CZ96: 0 | DA96: 0 | DB96: 0 | DC96: 0 | DD96: 0 | DE96: 0 | DF96: 0 | DG96: 0 | DH96: 0 | DI96: 0 | DJ96: 0 | DK96: 0 | DL96: 0 | DM96: 0 | DN96: 0 | DO96: 0 | DP96: 0 | DQ96: 0 | DR96: 0 | DS96: 0 | DT96: 0 | DU96: 0 | DV96: 0 | DW96: 0 | DX96: 0 | DY96: 0 | DZ96: 0 | EA96: 0 | EB96: 0 | EC96: 0 | ED96: 0 | EE96: 0 | EF96: 0 | EG96: 0 | EH96: 0 | EI96: 0 | EJ96: 0 | EK96: 0 | EL96: 0 | EM96: 0 | EN96: 0 | EO96: 0 | EP96: 0 | EQ96: 0 | ER96: 0 | ES96: 0 | ET96: 0 | EU96: 0 | EV96: 0 | EW96: 0 | EX96: 0 | EY96: 0 | EZ96: 0 | FA96: 0 | FB96: 0 | FC96: 0 | FD96: 0 | FE96: 0 | FF96: 0 | FG96: 0 | FH96: 0 | FI96: 0 | FJ96: 0 | FK96: 0 | FL96: 0 | FM96: 0 | FN96: 0 | FO96: 0 | FP96: 0 | FQ96: 0 | FR96: 0 | FS96: 0 | FT96: 0 | FU96: 0 | FV96: 0 | FW96: 0 | FX96: 0 | FY96: 0 | FZ96: 0 | GA96: 0 | GB96: 0 | GC96: 0 | GD96: 0 | GE96: 0 | GF96: 0 | GG96: 0 | GH96: 0 | GI96: 135683
A97: 135635 | B97: 6428 | C97: Fabio Gonçalves Dos Reis | D97: 907.392.721-87 | E97: 0 | F97: SWISS PARK ANAPOLIS | G97: Swiss Park Zurich - Anápolis | H97: =VLOOKUP(B97,Elegibilidade!A:I,9,0) -> Elegível | I97: 9 | J97: 0 | K97: =SUM(T97:GH97) -> 30000 | L97: =J97+K97 -> 30000 | M97: Adimplente | N97: 30000 | O97: =NPV((1+12%)^(1/12)-1,T97:GH97) -> 28488.178 | P97: =Vendas!$J$1 -> 885.1292 | Q97: 361.26 | R97: =P97*Q97 -> 319761.77 | S97: =O97/R97 -> 0.08909188 | T97: 0 | U97: 3750 | V97: 3750 | W97: 3750 | X97: 3750 | Y97: 3750 | Z97: 3750 | AA97: 3750 | AB97: 3750 | AC97: 0 | AD97: 0 | AE97: 0 | AF97: 0 | AG97: 0 | AH97: 0 | AI97: 0 | AJ97: 0 | AK97: 0 | AL97: 0 | AM97: 0 | AN97: 0 | AO97: 0 | AP97: 0 | AQ97: 0 | AR97: 0 | AS97: 0 | AT97: 0 | AU97: 0 | AV97: 0 | AW97: 0 | AX97: 0 | AY97: 0 | AZ97: 0 | BA97: 0 | BB97: 0 | BC97: 0 | BD97: 0 | BE97: 0 | BF97: 0 | BG97: 0 | BH97: 0 | BI97: 0 | BJ97: 0 | BK97: 0 | BL97: 0 | BM97: 0 | BN97: 0 | BO97: 0 | BP97: 0 | BQ97: 0 | BR97: 0 | BS97: 0 | BT97: 0 | BU97: 0 | BV97: 0 | BW97: 0 | BX97: 0 | BY97: 0 | BZ97: 0 | CA97: 0 | CB97: 0 | CC97: 0 | CD97: 0 | CE97: 0 | CF97: 0 | CG97: 0 | CH97: 0 | CI97: 0 | CJ97: 0 | CK97: 0 | CL97: 0 | CM97: 0 | CN97: 0 | CO97: 0 | CP97: 0 | CQ97: 0 | CR97: 0 | CS97: 0 | CT97: 0 | CU97: 0 | CV97: 0 | CW97: 0 | CX97: 0 | CY97: 0 | CZ97: 0 | DA97: 0 | DB97: 0 | DC97: 0 | DD97: 0 | DE97: 0 | DF97: 0 | DG97: 0 | DH97: 0 | DI97: 0 | DJ97: 0 | DK97: 0 | DL97: 0 | DM97: 0 | DN97: 0 | DO97: 0 | DP97: 0 | DQ97: 0 | DR97: 0 | DS97: 0 | DT97: 0 | DU97: 0 | DV97: 0 | DW97: 0 | DX97: 0 | DY97: 0 | DZ97: 0 | EA97: 0 | EB97: 0 | EC97: 0 | ED97: 0 | EE97: 0 | EF97: 0 | EG97: 0 | EH97: 0 | EI97: 0 | EJ97: 0 | EK97: 0 | EL97: 0 | EM97: 0 | EN97: 0 | EO97: 0 | EP97: 0 | EQ97: 0 | ER97: 0 | ES97: 0 | ET97: 0 | EU97: 0 | EV97: 0 | EW97: 0 | EX97: 0 | EY97: 0 | EZ97: 0 | FA97: 0 | FB97: 0 | FC97: 0 | FD97: 0 | FE97: 0 | FF97: 0 | FG97: 0 | FH97: 0 | FI97: 0 | FJ97: 0 | FK97: 0 | FL97: 0 | FM97: 0 | FN97: 0 | FO97: 0 | FP97: 0 | FQ97: 0 | FR97: 0 | FS97: 0 | FT97: 0 | FU97: 0 | FV97: 0 | FW97: 0 | FX97: 0 | FY97: 0 | FZ97: 0 | GA97: 0 | GB97: 0 | GC97: 0 | GD97: 0 | GE97: 0 | GF97: 0 | GG97: 0 | GH97: 0 | GI97: 135635

Sheet Quitações
A1: No Contrato | B1: Nome do mutuário | C1: CPF | D1: Bloco | E1: Unidade | F1: Carteira | G1: Data da quitação

Sheet Recompra
A1: No Contrato | B1: Nome do mutuário | C1: CPF | D1: Bloco | E1: Unidade | F1: Carteira | G1: Data da de Pgto | H1: Valor Recompra

Sheet Elegibilidade
A4: Contratos | B4: LOTE | C4: UNIDADE | D4: Cliente | E4: Assinaturas | F4: Registro de AF na Matrícula | G4: Registro de CCI na Matrícula | H4: Observações | I4: Elegibilidade | L4: Elegível | M4: =COUNTIF($I:$I,L4) -> 93
A5: 6358 | B5: P | C5: 12 | D5: Alexandre Magno De Carvalho | E5: OK | F5: OK | G5: OK | I5: =IF(AND(E5="OK",F5="OK",G5="OK"),"Elegível","Inelegível") -> Elegível | L5: Inelegível | M5: =COUNTIF($I:$I,L5) -> 5
A6: 6407 | B6: S | C6: 09 | D6: Alysson De Almeida Miclos | E6: OK | F6: OK | G6: OK | I6: =IF(AND(E6="OK",F6="OK",G6="OK"),"Elegível","Inelegível") -> Elegível | L6: Total Carteira | M6: =SUM(M4:M5) -> 98
A7: 6398 | B7: Q | C7: 13 | D7: Ancor Construtora Ltda | E7: OK | F7: OK | G7: OK | I7: =IF(AND(E7="OK",F7="OK",G7="OK"),"Elegível","Inelegível") -> Elegível
A8: 6399 | B8: R | C8: 11 | D8: Ancor Construtora Ltda | E8: OK | F8: OK | G8: OK | I8: =IF(AND(E8="OK",F8="OK",G8="OK"),"Elegível","Inelegível") -> Elegível
A9: 6400 | B9: R | C9: 12 | D9: Ancor Construtora Ltda | E9: OK | F9: OK | G9: OK | I9: =IF(AND(E9="OK",F9="OK",G9="OK"),"Elegível","Inelegível") -> Elegível
A10: 6388 | B10: Q | C10: 24 | D10: Anderson Goncalves Moreira | E10: OK | F10: OK | G10: OK | I10: =IF(AND(E10="OK",F10="OK",G10="OK"),"Elegível","Inelegível") -> Elegível
A11: 6382 | B11: S | C11: 08 | D11: Andreyve Vieira Melo | E11: OK | F11: OK | G11: OK | I11: =IF(AND(E11="OK",F11="OK",G11="OK"),"Elegível","Inelegível") -> Elegível
A12: 6366 | B12: O | C12: 01 | D12: Anna Paula Vieira De Sousa Alves | E12: OK | F12: OK | G12: OK | I12: =IF(AND(E12="OK",F12="OK",G12="OK"),"Elegível","Inelegível") -> Elegível
A13: 6441 | B13: P | C13: 04 | D13: Camilo El Bazi Filho | E13: OK | F13: OK | G13: OK | I13: =IF(AND(E13="OK",F13="OK",G13="OK"),"Elegível","Inelegível") -> Elegível
A14: 6385 | B14: S | C14: 12 | D14: Christian Alexandre Pereira | E14: OK | F14: OK | G14: OK | I14: =IF(AND(E14="OK",F14="OK",G14="OK"),"Elegível","Inelegível") -> Elegível
A15: 6390 | B15: Q | C15: 29 | D15: Clary Merces De Oliveira Machado | E15: OK | F15: OK | G15: OK | I15: =IF(AND(E15="OK",F15="OK",G15="OK"),"Elegível","Inelegível") -> Elegível
A16: 6387 | B16: J | C16: 28 | D16: Claudio Carvalho Machado | E16: OK | F16: OK | G16: OK | I16: =IF(AND(E16="OK",F16="OK",G16="OK"),"Elegível","Inelegível") -> Elegível
A17: 6440 | B17: S | C17: 14 | D17: Cris Imoveis Ltda | E17: OK | F17: OK | G17: OK | I17: =IF(AND(E17="OK",F17="OK",G17="OK"),"Elegível","Inelegível") -> Elegível
A18: 6401 | B18: N | C18: 18 | D18: Daniel Silva Ferreira | E18: OK | F18: OK | G18: OK | I18: =IF(AND(E18="OK",F18="OK",G18="OK"),"Elegível","Inelegível") -> Elegível
... A85: 6374 | B85: N | C85: 07 | D85: Zenith Diagnósticos E Terapias Complementares Ltda | E85: OK | F85: OK | G85: OK | I85: =IF(AND(E85="OK",F85="OK",G85="OK"),"Elegível","Inelegível") -> Elegível
A86: 6473 | B86: 36 | C86: F | D86: Hawa Khaled Abou Chakra | E86: OK | F86: OK | G86: OK | I86: =IF(AND(E86="OK",F86="OK",G86="OK"),"Elegível","Inelegível") -> Elegível
A87: 6474 | B87: 37 | C87: F | D87: Hawa Khaled Abou Chakra | E87: OK | F87: OK | G87: OK | I87: =IF(AND(E87="OK",F87="OK",G87="OK"),"Elegível","Inelegível") -> Elegível
A88: 6485 | B88: 21 | C88: R | D88: Simone De Souza Santos Rabelo | E88: OK | F88: OK | G88: OK | I88: =IF(AND(E88="OK",F88="OK",G88="OK"),"Elegível","Inelegível") -> Elegível
A89: 6484 | B89: 8 | C89: H | D89: Nilza Raquel Silva | E89: OK | F89: OK | G89: OK | I89: =IF(AND(E89="OK",F89="OK",G89="OK"),"Elegível","Inelegível") -> Elegível
A90: 6483 | B90: 14 | C90: J | D90: Debora De Oliveira Canedo | E90: OK | F90: OK | G90: OK | I90: =IF(AND(E90="OK",F90="OK",G90="OK"),"Elegível","Inelegível") -> Elegível
A91: 6487 | B91: 14 | C91: C | D91: Joao Marcos Do Vale | E91: OK | F91: OK | G91: OK | I91: =IF(AND(E91="OK",F91="OK",G91="OK"),"Elegível","Inelegível") -> Elegível
A92: 6488 | B92: 15 | C92: C | D92: Joao Marcos Do Vale | E92: OK | F92: OK | G92: OK | I92: =IF(AND(E92="OK",F92="OK",G92="OK"),"Elegível","Inelegível") -> Elegível
A93: 6492 | B93: 20 | C93: R | D93: Elizabeth De Souza Santos | E93: OK | F93: OK | G93: OK | I93: =IF(AND(E93="OK",F93="OK",G93="OK"),"Elegível","Inelegível") -> Elegível
A94: 6494 | B94: 27 | C94: I | D94: Filipe Junio De Oliveira | E94: OK | F94: OK | G94: OK | I94: =IF(AND(E94="OK",F94="OK",G94="OK"),"Elegível","Inelegível") -> Elegível
A95: 6497 | B95: 11 | C95: I | D95: Moises Elias De Souza Alves | E95: OK | F95: OK | G95: OK | I95: =IF(AND(E95="OK",F95="OK",G95="OK"),"Elegível","Inelegível") -> Elegível
A96: 6498 | B96: 18 | C96: O | D96: Camila Moreira De Queiroz Alencar | E96: OK | F96: OK | G96: OK | I96: =IF(AND(E96="OK",F96="OK",G96="OK"),"Elegível","Inelegível") -> Elegível
A97: 6493 | B97: 11 | C97: G | D97: Joao Paulo Virgilio Marinho Martins | E97: OK | F97: OK | G97: OK | I97: =IF(AND(E97="OK",F97="OK",G97="OK"),"Elegível","Inelegível") -> Elegível
A98: 5406 | B98: 16 | C98: C | D98: Fábio Rodrigues Ribeiro | E98: NOK | F98: NOK | G98: NOK | H98: Proposta Enviada - Aguardando Documentação | I98: =IF(AND(E98="OK",F98="OK",G98="OK"),"Elegível","Inelegível") -> Inelegível
A99: 5412 | B99: 10 | C99: H | D99: João Miguel Ridal Frutuoso | E99: Proposta | F99: NOK | G99: NOK | H99: Proposta Enviada - Aguardando Documentação | I99: =IF(AND(E99="OK",F99="OK",G99="OK"),"Elegível","Inelegível") -> Inelegível
A100: 5413 | B100: 11 | C100: H | D100: João Miguel Ridal Frutuoso | E100: Proposta | F100: NOK | G100: NOK | H100: Proposta Enviada - Aguardando Documentação | I100: =IF(AND(E100="OK",F100="OK",G100="OK"),"Elegível","Inelegível") -> Inelegível
A101: 5416 | B101: Q | C101: 3 | D101: Charles Bronson de Melo | E101: Proposta | F101: NOK | G101: NOK | H101: Proposta Enviada - Aguardando Documentação | I101: =IF(AND(E101="OK",F101="OK",G101="OK"),"Elegível","Inelegível") -> Inelegível
A102: 5420 | B102: 12 | C102: I | D102: Vagner Ricardo de Souza Godoi | E102: Proposta | F102: NOK | G102: NOK | H102: Proposta Enviada - Aguardando Documentação | I102: =IF(AND(E102="OK",F102="OK",G102="OK"),"Elegível","Inelegível") -> Inelegível

Sheet Vendas
A1: Contrato | B1: UND | C1: Nome | D1: Data da venda | E1: Valor de Compra e Venda | F1: M² | G1: R$ m² | I1: Média R$ | J1: =AVERAGE(G2:G31) -> 885.1292
A2: 5412 | B2: 10 | C2: João Miguel Ridal Frutuoso | D2: 45748 | E2: 343067.52 | F2: 360 | G2: =E2/F2 -> 952.96533
A3: 5413 | B3: 11 | C3: João Miguel Ridal Frutuoso | D3: 45748 | E3: 337070.59 | F3: 413.88 | G3: =E3/F3 -> 814.41623
A4: 5416 | B4: Q | C4: Charles Bronson de Melo | D4: 45748 | E4: 330048 | F4: 360 | G4: =E4/F4 -> 916.8
A5: 5420 | B5: 12 | C5: Vagner Ricardo de Souza Godoi | D5: 45766 | E5: 340608.87 | F5: 375.43 | G5: =E5/F5 -> 907.25001
A6: 5406 | B6: 16 | C6: Fábio Rodrigues Ribeiro | D6: 45737 | E6: 292230 | F6: 360 | G6: =E6/F6 -> 811.75
A7: 6498 | B7: 18 | C7: Camila Moreira De Queiroz Alencar | D7: 45716 | E7: 344172.45 | F7: 360.39 | G7: =E7/F7 -> 955
A8: 6497 | B8: 11 | C8: Moises Elias De Souza Alves | D8: 45712 | E8: 341851.8 | F8: 376.8 | G8: =E8/F8 -> 907.25
A9: 6494 | B9: 27 | C9: Filipe Junio De Oliveira | D9: 45701 | E9: 375492.63 | F9: 413.88 | G9: =E9/F9 -> 907.25
A10: 6492 | B10: 20 | C10: Elizabeth De Souza Santos | D10: 45685 | E10: 309420 | F10: 360 | G10: =E10/F10 -> 859.5
A11: 6493 | B11: 11 | C11: Joao Paulo Virgilio Marinho Martins | D11: 45685 | E11: 354235.76 | F11: 390.45 | G11: =E11/F11 -> 907.25
A12: 6487 | B12: 14 | C12: Joao Marcos Do Vale | D12: 45665 | E12: 282680 | F12: 360 | G12: =E12/F12 -> 785.22222
A13: 6488 | B13: 15 | C13: Joao Marcos Do Vale | D13: 45665 | E13: 282680 | F13: 360 | G13: =E13/F13 -> 785.22222
A14: 6483 | B14: 14 | C14: Debora De Oliveira Canedo | D14: 45663 | E14: 328515.22 | F14: 362.1 | G14: =E14/F14 -> 907.25
A15: 6473 | B15: 36 | C15: Hawa Khaled Abou Chakra | D15: 45656 | E15: 332969.82 | F15: 367.01 | G15: =E15/F15 -> 907.24999
A16: 6474 | B16: 37 | C16: Hawa Khaled Abou Chakra | D16: 45656 | E16: 333514.17 | F16: 367.61 | G16: =E16/F16 -> 907.24999
... A18: 6485 | B18: 21 | C18: Simone De Souza Santos Rabelo | D18: 45645 | E18: 309420 | F18: 360 | G18: =E18/F18 -> 859.5
A19: 6475 | B19: 17 | C19: Marcio Gabriel Teixeira | D19: 45625 | E19: 292230 | F19: 360 | G19: =E19/F19 -> 811.75
A20: 6472 | B20: 32 | C20: Paulo Gabriel Fontoura Ferreira | D20: 45617 | E20: 334829.68 | F20: 369.06 | G20: =E20/F20 -> 907.24999
A21: 6466 | B21: 22 | C21: Simone De Souza Santos Rabelo | D21: 45589 | E21: 309420 | F21: 360 | G21: =E21/F21 -> 859.5
A22: 6454 | B22: 09 | C22: Fernando Canedo De Paula Silveira | D22: 45582 | E22: 326610 | F22: 360 | G22: =E22/F22 -> 907.25
A23: 6453 | B23: 09 | C23: Pamella Suelley Gino Ribeiro | D23: 45558 | E23: 341842.73 | F23: 376.79 | G23: =E23/F23 -> 907.25
A24: 6451 | B24: 13 | C24: Thiago Da Costa Moreira | D24: 45544 | E24: 370602.55 | F24: 408.49 | G24: =E24/F24 -> 907.25
A25: 6442 | B25: 16 | C25: Ivan Jose Miranda Junior | D25: 45518 | E25: 329640.22 | F25: 363.34 | G25: =E25/F25 -> 907.25
A26: 6448 | B26: 16 | C26: Guilherme Pansani Silva | D26: 45513 | E26: 341271.16 | F26: 376.16 | G26: =E26/F26 -> 907.25
A27: 6447 | B27: 23 | C27: Gabriel Nascimento Melazo Ribeiro | D27: 45512 | E27: 326610 | F27: 360 | G27: =E27/F27 -> 907.25
A28: 6444 | B28: 14 | C28: Jose Marcos De Oliveira | D28: 45510 | E28: 329549.49 | F28: 363.24 | G28: =E28/F28 -> 907.25
A29: 6445 | B29: 15 | C29: Jose Marcos De Oliveira | D29: 45510 | E29: 330139.2 | F29: 363.89 | G29: =E29/F29 -> 907.25
A30: 6446 | B30: 18 | C30: Eder De Souza Ramos | D30: 45505 | E30: 364868.73 | F30: 402.17 | G30: =E30/F30 -> 907.25
... A99: 6357 | B99: 09 | C99: Ronimiller Ferreira Franca | D99: 45350 | E99: 364102.34 | F99: 448.54 | G99: =E99/F99 -> 811.74999

Sheet Esperado mês
AK1: =SUBTOTAL(9,AK3:AK91) -> 396124.7 | AL1: =SUBTOTAL(9,AL3:AL91) -> 139517.18 | AM1: =SUBTOTAL(9,AM3:AM91) -> 535641.88
